Workbook

Sheet BASE
A1: N° | B1: DATE | C1: CLIENT | D1: PRESTATION | E1: OBJET | F1: N° DEVIS | G1: N° AVOIR | H1: N° FACTURE | I1: DATE FACTURE | J1: MONTANT FACTURE | K1: ENVOI FACTURE | L1: ECHEANCE | M1: DATE PAIEMENT | N1: MODE PAIEMENT | O1: DEBIT | P1: CREDIT
A2: 1 | B2: 41354 | C2: XXX | D2: BASE DE DONNEES | H2: 2013FA001 | I2: 41354 | J2: 226.89 | K2: 41355 | L2: 41364 | M2: 41376 | N2: VIREMENT | P2: 226.89
A3: 2 | B3: 41361 | E3: APPORT PERSONNEL | P3: 80
A4: 3 | B4: 41361 | E4: LA POSTE MAILING CHQ N° | O4: 46.4
A5: 4 | B5: 41365 | C5: YYY | D5: SECRETARIAT MARS 2013 | E5: YYY 2013FA002 CHQ N° | H5: 2013FA002 | I5: 41365 | J5: 295.35 | K5: 41365 | L5: 41394 | M5: 41396 | N5: CHEQUE | P5: 295.35
A6: 5 | B6: 41365 | C6: XXX | D6: BASE DE DONNEES | E6: XXX 2013FA003 VRT | H6: 2013FA003 | I6: 41365 | J6: 866.12 | K6: 41366 | L6: 41394 | M6: 41388 | N6: VIREMENT | P6: 866.12
A7: 6 | C7: ZZZ | E7: REMPLACEMENT CONGES | F7: 2013DE001
A8: 7 | B8: 41417 | C8: XXX | D8: BASE DE DONNEES | H8: 2013FA004 | I8: 41396 | J8: 878.83 | K8: 41396 | L8: 41425 | M8: 41417 | N8: VIREMENT | P8: 878.83
A9: 8 | B9: 41401 | C9: YYY | D9: SECRETARIAT AVRIL 2013 | E9: YYY 2013FA005 CHQ N° | H9: 2013FA005 | I9: 41396 | J9: 364.65 | K9: 41396 | L9: 41425 | M9: 41397 | N9: CHEQUE | P9: 364.65
A10: 9 | C10: XXX | E10: BASE DE DONNEES FICHIER Allemagne | F10: 2013DE002
A11: 10 | B11: 41401 | E11: REMUNERATION AVRIL 2013 | O11: 650
A12: 11 | B12: 41418 | E12: LA POSTE MAILING+TIMBRES CHQ N° | O12: 131.84
A13: 12 | B13: 41279
A14: 13 | B14: 41313

Sheet COMPTE CLIENT
A1: XXX | K1: YYY | U1: ZZZ
B2: DATE | C2: PRESTATION | D2: DEVIS | E2: FACTURE | F2: AVOIR | G2: MONTANT | H2: ECHEANCE | I2: PAYE LE | J2: RESTE DU | L2: DATE | M2: PRESTATION | N2: DEVIS | O2: FACTURE | P2: AVOIR | Q2: MONTANT | R2: ECHEANCE | S2: PAYE LE | T2: RESTE DU | V2: DATE | W2: PRESTATION | X2: DEVIS | Y2: FACTURE | Z2: AVOIR | AA2: MONTANT | AB2: ECHEANCE | AC2: PAYE LE | AD2: RESTE DU
A3: {=INDEX([1]Base!$A$2:$A$65536,SMALL(IF(([1]Base!$C$2:$C$65536="XXX")*1=1,ROW([1]Base!$A$2:$A$65536)-MIN(ROW([1]Base!$A$2:$A$65536))+1),ROWS([1]Base!$A$2:$A2)))} -> 1 | B3: =IF(ISERROR($A3),"",IF(ISBLANK(VLOOKUP('[1]cpte client'!$A3,[1]Base!$A$2:$P$65536,2,FALSE)),"",VLOOKUP('[1]cpte client'!$A3,[1]Base!$A$2:$P$65536,2,FALSE))) -> 41354 | C3: =IF(ISERROR($A3),"",IF(ISBLANK(VLOOKUP('[1]cpte client'!$A3,[1]Base!$A$2:$P$65536,4,FALSE)),"",VLOOKUP('[1]cpte client'!$A3,[1]Base!$A$2:$P$65536,4,FALSE))) -> BASE DE DONNEES | D3: =IF(ISERROR($A3),"",IF(ISBLANK(VLOOKUP('[1]cpte client'!$A3,[1]Base!$A$2:$P$65536,6,FALSE)),"",VLOOKUP('[1]cpte client'!$A3,[1]Base!$A$2:$P$65536,6,FALSE))) | E3: =IF(ISERROR($A3),"",IF(ISBLANK(VLOOKUP('[1]cpte client'!$A3,[1]Base!$A$2:$P$65536,8,FALSE)),"",VLOOKUP('[1]cpte client'!$A3,[1]Base!$A$2:$P$65536,8,FALSE))) -> 2013FA001 | F3: =IF(ISERROR($A3),"",IF(ISBLANK(VLOOKUP('[1]cpte client'!$A3,[1]Base!$A$2:$P$65536,7,FALSE)),"",VLOOKUP('[1]cpte client'!$A3,[1]Base!$A$2:$P$65536,7,FALSE))) | G3: =IF(ISERROR($A3),"",IF(ISBLANK(VLOOKUP('[1]cpte client'!$A3,[1]Base!$A$2:$P$65536,10,FALSE)),"",VLOOKUP('[1]cpte client'!$A3,[1]Base!$A$2:$P$65536,10,FALSE))) -> 226.89 | H3: =IF(ISERROR($A3),"",IF(ISBLANK(VLOOKUP('[1]cpte client'!$A3,[1]Base!$A$2:$P$65536,12,FALSE)),"",VLOOKUP('[1]cpte client'!$A3,[1]Base!$A$2:$P$65536,12,FALSE))) -> 41364 | I3: =IF(ISERROR($A3),"",IF(ISBLANK(VLOOKUP('[1]cpte client'!$A3,[1]Base!$A$2:$P$65536,13,FALSE)),"",VLOOKUP('[1]cpte client'!$A3,[1]Base!$A$2:$P$65536,13,FALSE))) -> 41376 | J3: =IF(I3>0,0,G3) -> 0 | K3: {=INDEX([1]Base!$A$2:$A$65536,SMALL(IF(([1]Base!$C$2:$C$65536="YYY")*1=1,ROW([1]Base!$A$2:$A$65536)-MIN(ROW([1]Base!$A$2:$A$65536))+1),ROWS([1]Base!$A$2:$A2)))} -> 4 | L3: =IF(ISERROR($K3),"",IF(ISBLANK(VLOOKUP('[1]cpte client'!$K3,[1]Base!$A$2:$P$65536,2,FALSE)),"",VLOOKUP('[1]cpte client'!$K3,[1]Base!$A$2:$P$65536,2,FALSE))) -> 41365 | M3: =IF(ISERROR($K3),"",IF(ISBLANK(VLOOKUP('[1]cpte client'!$K3,[1]Base!$A$2:$P$65536,4,FALSE)),"",VLOOKUP('[1]cpte client'!$K3,[1]Base!$A$2:$P$65536,4,FALSE))) -> SECRETARIAT MARS 2013 | N3: =IF(ISERROR($K3),"",IF(ISBLANK(VLOOKUP('[1]cpte client'!$K3,[1]Base!$A$2:$P$65536,6,FALSE)),"",VLOOKUP('[1]cpte client'!$K3,[1]Base!$A$2:$P$65536,6,FALSE))) | O3: =IF(ISERROR($K3),"",IF(ISBLANK(VLOOKUP('[1]cpte client'!$K3,[1]Base!$A$2:$P$65536,8,FALSE)),"",VLOOKUP('[1]cpte client'!$K3,[1]Base!$A$2:$P$65536,8,FALSE))) -> 2013FA002 | P3: =IF(ISERROR($K3),"",IF(ISBLANK(VLOOKUP('[1]cpte client'!$K3,[1]Base!$A$2:$P$65536,7,FALSE)),"",VLOOKUP('[1]cpte client'!$K3,[1]Base!$A$2:$P$65536,7,FALSE))) | Q3: =IF(ISERROR($K3),"",IF(ISBLANK(VLOOKUP('[1]cpte client'!$K3,[1]Base!$A$2:$P$65536,10,FALSE)),"",VLOOKUP('[1]cpte client'!$K3,[1]Base!$A$2:$P$65536,10,FALSE))) -> 295.35 | R3: =IF(ISERROR($K3),"",IF(ISBLANK(VLOOKUP('[1]cpte client'!$K3,[1]Base!$A$2:$P$65536,12,FALSE)),"",VLOOKUP('[1]cpte client'!$K3,[1]Base!$A$2:$P$65536,12,FALSE))) -> 41394 | S3: =IF(ISERROR($K3),"",IF(ISBLANK(VLOOKUP('[1]cpte client'!$K3,[1]Base!$A$2:$P$65536,13,FALSE)),"",VLOOKUP('[1]cpte client'!$K3,[1]Base!$A$2:$P$65536,13,FALSE))) -> 41396 | T3: =IF(S3>0,0,Q3) -> 0 | U3: {=INDEX([1]Base!$A$2:$A$65536,SMALL(IF(([1]Base!$C$2:$C$65536="ZZZ")*1=1,ROW([1]Base!$A$2:$A$65536)-MIN(ROW([1]Base!$A$2:$A$65536))+1),ROWS([1]Base!$A$2:$A2)))} -> 6 | V3: =IF(ISERROR($U3),"",IF(ISBLANK(VLOOKUP('[1]cpte client'!$U3,[1]Base!$A$2:$P$65536,2,FALSE)),"",VLOOKUP('[1]cpte client'!$U3,[1]Base!$A$2:$P$65536,2,FALSE))) | W3: =IF(ISERROR($U3),"",IF(ISBLANK(VLOOKUP('[1]cpte client'!$U3,[1]Base!$A$2:$P$65536,4,FALSE)),"",VLOOKUP('[1]cpte client'!$U3,[1]Base!$A$2:$P$65536,4,FALSE))) | X3: =IF(ISERROR($U3),"",IF(ISBLANK(VLOOKUP('[1]cpte client'!$U3,[1]Base!$A$2:$P$65536,6,FALSE)),"",VLOOKUP('[1]cpte client'!$U3,[1]Base!$A$2:$P$65536,6,FALSE))) -> 2013DE001 | Y3: =IF(ISERROR($U3),"",IF(ISBLANK(VLOOKUP('[1]cpte client'!$U3,[1]Base!$A$2:$P$65536,8,FALSE)),"",VLOOKUP('[1]cpte client'!$U3,[1]Base!$A$2:$P$65536,8,FALSE))) | Z3: =IF(ISERROR($U3),"",IF(ISBLANK(VLOOKUP('[1]cpte client'!$U3,[1]Base!$A$2:$P$65536,7,FALSE)),"",VLOOKUP('[1]cpte client'!$U3,[1]Base!$A$2:$P$65536,7,FALSE))) | AA3: =IF(ISERROR($U3),"",IF(ISBLANK(VLOOKUP('[1]cpte client'!$U3,[1]Base!$A$2:$P$65536,10,FALSE)),"",VLOOKUP('[1]cpte client'!$U3,[1]Base!$A$2:$P$65536,10,FALSE))) | AB3: =IF(ISERROR($U3),"",IF(ISBLANK(VLOOKUP('[1]cpte client'!$U3,[1]Base!$A$2:$P$65536,12,FALSE)),"",VLOOKUP('[1]cpte client'!$U3,[1]Base!$A$2:$P$65536,12,FALSE))) | AC3: =IF(ISERROR($U3),"",IF(ISBLANK(VLOOKUP('[1]cpte client'!$U3,[1]Base!$A$2:$P$65536,13,FALSE)),"",VLOOKUP('[1]cpte client'!$U3,[1]Base!$A$2:$P$65536,13,FALSE))) | AD3: =IF(AC3>0,0,AA3) -> 0
A4: {=INDEX([1]Base!$A$2:$A$65536,SMALL(IF(([1]Base!$C$2:$C$65536="XXX")*1=1,ROW([1]Base!$A$2:$A$65536)-MIN(ROW([1]Base!$A$2:$A$65536))+1),ROWS([1]Base!$A$2:$A3)))} -> 5 | B4: =IF(ISERROR($A4),"",IF(ISBLANK(VLOOKUP('[1]cpte client'!$A4,[1]Base!$A$2:$P$65536,2,FALSE)),"",VLOOKUP('[1]cpte client'!$A4,[1]Base!$A$2:$P$65536,2,FALSE))) -> 41365 | C4: =IF(ISERROR($A4),"",IF(ISBLANK(VLOOKUP('[1]cpte client'!$A4,[1]Base!$A$2:$P$65536,4,FALSE)),"",VLOOKUP('[1]cpte client'!$A4,[1]Base!$A$2:$P$65536,4,FALSE))) -> BASE DE DONNEES | D4: =IF(ISERROR($A4),"",IF(ISBLANK(VLOOKUP('[1]cpte client'!$A4,[1]Base!$A$2:$P$65536,6,FALSE)),"",VLOOKUP('[1]cpte client'!$A4,[1]Base!$A$2:$P$65536,6,FALSE))) | E4: =IF(ISERROR($A4),"",IF(ISBLANK(VLOOKUP('[1]cpte client'!$A4,[1]Base!$A$2:$P$65536,8,FALSE)),"",VLOOKUP('[1]cpte client'!$A4,[1]Base!$A$2:$P$65536,8,FALSE))) -> 2013FA003 | F4: =IF(ISERROR($A4),"",IF(ISBLANK(VLOOKUP('[1]cpte client'!$A4,[1]Base!$A$2:$P$65536,7,FALSE)),"",VLOOKUP('[1]cpte client'!$A4,[1]Base!$A$2:$P$65536,7,FALSE))) | G4: =IF(ISERROR($A4),"",IF(ISBLANK(VLOOKUP('[1]cpte client'!$A4,[1]Base!$A$2:$P$65536,10,FALSE)),"",VLOOKUP('[1]cpte client'!$A4,[1]Base!$A$2:$P$65536,10,FALSE))) -> 866.12 | H4: =IF(ISERROR($A4),"",IF(ISBLANK(VLOOKUP('[1]cpte client'!$A4,[1]Base!$A$2:$P$65536,12,FALSE)),"",VLOOKUP('[1]cpte client'!$A4,[1]Base!$A$2:$P$65536,12,FALSE))) -> 41394 | I4: =IF(ISERROR($A4),"",IF(ISBLANK(VLOOKUP('[1]cpte client'!$A4,[1]Base!$A$2:$P$65536,13,FALSE)),"",VLOOKUP('[1]cpte client'!$A4,[1]Base!$A$2:$P$65536,13,FALSE))) -> 41388 | J4: =IF(ISBLANK(I4),J3+G4,IF(ISNUMBER(F4),J3-F4,J3)) -> 0 | K4: {=INDEX([1]Base!$A$2:$A$65536,SMALL(IF(([1]Base!$C$2:$C$65536="YYY")*1=1,ROW([1]Base!$A$2:$A$65536)-MIN(ROW([1]Base!$A$2:$A$65536))+1),ROWS([1]Base!$A$2:$A3)))} -> 8 | L4: =IF(ISERROR($K4),"",IF(ISBLANK(VLOOKUP('[1]cpte client'!$K4,[1]Base!$A$2:$P$65536,2,FALSE)),"",VLOOKUP('[1]cpte client'!$K4,[1]Base!$A$2:$P$65536,2,FALSE))) -> 41401 | M4: =IF(ISERROR($K4),"",IF(ISBLANK(VLOOKUP('[1]cpte client'!$K4,[1]Base!$A$2:$P$65536,4,FALSE)),"",VLOOKUP('[1]cpte client'!$K4,[1]Base!$A$2:$P$65536,4,FALSE))) -> SECRETARIAT AVRIL 2013 | N4: =IF(ISERROR($K4),"",IF(ISBLANK(VLOOKUP('[1]cpte client'!$K4,[1]Base!$A$2:$P$65536,6,FALSE)),"",VLOOKUP('[1]cpte client'!$K4,[1]Base!$A$2:$P$65536,6,FALSE))) | O4: =IF(ISERROR($K4),"",IF(ISBLANK(VLOOKUP('[1]cpte client'!$K4,[1]Base!$A$2:$P$65536,8,FALSE)),"",VLOOKUP('[1]cpte client'!$K4,[1]Base!$A$2:$P$65536,8,FALSE))) -> 2013FA005 | P4: =IF(ISERROR($K4),"",IF(ISBLANK(VLOOKUP('[1]cpte client'!$K4,[1]Base!$A$2:$P$65536,7,FALSE)),"",VLOOKUP('[1]cpte client'!$K4,[1]Base!$A$2:$P$65536,7,FALSE))) | Q4: =IF(ISERROR($K4),"",IF(ISBLANK(VLOOKUP('[1]cpte client'!$K4,[1]Base!$A$2:$P$65536,10,FALSE)),"",VLOOKUP('[1]cpte client'!$K4,[1]Base!$A$2:$P$65536,10,FALSE))) -> 364.65 | R4: =IF(ISERROR($K4),"",IF(ISBLANK(VLOOKUP('[1]cpte client'!$K4,[1]Base!$A$2:$P$65536,12,FALSE)),"",VLOOKUP('[1]cpte client'!$K4,[1]Base!$A$2:$P$65536,12,FALSE))) -> 41425 | S4: =IF(ISERROR($K4),"",IF(ISBLANK(VLOOKUP('[1]cpte client'!$K4,[1]Base!$A$2:$P$65536,13,FALSE)),"",VLOOKUP('[1]cpte client'!$K4,[1]Base!$A$2:$P$65536,13,FALSE))) -> 41397 | T4: =IF(ISERROR(K4),"",IF(S4>0,T3-P4,T3+Q4)) -> #VALUE! | U4: {=INDEX([1]Base!$A$2:$A$65536,SMALL(IF(([1]Base!$C$2:$C$65536="ZZZ")*1=1,ROW([1]Base!$A$2:$A$65536)-MIN(ROW([1]Base!$A$2:$A$65536))+1),ROWS([1]Base!$A$2:$A3)))} -> #NUM! | V4: =IF(ISERROR($U4),"",IF(ISBLANK(VLOOKUP('[1]cpte client'!$U4,[1]Base!$A$2:$P$65536,2,FALSE)),"",VLOOKUP('[1]cpte client'!$U4,[1]Base!$A$2:$P$65536,2,FALSE))) | W4: =IF(ISERROR($U4),"",IF(ISBLANK(VLOOKUP('[1]cpte client'!$U4,[1]Base!$A$2:$P$65536,4,FALSE)),"",VLOOKUP('[1]cpte client'!$U4,[1]Base!$A$2:$P$65536,4,FALSE))) | X4: =IF(ISERROR($U4),"",IF(ISBLANK(VLOOKUP('[1]cpte client'!$U4,[1]Base!$A$2:$P$65536,6,FALSE)),"",VLOOKUP('[1]cpte client'!$U4,[1]Base!$A$2:$P$65536,6,FALSE))) | Y4: =IF(ISERROR($U4),"",IF(ISBLANK(VLOOKUP('[1]cpte client'!$U4,[1]Base!$A$2:$P$65536,8,FALSE)),"",VLOOKUP('[1]cpte client'!$U4,[1]Base!$A$2:$P$65536,8,FALSE))) | Z4: =IF(ISERROR($U4),"",IF(ISBLANK(VLOOKUP('[1]cpte client'!$U4,[1]Base!$A$2:$P$65536,7,FALSE)),"",VLOOKUP('[1]cpte client'!$U4,[1]Base!$A$2:$P$65536,7,FALSE))) | AA4: =IF(ISERROR($U4),"",IF(ISBLANK(VLOOKUP('[1]cpte client'!$U4,[1]Base!$A$2:$P$65536,10,FALSE)),"",VLOOKUP('[1]cpte client'!$U4,[1]Base!$A$2:$P$65536,10,FALSE))) | AB4: =IF(ISERROR($U4),"",IF(ISBLANK(VLOOKUP('[1]cpte client'!$U4,[1]Base!$A$2:$P$65536,12,FALSE)),"",VLOOKUP('[1]cpte client'!$U4,[1]Base!$A$2:$P$65536,12,FALSE))) | AC4: =IF(ISERROR($U4),"",IF(ISBLANK(VLOOKUP('[1]cpte client'!$U4,[1]Base!$A$2:$P$65536,13,FALSE)),"",VLOOKUP('[1]cpte client'!$U4,[1]Base!$A$2:$P$65536,13,FALSE))) | AD4: =IF(AC4>0,0,AA4) -> 0
A5: {=INDEX([1]Base!$A$2:$A$65536,SMALL(IF(([1]Base!$C$2:$C$65536="XXX")*1=1,ROW([1]Base!$A$2:$A$65536)-MIN(ROW([1]Base!$A$2:$A$65536))+1),ROWS([1]Base!$A$2:$A4)))} -> 7 | B5: =IF(ISERROR($A5),"",IF(ISBLANK(VLOOKUP('[1]cpte client'!$A5,[1]Base!$A$2:$P$65536,2,FALSE)),"",VLOOKUP('[1]cpte client'!$A5,[1]Base!$A$2:$P$65536,2,FALSE))) -> 41417 | C5: =IF(ISERROR($A5),"",IF(ISBLANK(VLOOKUP('[1]cpte client'!$A5,[1]Base!$A$2:$P$65536,4,FALSE)),"",VLOOKUP('[1]cpte client'!$A5,[1]Base!$A$2:$P$65536,4,FALSE))) -> BASE DE DONNEES | D5: =IF(ISERROR($A5),"",IF(ISBLANK(VLOOKUP('[1]cpte client'!$A5,[1]Base!$A$2:$P$65536,6,FALSE)),"",VLOOKUP('[1]cpte client'!$A5,[1]Base!$A$2:$P$65536,6,FALSE))) | E5: =IF(ISERROR($A5),"",IF(ISBLANK(VLOOKUP('[1]cpte client'!$A5,[1]Base!$A$2:$P$65536,8,FALSE)),"",VLOOKUP('[1]cpte client'!$A5,[1]Base!$A$2:$P$65536,8,FALSE))) -> 2013FA004 | F5: =IF(ISERROR($A5),"",IF(ISBLANK(VLOOKUP('[1]cpte client'!$A5,[1]Base!$A$2:$P$65536,7,FALSE)),"",VLOOKUP('[1]cpte client'!$A5,[1]Base!$A$2:$P$65536,7,FALSE))) | G5: =IF(ISERROR($A5),"",IF(ISBLANK(VLOOKUP('[1]cpte client'!$A5,[1]Base!$A$2:$P$65536,10,FALSE)),"",VLOOKUP('[1]cpte client'!$A5,[1]Base!$A$2:$P$65536,10,FALSE))) -> 878.83 | H5: =IF(ISERROR($A5),"",IF(ISBLANK(VLOOKUP('[1]cpte client'!$A5,[1]Base!$A$2:$P$65536,12,FALSE)),"",VLOOKUP('[1]cpte client'!$A5,[1]Base!$A$2:$P$65536,12,FALSE))) -> 41425 | I5: =IF(ISERROR($A5),"",IF(ISBLANK(VLOOKUP('[1]cpte client'!$A5,[1]Base!$A$2:$P$65536,13,FALSE)),"",VLOOKUP('[1]cpte client'!$A5,[1]Base!$A$2:$P$65536,13,FALSE))) -> 41417 | J5: =IF(ISBLANK(I5),J4+G5,IFERROR(J4-F5,0)) -> 0 | K5: {=INDEX([1]Base!$A$2:$A$65536,SMALL(IF(([1]Base!$C$2:$C$65536="YYY")*1=1,ROW([1]Base!$A$2:$A$65536)-MIN(ROW([1]Base!$A$2:$A$65536))+1),ROWS([1]Base!$A$2:$A4)))} -> #NUM! | L5: =IF(ISERROR($K5),"",IF(ISBLANK(VLOOKUP('[1]cpte client'!$K5,[1]Base!$A$2:$P$65536,2,FALSE)),"",VLOOKUP('[1]cpte client'!$K5,[1]Base!$A$2:$P$65536,2,FALSE))) | M5: =IF(ISERROR($K5),"",IF(ISBLANK(VLOOKUP('[1]cpte client'!$K5,[1]Base!$A$2:$P$65536,4,FALSE)),"",VLOOKUP('[1]cpte client'!$K5,[1]Base!$A$2:$P$65536,4,FALSE))) | N5: =IF(ISERROR($K5),"",IF(ISBLANK(VLOOKUP('[1]cpte client'!$K5,[1]Base!$A$2:$P$65536,6,FALSE)),"",VLOOKUP('[1]cpte client'!$K5,[1]Base!$A$2:$P$65536,6,FALSE))) | O5: =IF(ISERROR($K5),"",IF(ISBLANK(VLOOKUP('[1]cpte client'!$K5,[1]Base!$A$2:$P$65536,8,FALSE)),"",VLOOKUP('[1]cpte client'!$K5,[1]Base!$A$2:$P$65536,8,FALSE))) | P5: =IF(ISERROR($K5),"",IF(ISBLANK(VLOOKUP('[1]cpte client'!$K5,[1]Base!$A$2:$P$65536,7,FALSE)),"",VLOOKUP('[1]cpte client'!$K5,[1]Base!$A$2:$P$65536,7,FALSE))) | Q5: =IF(ISERROR($K5),"",IF(ISBLANK(VLOOKUP('[1]cpte client'!$K5,[1]Base!$A$2:$P$65536,10,FALSE)),"",VLOOKUP('[1]cpte client'!$K5,[1]Base!$A$2:$P$65536,10,FALSE))) | R5: =IF(ISERROR($K5),"",IF(ISBLANK(VLOOKUP('[1]cpte client'!$K5,[1]Base!$A$2:$P$65536,12,FALSE)),"",VLOOKUP('[1]cpte client'!$K5,[1]Base!$A$2:$P$65536,12,FALSE))) | S5: =IF(ISERROR($K5),"",IF(ISBLANK(VLOOKUP('[1]cpte client'!$K5,[1]Base!$A$2:$P$65536,13,FALSE)),"",VLOOKUP('[1]cpte client'!$K5,[1]Base!$A$2:$P$65536,13,FALSE))) | T5: =IF(ISERROR(K5),"",IF(S5>0,T4-P5,T4+Q5)) | U5: {=INDEX([1]Base!$A$2:$A$65536,SMALL(IF(([1]Base!$C$2:$C$65536="ZZZ")*1=1,ROW([1]Base!$A$2:$A$65536)-MIN(ROW([1]Base!$A$2:$A$65536))+1),ROWS([1]Base!$A$2:$A4)))} -> #NUM! | V5: =IF(ISERROR($U5),"",IF(ISBLANK(VLOOKUP('[1]cpte client'!$U5,[1]Base!$A$2:$P$65536,2,FALSE)),"",VLOOKUP('[1]cpte client'!$U5,[1]Base!$A$2:$P$65536,2,FALSE))) | W5: =IF(ISERROR($U5),"",IF(ISBLANK(VLOOKUP('[1]cpte client'!$U5,[1]Base!$A$2:$P$65536,4,FALSE)),"",VLOOKUP('[1]cpte client'!$U5,[1]Base!$A$2:$P$65536,4,FALSE))) | X5: =IF(ISERROR($U5),"",IF(ISBLANK(VLOOKUP('[1]cpte client'!$U5,[1]Base!$A$2:$P$65536,6,FALSE)),"",VLOOKUP('[1]cpte client'!$U5,[1]Base!$A$2:$P$65536,6,FALSE))) | Y5: =IF(ISERROR($U5),"",IF(ISBLANK(VLOOKUP('[1]cpte client'!$U5,[1]Base!$A$2:$P$65536,8,FALSE)),"",VLOOKUP('[1]cpte client'!$U5,[1]Base!$A$2:$P$65536,8,FALSE))) | Z5: =IF(ISERROR($U5),"",IF(ISBLANK(VLOOKUP('[1]cpte client'!$U5,[1]Base!$A$2:$P$65536,7,FALSE)),"",VLOOKUP('[1]cpte client'!$U5,[1]Base!$A$2:$P$65536,7,FALSE))) | AA5: =IF(ISERROR($U5),"",IF(ISBLANK(VLOOKUP('[1]cpte client'!$U5,[1]Base!$A$2:$P$65536,10,FALSE)),"",VLOOKUP('[1]cpte client'!$U5,[1]Base!$A$2:$P$65536,10,FALSE))) | AB5: =IF(ISERROR($U5),"",IF(ISBLANK(VLOOKUP('[1]cpte client'!$U5,[1]Base!$A$2:$P$65536,12,FALSE)),"",VLOOKUP('[1]cpte client'!$U5,[1]Base!$A$2:$P$65536,12,FALSE))) | AC5: =IF(ISERROR($U5),"",IF(ISBLANK(VLOOKUP('[1]cpte client'!$U5,[1]Base!$A$2:$P$65536,13,FALSE)),"",VLOOKUP('[1]cpte client'!$U5,[1]Base!$A$2:$P$65536,13,FALSE))) | AD5: =IF(AC5>0,0,AA5) -> 0
A6: {=INDEX([1]Base!$A$2:$A$65536,SMALL(IF(([1]Base!$C$2:$C$65536="XXX")*1=1,ROW([1]Base!$A$2:$A$65536)-MIN(ROW([1]Base!$A$2:$A$65536))+1),ROWS([1]Base!$A$2:$A5)))} -> 9 | B6: =IF(ISERROR($A6),"",IF(ISBLANK(VLOOKUP('[1]cpte client'!$A6,[1]Base!$A$2:$P$65536,2,FALSE)),"",VLOOKUP('[1]cpte client'!$A6,[1]Base!$A$2:$P$65536,2,FALSE))) | C6: =IF(ISERROR($A6),"",IF(ISBLANK(VLOOKUP('[1]cpte client'!$A6,[1]Base!$A$2:$P$65536,4,FALSE)),"",VLOOKUP('[1]cpte client'!$A6,[1]Base!$A$2:$P$65536,4,FALSE))) | D6: =IF(ISERROR($A6),"",IF(ISBLANK(VLOOKUP('[1]cpte client'!$A6,[1]Base!$A$2:$P$65536,6,FALSE)),"",VLOOKUP('[1]cpte client'!$A6,[1]Base!$A$2:$P$65536,6,FALSE))) -> 2013DE002 | E6: =IF(ISERROR($A6),"",IF(ISBLANK(VLOOKUP('[1]cpte client'!$A6,[1]Base!$A$2:$P$65536,8,FALSE)),"",VLOOKUP('[1]cpte client'!$A6,[1]Base!$A$2:$P$65536,8,FALSE))) | F6: =IF(ISERROR($A6),"",IF(ISBLANK(VLOOKUP('[1]cpte client'!$A6,[1]Base!$A$2:$P$65536,7,FALSE)),"",VLOOKUP('[1]cpte client'!$A6,[1]Base!$A$2:$P$65536,7,FALSE))) | G6: =IF(ISERROR($A6),"",IF(ISBLANK(VLOOKUP('[1]cpte client'!$A6,[1]Base!$A$2:$P$65536,10,FALSE)),"",VLOOKUP('[1]cpte client'!$A6,[1]Base!$A$2:$P$65536,10,FALSE))) | H6: =IF(ISERROR($A6),"",IF(ISBLANK(VLOOKUP('[1]cpte client'!$A6,[1]Base!$A$2:$P$65536,12,FALSE)),"",VLOOKUP('[1]cpte client'!$A6,[1]Base!$A$2:$P$65536,12,FALSE))) | I6: =IF(ISERROR($A6),"",IF(ISBLANK(VLOOKUP('[1]cpte client'!$A6,[1]Base!$A$2:$P$65536,13,FALSE)),"",VLOOKUP('[1]cpte client'!$A6,[1]Base!$A$2:$P$65536,13,FALSE))) | J6: =IF(ISBLANK(I6),J5+G6,IFERROR(J5-F6,0)) -> 0 | K6: {=INDEX([1]Base!$A$2:$A$65536,SMALL(IF(([1]Base!$C$2:$C$65536="YYY")*1=1,ROW([1]Base!$A$2:$A$65536)-MIN(ROW([1]Base!$A$2:$A$65536))+1),ROWS([1]Base!$A$2:$A5)))} -> #NUM! | L6: =IF(ISERROR($K6),"",IF(ISBLANK(VLOOKUP('[1]cpte client'!$K6,[1]Base!$A$2:$P$65536,2,FALSE)),"",VLOOKUP('[1]cpte client'!$K6,[1]Base!$A$2:$P$65536,2,FALSE))) | M6: =IF(ISERROR($K6),"",IF(ISBLANK(VLOOKUP('[1]cpte client'!$K6,[1]Base!$A$2:$P$65536,4,FALSE)),"",VLOOKUP('[1]cpte client'!$K6,[1]Base!$A$2:$P$65536,4,FALSE))) | N6: =IF(ISERROR($K6),"",IF(ISBLANK(VLOOKUP('[1]cpte client'!$K6,[1]Base!$A$2:$P$65536,6,FALSE)),"",VLOOKUP('[1]cpte client'!$K6,[1]Base!$A$2:$P$65536,6,FALSE))) | O6: =IF(ISERROR($K6),"",IF(ISBLANK(VLOOKUP('[1]cpte client'!$K6,[1]Base!$A$2:$P$65536,8,FALSE)),"",VLOOKUP('[1]cpte client'!$K6,[1]Base!$A$2:$P$65536,8,FALSE))) | P6: =IF(ISERROR($K6),"",IF(ISBLANK(VLOOKUP('[1]cpte client'!$K6,[1]Base!$A$2:$P$65536,7,FALSE)),"",VLOOKUP('[1]cpte client'!$K6,[1]Base!$A$2:$P$65536,7,FALSE))) | Q6: =IF(ISERROR($K6),"",IF(ISBLANK(VLOOKUP('[1]cpte client'!$K6,[1]Base!$A$2:$P$65536,10,FALSE)),"",VLOOKUP('[1]cpte client'!$K6,[1]Base!$A$2:$P$65536,10,FALSE))) | R6: =IF(ISERROR($K6),"",IF(ISBLANK(VLOOKUP('[1]cpte client'!$K6,[1]Base!$A$2:$P$65536,12,FALSE)),"",VLOOKUP('[1]cpte client'!$K6,[1]Base!$A$2:$P$65536,12,FALSE))) | S6: =IF(ISERROR($K6),"",IF(ISBLANK(VLOOKUP('[1]cpte client'!$K6,[1]Base!$A$2:$P$65536,13,FALSE)),"",VLOOKUP('[1]cpte client'!$K6,[1]Base!$A$2:$P$65536,13,FALSE))) | T6: =IF(ISERROR(K6),"",IF(S6>0,T5-P6,T5+Q6)) | U6: {=INDEX([1]Base!$A$2:$A$65536,SMALL(IF(([1]Base!$C$2:$C$65536="ZZZ")*1=1,ROW([1]Base!$A$2:$A$65536)-MIN(ROW([1]Base!$A$2:$A$65536))+1),ROWS([1]Base!$A$2:$A5)))} -> #NUM! | V6: =IF(ISERROR($U6),"",IF(ISBLANK(VLOOKUP('[1]cpte client'!$U6,[1]Base!$A$2:$P$65536,2,FALSE)),"",VLOOKUP('[1]cpte client'!$U6,[1]Base!$A$2:$P$65536,2,FALSE))) | W6: =IF(ISERROR($U6),"",IF(ISBLANK(VLOOKUP('[1]cpte client'!$U6,[1]Base!$A$2:$P$65536,4,FALSE)),"",VLOOKUP('[1]cpte client'!$U6,[1]Base!$A$2:$P$65536,4,FALSE))) | X6: =IF(ISERROR($U6),"",IF(ISBLANK(VLOOKUP('[1]cpte client'!$U6,[1]Base!$A$2:$P$65536,6,FALSE)),"",VLOOKUP('[1]cpte client'!$U6,[1]Base!$A$2:$P$65536,6,FALSE))) | Y6: =IF(ISERROR($U6),"",IF(ISBLANK(VLOOKUP('[1]cpte client'!$U6,[1]Base!$A$2:$P$65536,8,FALSE)),"",VLOOKUP('[1]cpte client'!$U6,[1]Base!$A$2:$P$65536,8,FALSE))) | Z6: =IF(ISERROR($U6),"",IF(ISBLANK(VLOOKUP('[1]cpte client'!$U6,[1]Base!$A$2:$P$65536,7,FALSE)),"",VLOOKUP('[1]cpte client'!$U6,[1]Base!$A$2:$P$65536,7,FALSE))) | AA6: =IF(ISERROR($U6),"",IF(ISBLANK(VLOOKUP('[1]cpte client'!$U6,[1]Base!$A$2:$P$65536,10,FALSE)),"",VLOOKUP('[1]cpte client'!$U6,[1]Base!$A$2:$P$65536,10,FALSE))) | AB6: =IF(ISERROR($U6),"",IF(ISBLANK(VLOOKUP('[1]cpte client'!$U6,[1]Base!$A$2:$P$65536,12,FALSE)),"",VLOOKUP('[1]cpte client'!$U6,[1]Base!$A$2:$P$65536,12,FALSE))) | AC6: =IF(ISERROR($U6),"",IF(ISBLANK(VLOOKUP('[1]cpte client'!$U6,[1]Base!$A$2:$P$65536,13,FALSE)),"",VLOOKUP('[1]cpte client'!$U6,[1]Base!$A$2:$P$65536,13,FALSE))) | AD6: =IF(AC6>0,0,AA6) -> 0
A7: {=INDEX([1]Base!$A$2:$A$65536,SMALL(IF(([1]Base!$C$2:$C$65536="XXX")*1=1,ROW([1]Base!$A$2:$A$65536)-MIN(ROW([1]Base!$A$2:$A$65536))+1),ROWS([1]Base!$A$2:$A6)))} -> #NUM! | B7: =IF(ISERROR($A7),"",IF(ISBLANK(VLOOKUP('[1]cpte client'!$A7,[1]Base!$A$2:$P$65536,2,FALSE)),"",VLOOKUP('[1]cpte client'!$A7,[1]Base!$A$2:$P$65536,2,FALSE))) | C7: =IF(ISERROR($A7),"",IF(ISBLANK(VLOOKUP('[1]cpte client'!$A7,[1]Base!$A$2:$P$65536,4,FALSE)),"",VLOOKUP('[1]cpte client'!$A7,[1]Base!$A$2:$P$65536,4,FALSE))) | D7: =IF(ISERROR($A7),"",IF(ISBLANK(VLOOKUP('[1]cpte client'!$A7,[1]Base!$A$2:$P$65536,6,FALSE)),"",VLOOKUP('[1]cpte client'!$A7,[1]Base!$A$2:$P$65536,6,FALSE))) | E7: =IF(ISERROR($A7),"",IF(ISBLANK(VLOOKUP('[1]cpte client'!$A7,[1]Base!$A$2:$P$65536,8,FALSE)),"",VLOOKUP('[1]cpte client'!$A7,[1]Base!$A$2:$P$65536,8,FALSE))) | F7: =IF(ISERROR($A7),"",IF(ISBLANK(VLOOKUP('[1]cpte client'!$A7,[1]Base!$A$2:$P$65536,7,FALSE)),"",VLOOKUP('[1]cpte client'!$A7,[1]Base!$A$2:$P$65536,7,FALSE))) | G7: =IF(ISERROR($A7),"",IF(ISBLANK(VLOOKUP('[1]cpte client'!$A7,[1]Base!$A$2:$P$65536,10,FALSE)),"",VLOOKUP('[1]cpte client'!$A7,[1]Base!$A$2:$P$65536,10,FALSE))) | H7: =IF(ISERROR($A7),"",IF(ISBLANK(VLOOKUP('[1]cpte client'!$A7,[1]Base!$A$2:$P$65536,12,FALSE)),"",VLOOKUP('[1]cpte client'!$A7,[1]Base!$A$2:$P$65536,12,FALSE))) | I7: =IF(ISERROR($A7),"",IF(ISBLANK(VLOOKUP('[1]cpte client'!$A7,[1]Base!$A$2:$P$65536,13,FALSE)),"",VLOOKUP('[1]cpte client'!$A7,[1]Base!$A$2:$P$65536,13,FALSE))) | J7: =IF(ISBLANK(I7),J6+G7,IFERROR(J6-F7,0)) -> 0 | K7: {=INDEX([1]Base!$A$2:$A$65536,SMALL(IF(([1]Base!$C$2:$C$65536="YYY")*1=1,ROW([1]Base!$A$2:$A$65536)-MIN(ROW([1]Base!$A$2:$A$65536))+1),ROWS([1]Base!$A$2:$A6)))} -> #NUM! | L7: =IF(ISERROR($K7),"",IF(ISBLANK(VLOOKUP('[1]cpte client'!$K7,[1]Base!$A$2:$P$65536,2,FALSE)),"",VLOOKUP('[1]cpte client'!$K7,[1]Base!$A$2:$P$65536,2,FALSE))) | M7: =IF(ISERROR($K7),"",IF(ISBLANK(VLOOKUP('[1]cpte client'!$K7,[1]Base!$A$2:$P$65536,4,FALSE)),"",VLOOKUP('[1]cpte client'!$K7,[1]Base!$A$2:$P$65536,4,FALSE))) | N7: =IF(ISERROR($K7),"",IF(ISBLANK(VLOOKUP('[1]cpte client'!$K7,[1]Base!$A$2:$P$65536,6,FALSE)),"",VLOOKUP('[1]cpte client'!$K7,[1]Base!$A$2:$P$65536,6,FALSE))) | O7: =IF(ISERROR($K7),"",IF(ISBLANK(VLOOKUP('[1]cpte client'!$K7,[1]Base!$A$2:$P$65536,8,FALSE)),"",VLOOKUP('[1]cpte client'!$K7,[1]Base!$A$2:$P$65536,8,FALSE))) | P7: =IF(ISERROR($K7),"",IF(ISBLANK(VLOOKUP('[1]cpte client'!$K7,[1]Base!$A$2:$P$65536,7,FALSE)),"",VLOOKUP('[1]cpte client'!$K7,[1]Base!$A$2:$P$65536,7,FALSE))) | Q7: =IF(ISERROR($K7),"",IF(ISBLANK(VLOOKUP('[1]cpte client'!$K7,[1]Base!$A$2:$P$65536,10,FALSE)),"",VLOOKUP('[1]cpte client'!$K7,[1]Base!$A$2:$P$65536,10,FALSE))) | R7: =IF(ISERROR($K7),"",IF(ISBLANK(VLOOKUP('[1]cpte client'!$K7,[1]Base!$A$2:$P$65536,12,FALSE)),"",VLOOKUP('[1]cpte client'!$K7,[1]Base!$A$2:$P$65536,12,FALSE))) | S7: =IF(ISERROR($K7),"",IF(ISBLANK(VLOOKUP('[1]cpte client'!$K7,[1]Base!$A$2:$P$65536,13,FALSE)),"",VLOOKUP('[1]cpte client'!$K7,[1]Base!$A$2:$P$65536,13,FALSE))) | T7: =IF(ISERROR(K7),"",IF(S7>0,T6-P7,T6+Q7)) | U7: {=INDEX([1]Base!$A$2:$A$65536,SMALL(IF(([1]Base!$C$2:$C$65536="ZZZ")*1=1,ROW([1]Base!$A$2:$A$65536)-MIN(ROW([1]Base!$A$2:$A$65536))+1),ROWS([1]Base!$A$2:$A6)))} -> #NUM! | V7: =IF(ISERROR($U7),"",IF(ISBLANK(VLOOKUP('[1]cpte client'!$U7,[1]Base!$A$2:$P$65536,2,FALSE)),"",VLOOKUP('[1]cpte client'!$U7,[1]Base!$A$2:$P$65536,2,FALSE))) | W7: =IF(ISERROR($U7),"",IF(ISBLANK(VLOOKUP('[1]cpte client'!$U7,[1]Base!$A$2:$P$65536,4,FALSE)),"",VLOOKUP('[1]cpte client'!$U7,[1]Base!$A$2:$P$65536,4,FALSE))) | X7: =IF(ISERROR($U7),"",IF(ISBLANK(VLOOKUP('[1]cpte client'!$U7,[1]Base!$A$2:$P$65536,6,FALSE)),"",VLOOKUP('[1]cpte client'!$U7,[1]Base!$A$2:$P$65536,6,FALSE))) | Y7: =IF(ISERROR($U7),"",IF(ISBLANK(VLOOKUP('[1]cpte client'!$U7,[1]Base!$A$2:$P$65536,8,FALSE)),"",VLOOKUP('[1]cpte client'!$U7,[1]Base!$A$2:$P$65536,8,FALSE))) | Z7: =IF(ISERROR($U7),"",IF(ISBLANK(VLOOKUP('[1]cpte client'!$U7,[1]Base!$A$2:$P$65536,7,FALSE)),"",VLOOKUP('[1]cpte client'!$U7,[1]Base!$A$2:$P$65536,7,FALSE))) | AA7: =IF(ISERROR($U7),"",IF(ISBLANK(VLOOKUP('[1]cpte client'!$U7,[1]Base!$A$2:$P$65536,10,FALSE)),"",VLOOKUP('[1]cpte client'!$U7,[1]Base!$A$2:$P$65536,10,FALSE))) | AB7: =IF(ISERROR($U7),"",IF(ISBLANK(VLOOKUP('[1]cpte client'!$U7,[1]Base!$A$2:$P$65536,12,FALSE)),"",VLOOKUP('[1]cpte client'!$U7,[1]Base!$A$2:$P$65536,12,FALSE))) | AC7: =IF(ISERROR($U7),"",IF(ISBLANK(VLOOKUP('[1]cpte client'!$U7,[1]Base!$A$2:$P$65536,13,FALSE)),"",VLOOKUP('[1]cpte client'!$U7,[1]Base!$A$2:$P$65536,13,FALSE))) | AD7: =IF(AC7>0,0,AA7) -> 0
A8: {=INDEX([1]Base!$A$2:$A$65536,SMALL(IF(([1]Base!$C$2:$C$65536="XXX")*1=1,ROW([1]Base!$A$2:$A$65536)-MIN(ROW([1]Base!$A$2:$A$65536))+1),ROWS([1]Base!$A$2:$A7)))} -> #NUM! | B8: =IF(ISERROR($A8),"",IF(ISBLANK(VLOOKUP('[1]cpte client'!$A8,[1]Base!$A$2:$P$65536,2,FALSE)),"",VLOOKUP('[1]cpte client'!$A8,[1]Base!$A$2:$P$65536,2,FALSE))) | C8: =IF(ISERROR($A8),"",IF(ISBLANK(VLOOKUP('[1]cpte client'!$A8,[1]Base!$A$2:$P$65536,4,FALSE)),"",VLOOKUP('[1]cpte client'!$A8,[1]Base!$A$2:$P$65536,4,FALSE))) | D8: =IF(ISERROR($A8),"",IF(ISBLANK(VLOOKUP('[1]cpte client'!$A8,[1]Base!$A$2:$P$65536,6,FALSE)),"",VLOOKUP('[1]cpte client'!$A8,[1]Base!$A$2:$P$65536,6,FALSE))) | E8: =IF(ISERROR($A8),"",IF(ISBLANK(VLOOKUP('[1]cpte client'!$A8,[1]Base!$A$2:$P$65536,8,FALSE)),"",VLOOKUP('[1]cpte client'!$A8,[1]Base!$A$2:$P$65536,8,FALSE))) | F8: =IF(ISERROR($A8),"",IF(ISBLANK(VLOOKUP('[1]cpte client'!$A8,[1]Base!$A$2:$P$65536,7,FALSE)),"",VLOOKUP('[1]cpte client'!$A8,[1]Base!$A$2:$P$65536,7,FALSE))) | G8: =IF(ISERROR($A8),"",IF(ISBLANK(VLOOKUP('[1]cpte client'!$A8,[1]Base!$A$2:$P$65536,10,FALSE)),"",VLOOKUP('[1]cpte client'!$A8,[1]Base!$A$2:$P$65536,10,FALSE))) | H8: =IF(ISERROR($A8),"",IF(ISBLANK(VLOOKUP('[1]cpte client'!$A8,[1]Base!$A$2:$P$65536,12,FALSE)),"",VLOOKUP('[1]cpte client'!$A8,[1]Base!$A$2:$P$65536,12,FALSE))) | I8: =IF(ISERROR($A8),"",IF(ISBLANK(VLOOKUP('[1]cpte client'!$A8,[1]Base!$A$2:$P$65536,13,FALSE)),"",VLOOKUP('[1]cpte client'!$A8,[1]Base!$A$2:$P$65536,13,FALSE))) | J8: =IF(ISBLANK(I8),J7+G8,IFERROR(J7-F8,0)) -> 0 | K8: {=INDEX([1]Base!$A$2:$A$65536,SMALL(IF(([1]Base!$C$2:$C$65536="YYY")*1=1,ROW([1]Base!$A$2:$A$65536)-MIN(ROW([1]Base!$A$2:$A$65536))+1),ROWS([1]Base!$A$2:$A7)))} -> #NUM! | L8: =IF(ISERROR($K8),"",IF(ISBLANK(VLOOKUP('[1]cpte client'!$K8,[1]Base!$A$2:$P$65536,2,FALSE)),"",VLOOKUP('[1]cpte client'!$K8,[1]Base!$A$2:$P$65536,2,FALSE))) | M8: =IF(ISERROR($K8),"",IF(ISBLANK(VLOOKUP('[1]cpte client'!$K8,[1]Base!$A$2:$P$65536,4,FALSE)),"",VLOOKUP('[1]cpte client'!$K8,[1]Base!$A$2:$P$65536,4,FALSE))) | N8: =IF(ISERROR($K8),"",IF(ISBLANK(VLOOKUP('[1]cpte client'!$K8,[1]Base!$A$2:$P$65536,6,FALSE)),"",VLOOKUP('[1]cpte client'!$K8,[1]Base!$A$2:$P$65536,6,FALSE))) | O8: =IF(ISERROR($K8),"",IF(ISBLANK(VLOOKUP('[1]cpte client'!$K8,[1]Base!$A$2:$P$65536,8,FALSE)),"",VLOOKUP('[1]cpte client'!$K8,[1]Base!$A$2:$P$65536,8,FALSE))) | P8: =IF(ISERROR($K8),"",IF(ISBLANK(VLOOKUP('[1]cpte client'!$K8,[1]Base!$A$2:$P$65536,7,FALSE)),"",VLOOKUP('[1]cpte client'!$K8,[1]Base!$A$2:$P$65536,7,FALSE))) | Q8: =IF(ISERROR($K8),"",IF(ISBLANK(VLOOKUP('[1]cpte client'!$K8,[1]Base!$A$2:$P$65536,10,FALSE)),"",VLOOKUP('[1]cpte client'!$K8,[1]Base!$A$2:$P$65536,10,FALSE))) | R8: =IF(ISERROR($K8),"",IF(ISBLANK(VLOOKUP('[1]cpte client'!$K8,[1]Base!$A$2:$P$65536,12,FALSE)),"",VLOOKUP('[1]cpte client'!$K8,[1]Base!$A$2:$P$65536,12,FALSE))) | S8: =IF(ISERROR($K8),"",IF(ISBLANK(VLOOKUP('[1]cpte client'!$K8,[1]Base!$A$2:$P$65536,13,FALSE)),"",VLOOKUP('[1]cpte client'!$K8,[1]Base!$A$2:$P$65536,13,FALSE))) | T8: =IF(ISERROR(K8),"",IF(S8>0,T7-P8,T7+Q8)) | U8: {=INDEX([1]Base!$A$2:$A$65536,SMALL(IF(([1]Base!$C$2:$C$65536="ZZZ")*1=1,ROW([1]Base!$A$2:$A$65536)-MIN(ROW([1]Base!$A$2:$A$65536))+1),ROWS([1]Base!$A$2:$A7)))} -> #NUM! | V8: =IF(ISERROR($U8),"",IF(ISBLANK(VLOOKUP('[1]cpte client'!$U8,[1]Base!$A$2:$P$65536,2,FALSE)),"",VLOOKUP('[1]cpte client'!$U8,[1]Base!$A$2:$P$65536,2,FALSE))) | W8: =IF(ISERROR($U8),"",IF(ISBLANK(VLOOKUP('[1]cpte client'!$U8,[1]Base!$A$2:$P$65536,4,FALSE)),"",VLOOKUP('[1]cpte client'!$U8,[1]Base!$A$2:$P$65536,4,FALSE))) | X8: =IF(ISERROR($U8),"",IF(ISBLANK(VLOOKUP('[1]cpte client'!$U8,[1]Base!$A$2:$P$65536,6,FALSE)),"",VLOOKUP('[1]cpte client'!$U8,[1]Base!$A$2:$P$65536,6,FALSE))) | Y8: =IF(ISERROR($U8),"",IF(ISBLANK(VLOOKUP('[1]cpte client'!$U8,[1]Base!$A$2:$P$65536,8,FALSE)),"",VLOOKUP('[1]cpte client'!$U8,[1]Base!$A$2:$P$65536,8,FALSE))) | Z8: =IF(ISERROR($U8),"",IF(ISBLANK(VLOOKUP('[1]cpte client'!$U8,[1]Base!$A$2:$P$65536,7,FALSE)),"",VLOOKUP('[1]cpte client'!$U8,[1]Base!$A$2:$P$65536,7,FALSE))) | AA8: =IF(ISERROR($U8),"",IF(ISBLANK(VLOOKUP('[1]cpte client'!$U8,[1]Base!$A$2:$P$65536,10,FALSE)),"",VLOOKUP('[1]cpte client'!$U8,[1]Base!$A$2:$P$65536,10,FALSE))) | AB8: =IF(ISERROR($U8),"",IF(ISBLANK(VLOOKUP('[1]cpte client'!$U8,[1]Base!$A$2:$P$65536,12,FALSE)),"",VLOOKUP('[1]cpte client'!$U8,[1]Base!$A$2:$P$65536,12,FALSE))) | AC8: =IF(ISERROR($U8),"",IF(ISBLANK(VLOOKUP('[1]cpte client'!$U8,[1]Base!$A$2:$P$65536,13,FALSE)),"",VLOOKUP('[1]cpte client'!$U8,[1]Base!$A$2:$P$65536,13,FALSE))) | AD8: =IF(AC8>0,0,AA8) -> 0
A9: {=INDEX([1]Base!$A$2:$A$65536,SMALL(IF(([1]Base!$C$2:$C$65536="XXX")*1=1,ROW([1]Base!$A$2:$A$65536)-MIN(ROW([1]Base!$A$2:$A$65536))+1),ROWS([1]Base!$A$2:$A8)))} -> #NUM! | B9: =IF(ISERROR($A9),"",IF(ISBLANK(VLOOKUP('[1]cpte client'!$A9,[1]Base!$A$2:$P$65536,2,FALSE)),"",VLOOKUP('[1]cpte client'!$A9,[1]Base!$A$2:$P$65536,2,FALSE))) | C9: =IF(ISERROR($A9),"",IF(ISBLANK(VLOOKUP('[1]cpte client'!$A9,[1]Base!$A$2:$P$65536,4,FALSE)),"",VLOOKUP('[1]cpte client'!$A9,[1]Base!$A$2:$P$65536,4,FALSE))) | D9: =IF(ISERROR($A9),"",IF(ISBLANK(VLOOKUP('[1]cpte client'!$A9,[1]Base!$A$2:$P$65536,6,FALSE)),"",VLOOKUP('[1]cpte client'!$A9,[1]Base!$A$2:$P$65536,6,FALSE))) | E9: =IF(ISERROR($A9),"",IF(ISBLANK(VLOOKUP('[1]cpte client'!$A9,[1]Base!$A$2:$P$65536,8,FALSE)),"",VLOOKUP('[1]cpte client'!$A9,[1]Base!$A$2:$P$65536,8,FALSE))) | F9: =IF(ISERROR($A9),"",IF(ISBLANK(VLOOKUP('[1]cpte client'!$A9,[1]Base!$A$2:$P$65536,7,FALSE)),"",VLOOKUP('[1]cpte client'!$A9,[1]Base!$A$2:$P$65536,7,FALSE))) | G9: =IF(ISERROR($A9),"",IF(ISBLANK(VLOOKUP('[1]cpte client'!$A9,[1]Base!$A$2:$P$65536,10,FALSE)),"",VLOOKUP('[1]cpte client'!$A9,[1]Base!$A$2:$P$65536,10,FALSE))) | H9: =IF(ISERROR($A9),"",IF(ISBLANK(VLOOKUP('[1]cpte client'!$A9,[1]Base!$A$2:$P$65536,12,FALSE)),"",VLOOKUP('[1]cpte client'!$A9,[1]Base!$A$2:$P$65536,12,FALSE))) | I9: =IF(ISERROR($A9),"",IF(ISBLANK(VLOOKUP('[1]cpte client'!$A9,[1]Base!$A$2:$P$65536,13,FALSE)),"",VLOOKUP('[1]cpte client'!$A9,[1]Base!$A$2:$P$65536,13,FALSE))) | J9: =IF(ISBLANK(I9),J8+G9,IFERROR(J8-F9,0)) -> 0 | K9: {=INDEX([1]Base!$A$2:$A$65536,SMALL(IF(([1]Base!$C$2:$C$65536="YYY")*1=1,ROW([1]Base!$A$2:$A$65536)-MIN(ROW([1]Base!$A$2:$A$65536))+1),ROWS([1]Base!$A$2:$A8)))} -> #NUM! | L9: =IF(ISERROR($K9),"",IF(ISBLANK(VLOOKUP('[1]cpte client'!$K9,[1]Base!$A$2:$P$65536,2,FALSE)),"",VLOOKUP('[1]cpte client'!$K9,[1]Base!$A$2:$P$65536,2,FALSE))) | M9: =IF(ISERROR($K9),"",IF(ISBLANK(VLOOKUP('[1]cpte client'!$K9,[1]Base!$A$2:$P$65536,4,FALSE)),"",VLOOKUP('[1]cpte client'!$K9,[1]Base!$A$2:$P$65536,4,FALSE))) | N9: =IF(ISERROR($K9),"",IF(ISBLANK(VLOOKUP('[1]cpte client'!$K9,[1]Base!$A$2:$P$65536,6,FALSE)),"",VLOOKUP('[1]cpte client'!$K9,[1]Base!$A$2:$P$65536,6,FALSE))) | O9: =IF(ISERROR($K9),"",IF(ISBLANK(VLOOKUP('[1]cpte client'!$K9,[1]Base!$A$2:$P$65536,8,FALSE)),"",VLOOKUP('[1]cpte client'!$K9,[1]Base!$A$2:$P$65536,8,FALSE))) | P9: =IF(ISERROR($K9),"",IF(ISBLANK(VLOOKUP('[1]cpte client'!$K9,[1]Base!$A$2:$P$65536,7,FALSE)),"",VLOOKUP('[1]cpte client'!$K9,[1]Base!$A$2:$P$65536,7,FALSE))) | Q9: =IF(ISERROR($K9),"",IF(ISBLANK(VLOOKUP('[1]cpte client'!$K9,[1]Base!$A$2:$P$65536,10,FALSE)),"",VLOOKUP('[1]cpte client'!$K9,[1]Base!$A$2:$P$65536,10,FALSE))) | R9: =IF(ISERROR($K9),"",IF(ISBLANK(VLOOKUP('[1]cpte client'!$K9,[1]Base!$A$2:$P$65536,12,FALSE)),"",VLOOKUP('[1]cpte client'!$K9,[1]Base!$A$2:$P$65536,12,FALSE))) | S9: =IF(ISERROR($K9),"",IF(ISBLANK(VLOOKUP('[1]cpte client'!$K9,[1]Base!$A$2:$P$65536,13,FALSE)),"",VLOOKUP('[1]cpte client'!$K9,[1]Base!$A$2:$P$65536,13,FALSE))) | T9: =IF(ISERROR(K9),"",IF(S9>0,T8-P9,T8+Q9)) | U9: {=INDEX([1]Base!$A$2:$A$65536,SMALL(IF(([1]Base!$C$2:$C$65536="ZZZ")*1=1,ROW([1]Base!$A$2:$A$65536)-MIN(ROW([1]Base!$A$2:$A$65536))+1),ROWS([1]Base!$A$2:$A8)))} -> #NUM! | V9: =IF(ISERROR($U9),"",IF(ISBLANK(VLOOKUP('[1]cpte client'!$U9,[1]Base!$A$2:$P$65536,2,FALSE)),"",VLOOKUP('[1]cpte client'!$U9,[1]Base!$A$2:$P$65536,2,FALSE))) | W9: =IF(ISERROR($U9),"",IF(ISBLANK(VLOOKUP('[1]cpte client'!$U9,[1]Base!$A$2:$P$65536,4,FALSE)),"",VLOOKUP('[1]cpte client'!$U9,[1]Base!$A$2:$P$65536,4,FALSE))) | X9: =IF(ISERROR($U9),"",IF(ISBLANK(VLOOKUP('[1]cpte client'!$U9,[1]Base!$A$2:$P$65536,6,FALSE)),"",VLOOKUP('[1]cpte client'!$U9,[1]Base!$A$2:$P$65536,6,FALSE))) | Y9: =IF(ISERROR($U9),"",IF(ISBLANK(VLOOKUP('[1]cpte client'!$U9,[1]Base!$A$2:$P$65536,8,FALSE)),"",VLOOKUP('[1]cpte client'!$U9,[1]Base!$A$2:$P$65536,8,FALSE))) | Z9: =IF(ISERROR($U9),"",IF(ISBLANK(VLOOKUP('[1]cpte client'!$U9,[1]Base!$A$2:$P$65536,7,FALSE)),"",VLOOKUP('[1]cpte client'!$U9,[1]Base!$A$2:$P$65536,7,FALSE))) | AA9: =IF(ISERROR($U9),"",IF(ISBLANK(VLOOKUP('[1]cpte client'!$U9,[1]Base!$A$2:$P$65536,10,FALSE)),"",VLOOKUP('[1]cpte client'!$U9,[1]Base!$A$2:$P$65536,10,FALSE))) | AB9: =IF(ISERROR($U9),"",IF(ISBLANK(VLOOKUP('[1]cpte client'!$U9,[1]Base!$A$2:$P$65536,12,FALSE)),"",VLOOKUP('[1]cpte client'!$U9,[1]Base!$A$2:$P$65536,12,FALSE))) | AC9: =IF(ISERROR($U9),"",IF(ISBLANK(VLOOKUP('[1]cpte client'!$U9,[1]Base!$A$2:$P$65536,13,FALSE)),"",VLOOKUP('[1]cpte client'!$U9,[1]Base!$A$2:$P$65536,13,FALSE))) | AD9: =IF(AC9>0,0,AA9) -> 0
A10: {=INDEX([1]Base!$A$2:$A$65536,SMALL(IF(([1]Base!$C$2:$C$65536="XXX")*1=1,ROW([1]Base!$A$2:$A$65536)-MIN(ROW([1]Base!$A$2:$A$65536))+1),ROWS([1]Base!$A$2:$A9)))} -> #NUM! | B10: =IF(ISERROR($A10),"",IF(ISBLANK(VLOOKUP('[1]cpte client'!$A10,[1]Base!$A$2:$P$65536,2,FALSE)),"",VLOOKUP('[1]cpte client'!$A10,[1]Base!$A$2:$P$65536,2,FALSE))) | C10: =IF(ISERROR($A10),"",IF(ISBLANK(VLOOKUP('[1]cpte client'!$A10,[1]Base!$A$2:$P$65536,4,FALSE)),"",VLOOKUP('[1]cpte client'!$A10,[1]Base!$A$2:$P$65536,4,FALSE))) | D10: =IF(ISERROR($A10),"",IF(ISBLANK(VLOOKUP('[1]cpte client'!$A10,[1]Base!$A$2:$P$65536,6,FALSE)),"",VLOOKUP('[1]cpte client'!$A10,[1]Base!$A$2:$P$65536,6,FALSE))) | E10: =IF(ISERROR($A10),"",IF(ISBLANK(VLOOKUP('[1]cpte client'!$A10,[1]Base!$A$2:$P$65536,8,FALSE)),"",VLOOKUP('[1]cpte client'!$A10,[1]Base!$A$2:$P$65536,8,FALSE))) | F10: =IF(ISERROR($A10),"",IF(ISBLANK(VLOOKUP('[1]cpte client'!$A10,[1]Base!$A$2:$P$65536,7,FALSE)),"",VLOOKUP('[1]cpte client'!$A10,[1]Base!$A$2:$P$65536,7,FALSE))) | G10: =IF(ISERROR($A10),"",IF(ISBLANK(VLOOKUP('[1]cpte client'!$A10,[1]Base!$A$2:$P$65536,10,FALSE)),"",VLOOKUP('[1]cpte client'!$A10,[1]Base!$A$2:$P$65536,10,FALSE))) | H10: =IF(ISERROR($A10),"",IF(ISBLANK(VLOOKUP('[1]cpte client'!$A10,[1]Base!$A$2:$P$65536,12,FALSE)),"",VLOOKUP('[1]cpte client'!$A10,[1]Base!$A$2:$P$65536,12,FALSE))) | I10: =IF(ISERROR($A10),"",IF(ISBLANK(VLOOKUP('[1]cpte client'!$A10,[1]Base!$A$2:$P$65536,13,FALSE)),"",VLOOKUP('[1]cpte client'!$A10,[1]Base!$A$2:$P$65536,13,FALSE))) | J10: =IF(ISBLANK(I10),J9+G10,IFERROR(J9-F10,0)) -> 0 | K10: {=INDEX([1]Base!$A$2:$A$65536,SMALL(IF(([1]Base!$C$2:$C$65536="YYY")*1=1,ROW([1]Base!$A$2:$A$65536)-MIN(ROW([1]Base!$A$2:$A$65536))+1),ROWS([1]Base!$A$2:$A9)))} -> #NUM! | L10: =IF(ISERROR($K10),"",IF(ISBLANK(VLOOKUP('[1]cpte client'!$K10,[1]Base!$A$2:$P$65536,2,FALSE)),"",VLOOKUP('[1]cpte client'!$K10,[1]Base!$A$2:$P$65536,2,FALSE))) | M10: =IF(ISERROR($K10),"",IF(ISBLANK(VLOOKUP('[1]cpte client'!$K10,[1]Base!$A$2:$P$65536,4,FALSE)),"",VLOOKUP('[1]cpte client'!$K10,[1]Base!$A$2:$P$65536,4,FALSE))) | N10: =IF(ISERROR($K10),"",IF(ISBLANK(VLOOKUP('[1]cpte client'!$K10,[1]Base!$A$2:$P$65536,6,FALSE)),"",VLOOKUP('[1]cpte client'!$K10,[1]Base!$A$2:$P$65536,6,FALSE))) | O10: =IF(ISERROR($K10),"",IF(ISBLANK(VLOOKUP('[1]cpte client'!$K10,[1]Base!$A$2:$P$65536,8,FALSE)),"",VLOOKUP('[1]cpte client'!$K10,[1]Base!$A$2:$P$65536,8,FALSE))) | P10: =IF(ISERROR($K10),"",IF(ISBLANK(VLOOKUP('[1]cpte client'!$K10,[1]Base!$A$2:$P$65536,7,FALSE)),"",VLOOKUP('[1]cpte client'!$K10,[1]Base!$A$2:$P$65536,7,FALSE))) | Q10: =IF(ISERROR($K10),"",IF(ISBLANK(VLOOKUP('[1]cpte client'!$K10,[1]Base!$A$2:$P$65536,10,FALSE)),"",VLOOKUP('[1]cpte client'!$K10,[1]Base!$A$2:$P$65536,10,FALSE))) | R10: =IF(ISERROR($K10),"",IF(ISBLANK(VLOOKUP('[1]cpte client'!$K10,[1]Base!$A$2:$P$65536,12,FALSE)),"",VLOOKUP('[1]cpte client'!$K10,[1]Base!$A$2:$P$65536,12,FALSE))) | S10: =IF(ISERROR($K10),"",IF(ISBLANK(VLOOKUP('[1]cpte client'!$K10,[1]Base!$A$2:$P$65536,13,FALSE)),"",VLOOKUP('[1]cpte client'!$K10,[1]Base!$A$2:$P$65536,13,FALSE))) | T10: =IF(ISERROR(K10),"",IF(S10>0,T9-P10,T9+Q10)) | U10: {=INDEX([1]Base!$A$2:$A$65536,SMALL(IF(([1]Base!$C$2:$C$65536="ZZZ")*1=1,ROW([1]Base!$A$2:$A$65536)-MIN(ROW([1]Base!$A$2:$A$65536))+1),ROWS([1]Base!$A$2:$A9)))} -> #NUM! | V10: =IF(ISERROR($U10),"",IF(ISBLANK(VLOOKUP('[1]cpte client'!$U10,[1]Base!$A$2:$P$65536,2,FALSE)),"",VLOOKUP('[1]cpte client'!$U10,[1]Base!$A$2:$P$65536,2,FALSE))) | W10: =IF(ISERROR($U10),"",IF(ISBLANK(VLOOKUP('[1]cpte client'!$U10,[1]Base!$A$2:$P$65536,4,FALSE)),"",VLOOKUP('[1]cpte client'!$U10,[1]Base!$A$2:$P$65536,4,FALSE))) | X10: =IF(ISERROR($U10),"",IF(ISBLANK(VLOOKUP('[1]cpte client'!$U10,[1]Base!$A$2:$P$65536,6,FALSE)),"",VLOOKUP('[1]cpte client'!$U10,[1]Base!$A$2:$P$65536,6,FALSE))) | Y10: =IF(ISERROR($U10),"",IF(ISBLANK(VLOOKUP('[1]cpte client'!$U10,[1]Base!$A$2:$P$65536,8,FALSE)),"",VLOOKUP('[1]cpte client'!$U10,[1]Base!$A$2:$P$65536,8,FALSE))) | Z10: =IF(ISERROR($U10),"",IF(ISBLANK(VLOOKUP('[1]cpte client'!$U10,[1]Base!$A$2:$P$65536,7,FALSE)),"",VLOOKUP('[1]cpte client'!$U10,[1]Base!$A$2:$P$65536,7,FALSE))) | AA10: =IF(ISERROR($U10),"",IF(ISBLANK(VLOOKUP('[1]cpte client'!$U10,[1]Base!$A$2:$P$65536,10,FALSE)),"",VLOOKUP('[1]cpte client'!$U10,[1]Base!$A$2:$P$65536,10,FALSE))) | AB10: =IF(ISERROR($U10),"",IF(ISBLANK(VLOOKUP('[1]cpte client'!$U10,[1]Base!$A$2:$P$65536,12,FALSE)),"",VLOOKUP('[1]cpte client'!$U10,[1]Base!$A$2:$P$65536,12,FALSE))) | AC10: =IF(ISERROR($U10),"",IF(ISBLANK(VLOOKUP('[1]cpte client'!$U10,[1]Base!$A$2:$P$65536,13,FALSE)),"",VLOOKUP('[1]cpte client'!$U10,[1]Base!$A$2:$P$65536,13,FALSE))) | AD10: =IF(AC10>0,0,AA10) -> 0
A11: {=INDEX([1]Base!$A$2:$A$65536,SMALL(IF(([1]Base!$C$2:$C$65536="XXX")*1=1,ROW([1]Base!$A$2:$A$65536)-MIN(ROW([1]Base!$A$2:$A$65536))+1),ROWS([1]Base!$A$2:$A10)))} -> #NUM! | B11: =IF(ISERROR($A11),"",IF(ISBLANK(VLOOKUP('[1]cpte client'!$A11,[1]Base!$A$2:$P$65536,2,FALSE)),"",VLOOKUP('[1]cpte client'!$A11,[1]Base!$A$2:$P$65536,2,FALSE))) | C11: =IF(ISERROR($A11),"",IF(ISBLANK(VLOOKUP('[1]cpte client'!$A11,[1]Base!$A$2:$P$65536,4,FALSE)),"",VLOOKUP('[1]cpte client'!$A11,[1]Base!$A$2:$P$65536,4,FALSE))) | D11: =IF(ISERROR($A11),"",IF(ISBLANK(VLOOKUP('[1]cpte client'!$A11,[1]Base!$A$2:$P$65536,6,FALSE)),"",VLOOKUP('[1]cpte client'!$A11,[1]Base!$A$2:$P$65536,6,FALSE))) | E11: =IF(ISERROR($A11),"",IF(ISBLANK(VLOOKUP('[1]cpte client'!$A11,[1]Base!$A$2:$P$65536,8,FALSE)),"",VLOOKUP('[1]cpte client'!$A11,[1]Base!$A$2:$P$65536,8,FALSE))) | F11: =IF(ISERROR($A11),"",IF(ISBLANK(VLOOKUP('[1]cpte client'!$A11,[1]Base!$A$2:$P$65536,7,FALSE)),"",VLOOKUP('[1]cpte client'!$A11,[1]Base!$A$2:$P$65536,7,FALSE))) | G11: =IF(ISERROR($A11),"",IF(ISBLANK(VLOOKUP('[1]cpte client'!$A11,[1]Base!$A$2:$P$65536,10,FALSE)),"",VLOOKUP('[1]cpte client'!$A11,[1]Base!$A$2:$P$65536,10,FALSE))) | H11: =IF(ISERROR($A11),"",IF(ISBLANK(VLOOKUP('[1]cpte client'!$A11,[1]Base!$A$2:$P$65536,12,FALSE)),"",VLOOKUP('[1]cpte client'!$A11,[1]Base!$A$2:$P$65536,12,FALSE))) | I11: =IF(ISERROR($A11),"",IF(ISBLANK(VLOOKUP('[1]cpte client'!$A11,[1]Base!$A$2:$P$65536,13,FALSE)),"",VLOOKUP('[1]cpte client'!$A11,[1]Base!$A$2:$P$65536,13,FALSE))) | J11: =IF(ISBLANK(I11),J10+G11,IFERROR(J10-F11,0)) -> 0 | K11: {=INDEX([1]Base!$A$2:$A$65536,SMALL(IF(([1]Base!$C$2:$C$65536="YYY")*1=1,ROW([1]Base!$A$2:$A$65536)-MIN(ROW([1]Base!$A$2:$A$65536))+1),ROWS([1]Base!$A$2:$A10)))} -> #NUM! | L11: =IF(ISERROR($K11),"",IF(ISBLANK(VLOOKUP('[1]cpte client'!$K11,[1]Base!$A$2:$P$65536,2,FALSE)),"",VLOOKUP('[1]cpte client'!$K11,[1]Base!$A$2:$P$65536,2,FALSE))) | M11: =IF(ISERROR($K11),"",IF(ISBLANK(VLOOKUP('[1]cpte client'!$K11,[1]Base!$A$2:$P$65536,4,FALSE)),"",VLOOKUP('[1]cpte client'!$K11,[1]Base!$A$2:$P$65536,4,FALSE))) | N11: =IF(ISERROR($K11),"",IF(ISBLANK(VLOOKUP('[1]cpte client'!$K11,[1]Base!$A$2:$P$65536,6,FALSE)),"",VLOOKUP('[1]cpte client'!$K11,[1]Base!$A$2:$P$65536,6,FALSE))) | O11: =IF(ISERROR($K11),"",IF(ISBLANK(VLOOKUP('[1]cpte client'!$K11,[1]Base!$A$2:$P$65536,8,FALSE)),"",VLOOKUP('[1]cpte client'!$K11,[1]Base!$A$2:$P$65536,8,FALSE))) | P11: =IF(ISERROR($K11),"",IF(ISBLANK(VLOOKUP('[1]cpte client'!$K11,[1]Base!$A$2:$P$65536,7,FALSE)),"",VLOOKUP('[1]cpte client'!$K11,[1]Base!$A$2:$P$65536,7,FALSE))) | Q11: =IF(ISERROR($K11),"",IF(ISBLANK(VLOOKUP('[1]cpte client'!$K11,[1]Base!$A$2:$P$65536,10,FALSE)),"",VLOOKUP('[1]cpte client'!$K11,[1]Base!$A$2:$P$65536,10,FALSE))) | R11: =IF(ISERROR($K11),"",IF(ISBLANK(VLOOKUP('[1]cpte client'!$K11,[1]Base!$A$2:$P$65536,12,FALSE)),"",VLOOKUP('[1]cpte client'!$K11,[1]Base!$A$2:$P$65536,12,FALSE))) | S11: =IF(ISERROR($K11),"",IF(ISBLANK(VLOOKUP('[1]cpte client'!$K11,[1]Base!$A$2:$P$65536,13,FALSE)),"",VLOOKUP('[1]cpte client'!$K11,[1]Base!$A$2:$P$65536,13,FALSE))) | T11: =IF(ISERROR(K11),"",IF(S11>0,T10-P11,T10+Q11)) | U11: {=INDEX([1]Base!$A$2:$A$65536,SMALL(IF(([1]Base!$C$2:$C$65536="ZZZ")*1=1,ROW([1]Base!$A$2:$A$65536)-MIN(ROW([1]Base!$A$2:$A$65536))+1),ROWS([1]Base!$A$2:$A10)))} -> #NUM! | V11: =IF(ISERROR($U11),"",IF(ISBLANK(VLOOKUP('[1]cpte client'!$U11,[1]Base!$A$2:$P$65536,2,FALSE)),"",VLOOKUP('[1]cpte client'!$U11,[1]Base!$A$2:$P$65536,2,FALSE))) | W11: =IF(ISERROR($U11),"",IF(ISBLANK(VLOOKUP('[1]cpte client'!$U11,[1]Base!$A$2:$P$65536,4,FALSE)),"",VLOOKUP('[1]cpte client'!$U11,[1]Base!$A$2:$P$65536,4,FALSE))) | X11: =IF(ISERROR($U11),"",IF(ISBLANK(VLOOKUP('[1]cpte client'!$U11,[1]Base!$A$2:$P$65536,6,FALSE)),"",VLOOKUP('[1]cpte client'!$U11,[1]Base!$A$2:$P$65536,6,FALSE))) | Y11: =IF(ISERROR($U11),"",IF(ISBLANK(VLOOKUP('[1]cpte client'!$U11,[1]Base!$A$2:$P$65536,8,FALSE)),"",VLOOKUP('[1]cpte client'!$U11,[1]Base!$A$2:$P$65536,8,FALSE))) | Z11: =IF(ISERROR($U11),"",IF(ISBLANK(VLOOKUP('[1]cpte client'!$U11,[1]Base!$A$2:$P$65536,7,FALSE)),"",VLOOKUP('[1]cpte client'!$U11,[1]Base!$A$2:$P$65536,7,FALSE))) | AA11: =IF(ISERROR($U11),"",IF(ISBLANK(VLOOKUP('[1]cpte client'!$U11,[1]Base!$A$2:$P$65536,10,FALSE)),"",VLOOKUP('[1]cpte client'!$U11,[1]Base!$A$2:$P$65536,10,FALSE))) | AB11: =IF(ISERROR($U11),"",IF(ISBLANK(VLOOKUP('[1]cpte client'!$U11,[1]Base!$A$2:$P$65536,12,FALSE)),"",VLOOKUP('[1]cpte client'!$U11,[1]Base!$A$2:$P$65536,12,FALSE))) | AC11: =IF(ISERROR($U11),"",IF(ISBLANK(VLOOKUP('[1]cpte client'!$U11,[1]Base!$A$2:$P$65536,13,FALSE)),"",VLOOKUP('[1]cpte client'!$U11,[1]Base!$A$2:$P$65536,13,FALSE))) | AD11: =IF(AC11>0,0,AA11) -> 0
A12: {=INDEX([1]Base!$A$2:$A$65536,SMALL(IF(([1]Base!$C$2:$C$65536="XXX")*1=1,ROW([1]Base!$A$2:$A$65536)-MIN(ROW([1]Base!$A$2:$A$65536))+1),ROWS([1]Base!$A$2:$A11)))} -> #NUM! | B12: =IF(ISERROR($A12),"",IF(ISBLANK(VLOOKUP('[1]cpte client'!$A12,[1]Base!$A$2:$P$65536,2,FALSE)),"",VLOOKUP('[1]cpte client'!$A12,[1]Base!$A$2:$P$65536,2,FALSE))) | C12: =IF(ISERROR($A12),"",IF(ISBLANK(VLOOKUP('[1]cpte client'!$A12,[1]Base!$A$2:$P$65536,4,FALSE)),"",VLOOKUP('[1]cpte client'!$A12,[1]Base!$A$2:$P$65536,4,FALSE))) | D12: =IF(ISERROR($A12),"",IF(ISBLANK(VLOOKUP('[1]cpte client'!$A12,[1]Base!$A$2:$P$65536,6,FALSE)),"",VLOOKUP('[1]cpte client'!$A12,[1]Base!$A$2:$P$65536,6,FALSE))) | E12: =IF(ISERROR($A12),"",IF(ISBLANK(VLOOKUP('[1]cpte client'!$A12,[1]Base!$A$2:$P$65536,8,FALSE)),"",VLOOKUP('[1]cpte client'!$A12,[1]Base!$A$2:$P$65536,8,FALSE))) | F12: =IF(ISERROR($A12),"",IF(ISBLANK(VLOOKUP('[1]cpte client'!$A12,[1]Base!$A$2:$P$65536,7,FALSE)),"",VLOOKUP('[1]cpte client'!$A12,[1]Base!$A$2:$P$65536,7,FALSE))) | G12: =IF(ISERROR($A12),"",IF(ISBLANK(VLOOKUP('[1]cpte client'!$A12,[1]Base!$A$2:$P$65536,10,FALSE)),"",VLOOKUP('[1]cpte client'!$A12,[1]Base!$A$2:$P$65536,10,FALSE))) | H12: =IF(ISERROR($A12),"",IF(ISBLANK(VLOOKUP('[1]cpte client'!$A12,[1]Base!$A$2:$P$65536,12,FALSE)),"",VLOOKUP('[1]cpte client'!$A12,[1]Base!$A$2:$P$65536,12,FALSE))) | I12: =IF(ISERROR($A12),"",IF(ISBLANK(VLOOKUP('[1]cpte client'!$A12,[1]Base!$A$2:$P$65536,13,FALSE)),"",VLOOKUP('[1]cpte client'!$A12,[1]Base!$A$2:$P$65536,13,FALSE))) | J12: =IF(ISBLANK(I12),J11+G12,IFERROR(J11-F12,0)) -> 0 | K12: {=INDEX([1]Base!$A$2:$A$65536,SMALL(IF(([1]Base!$C$2:$C$65536="YYY")*1=1,ROW([1]Base!$A$2:$A$65536)-MIN(ROW([1]Base!$A$2:$A$65536))+1),ROWS([1]Base!$A$2:$A11)))} -> #NUM! | L12: =IF(ISERROR($K12),"",IF(ISBLANK(VLOOKUP('[1]cpte client'!$K12,[1]Base!$A$2:$P$65536,2,FALSE)),"",VLOOKUP('[1]cpte client'!$K12,[1]Base!$A$2:$P$65536,2,FALSE))) | M12: =IF(ISERROR($K12),"",IF(ISBLANK(VLOOKUP('[1]cpte client'!$K12,[1]Base!$A$2:$P$65536,4,FALSE)),"",VLOOKUP('[1]cpte client'!$K12,[1]Base!$A$2:$P$65536,4,FALSE))) | N12: =IF(ISERROR($K12),"",IF(ISBLANK(VLOOKUP('[1]cpte client'!$K12,[1]Base!$A$2:$P$65536,6,FALSE)),"",VLOOKUP('[1]cpte client'!$K12,[1]Base!$A$2:$P$65536,6,FALSE))) | O12: =IF(ISERROR($K12),"",IF(ISBLANK(VLOOKUP('[1]cpte client'!$K12,[1]Base!$A$2:$P$65536,8,FALSE)),"",VLOOKUP('[1]cpte client'!$K12,[1]Base!$A$2:$P$65536,8,FALSE))) | P12: =IF(ISERROR($K12),"",IF(ISBLANK(VLOOKUP('[1]cpte client'!$K12,[1]Base!$A$2:$P$65536,7,FALSE)),"",VLOOKUP('[1]cpte client'!$K12,[1]Base!$A$2:$P$65536,7,FALSE))) | Q12: =IF(ISERROR($K12),"",IF(ISBLANK(VLOOKUP('[1]cpte client'!$K12,[1]Base!$A$2:$P$65536,10,FALSE)),"",VLOOKUP('[1]cpte client'!$K12,[1]Base!$A$2:$P$65536,10,FALSE))) | R12: =IF(ISERROR($K12),"",IF(ISBLANK(VLOOKUP('[1]cpte client'!$K12,[1]Base!$A$2:$P$65536,12,FALSE)),"",VLOOKUP('[1]cpte client'!$K12,[1]Base!$A$2:$P$65536,12,FALSE))) | S12: =IF(ISERROR($K12),"",IF(ISBLANK(VLOOKUP('[1]cpte client'!$K12,[1]Base!$A$2:$P$65536,13,FALSE)),"",VLOOKUP('[1]cpte client'!$K12,[1]Base!$A$2:$P$65536,13,FALSE))) | T12: =IF(ISERROR(K12),"",IF(S12>0,T11-P12,T11+Q12)) | U12: {=INDEX([1]Base!$A$2:$A$65536,SMALL(IF(([1]Base!$C$2:$C$65536="ZZZ")*1=1,ROW([1]Base!$A$2:$A$65536)-MIN(ROW([1]Base!$A$2:$A$65536))+1),ROWS([1]Base!$A$2:$A11)))} -> #NUM! | V12: =IF(ISERROR($U12),"",IF(ISBLANK(VLOOKUP('[1]cpte client'!$U12,[1]Base!$A$2:$P$65536,2,FALSE)),"",VLOOKUP('[1]cpte client'!$U12,[1]Base!$A$2:$P$65536,2,FALSE))) | W12: =IF(ISERROR($U12),"",IF(ISBLANK(VLOOKUP('[1]cpte client'!$U12,[1]Base!$A$2:$P$65536,4,FALSE)),"",VLOOKUP('[1]cpte client'!$U12,[1]Base!$A$2:$P$65536,4,FALSE))) | X12: =IF(ISERROR($U12),"",IF(ISBLANK(VLOOKUP('[1]cpte client'!$U12,[1]Base!$A$2:$P$65536,6,FALSE)),"",VLOOKUP('[1]cpte client'!$U12,[1]Base!$A$2:$P$65536,6,FALSE))) | Y12: =IF(ISERROR($U12),"",IF(ISBLANK(VLOOKUP('[1]cpte client'!$U12,[1]Base!$A$2:$P$65536,8,FALSE)),"",VLOOKUP('[1]cpte client'!$U12,[1]Base!$A$2:$P$65536,8,FALSE))) | Z12: =IF(ISERROR($U12),"",IF(ISBLANK(VLOOKUP('[1]cpte client'!$U12,[1]Base!$A$2:$P$65536,7,FALSE)),"",VLOOKUP('[1]cpte client'!$U12,[1]Base!$A$2:$P$65536,7,FALSE))) | AA12: =IF(ISERROR($U12),"",IF(ISBLANK(VLOOKUP('[1]cpte client'!$U12,[1]Base!$A$2:$P$65536,10,FALSE)),"",VLOOKUP('[1]cpte client'!$U12,[1]Base!$A$2:$P$65536,10,FALSE))) | AB12: =IF(ISERROR($U12),"",IF(ISBLANK(VLOOKUP('[1]cpte client'!$U12,[1]Base!$A$2:$P$65536,12,FALSE)),"",VLOOKUP('[1]cpte client'!$U12,[1]Base!$A$2:$P$65536,12,FALSE))) | AC12: =IF(ISERROR($U12),"",IF(ISBLANK(VLOOKUP('[1]cpte client'!$U12,[1]Base!$A$2:$P$65536,13,FALSE)),"",VLOOKUP('[1]cpte client'!$U12,[1]Base!$A$2:$P$65536,13,FALSE))) | AD12: =IF(AC12>0,0,AA12) -> 0
A13: {=INDEX([1]Base!$A$2:$A$65536,SMALL(IF(([1]Base!$C$2:$C$65536="XXX")*1=1,ROW([1]Base!$A$2:$A$65536)-MIN(ROW([1]Base!$A$2:$A$65536))+1),ROWS([1]Base!$A$2:$A12)))} -> #NUM! | B13: =IF(ISERROR($A13),"",IF(ISBLANK(VLOOKUP('[1]cpte client'!$A13,[1]Base!$A$2:$P$65536,2,FALSE)),"",VLOOKUP('[1]cpte client'!$A13,[1]Base!$A$2:$P$65536,2,FALSE))) | C13: =IF(ISERROR($A13),"",IF(ISBLANK(VLOOKUP('[1]cpte client'!$A13,[1]Base!$A$2:$P$65536,4,FALSE)),"",VLOOKUP('[1]cpte client'!$A13,[1]Base!$A$2:$P$65536,4,FALSE))) | D13: =IF(ISERROR($A13),"",IF(ISBLANK(VLOOKUP('[1]cpte client'!$A13,[1]Base!$A$2:$P$65536,6,FALSE)),"",VLOOKUP('[1]cpte client'!$A13,[1]Base!$A$2:$P$65536,6,FALSE))) | E13: =IF(ISERROR($A13),"",IF(ISBLANK(VLOOKUP('[1]cpte client'!$A13,[1]Base!$A$2:$P$65536,8,FALSE)),"",VLOOKUP('[1]cpte client'!$A13,[1]Base!$A$2:$P$65536,8,FALSE))) | F13: =IF(ISERROR($A13),"",IF(ISBLANK(VLOOKUP('[1]cpte client'!$A13,[1]Base!$A$2:$P$65536,7,FALSE)),"",VLOOKUP('[1]cpte client'!$A13,[1]Base!$A$2:$P$65536,7,FALSE))) | G13: =IF(ISERROR($A13),"",IF(ISBLANK(VLOOKUP('[1]cpte client'!$A13,[1]Base!$A$2:$P$65536,10,FALSE)),"",VLOOKUP('[1]cpte client'!$A13,[1]Base!$A$2:$P$65536,10,FALSE))) | H13: =IF(ISERROR($A13),"",IF(ISBLANK(VLOOKUP('[1]cpte client'!$A13,[1]Base!$A$2:$P$65536,12,FALSE)),"",VLOOKUP('[1]cpte client'!$A13,[1]Base!$A$2:$P$65536,12,FALSE))) | I13: =IF(ISERROR($A13),"",IF(ISBLANK(VLOOKUP('[1]cpte client'!$A13,[1]Base!$A$2:$P$65536,13,FALSE)),"",VLOOKUP('[1]cpte client'!$A13,[1]Base!$A$2:$P$65536,13,FALSE))) | J13: =IF(ISBLANK(I13),J12+G13,IFERROR(J12-F13,0)) -> 0 | K13: {=INDEX([1]Base!$A$2:$A$65536,SMALL(IF(([1]Base!$C$2:$C$65536="YYY")*1=1,ROW([1]Base!$A$2:$A$65536)-MIN(ROW([1]Base!$A$2:$A$65536))+1),ROWS([1]Base!$A$2:$A12)))} -> #NUM! | L13: =IF(ISERROR($K13),"",IF(ISBLANK(VLOOKUP('[1]cpte client'!$K13,[1]Base!$A$2:$P$65536,2,FALSE)),"",VLOOKUP('[1]cpte client'!$K13,[1]Base!$A$2:$P$65536,2,FALSE))) | M13: =IF(ISERROR($K13),"",IF(ISBLANK(VLOOKUP('[1]cpte client'!$K13,[1]Base!$A$2:$P$65536,4,FALSE)),"",VLOOKUP('[1]cpte client'!$K13,[1]Base!$A$2:$P$65536,4,FALSE))) | N13: =IF(ISERROR($K13),"",IF(ISBLANK(VLOOKUP('[1]cpte client'!$K13,[1]Base!$A$2:$P$65536,6,FALSE)),"",VLOOKUP('[1]cpte client'!$K13,[1]Base!$A$2:$P$65536,6,FALSE))) | O13: =IF(ISERROR($K13),"",IF(ISBLANK(VLOOKUP('[1]cpte client'!$K13,[1]Base!$A$2:$P$65536,8,FALSE)),"",VLOOKUP('[1]cpte client'!$K13,[1]Base!$A$2:$P$65536,8,FALSE))) | P13: =IF(ISERROR($K13),"",IF(ISBLANK(VLOOKUP('[1]cpte client'!$K13,[1]Base!$A$2:$P$65536,7,FALSE)),"",VLOOKUP('[1]cpte client'!$K13,[1]Base!$A$2:$P$65536,7,FALSE))) | Q13: =IF(ISERROR($K13),"",IF(ISBLANK(VLOOKUP('[1]cpte client'!$K13,[1]Base!$A$2:$P$65536,10,FALSE)),"",VLOOKUP('[1]cpte client'!$K13,[1]Base!$A$2:$P$65536,10,FALSE))) | R13: =IF(ISERROR($K13),"",IF(ISBLANK(VLOOKUP('[1]cpte client'!$K13,[1]Base!$A$2:$P$65536,12,FALSE)),"",VLOOKUP('[1]cpte client'!$K13,[1]Base!$A$2:$P$65536,12,FALSE))) | S13: =IF(ISERROR($K13),"",IF(ISBLANK(VLOOKUP('[1]cpte client'!$K13,[1]Base!$A$2:$P$65536,13,FALSE)),"",VLOOKUP('[1]cpte client'!$K13,[1]Base!$A$2:$P$65536,13,FALSE))) | T13: =IF(ISERROR(K13),"",IF(S13>0,T12-P13,T12+Q13)) | U13: {=INDEX([1]Base!$A$2:$A$65536,SMALL(IF(([1]Base!$C$2:$C$65536="ZZZ")*1=1,ROW([1]Base!$A$2:$A$65536)-MIN(ROW([1]Base!$A$2:$A$65536))+1),ROWS([1]Base!$A$2:$A12)))} -> #NUM! | V13: =IF(ISERROR($U13),"",IF(ISBLANK(VLOOKUP('[1]cpte client'!$U13,[1]Base!$A$2:$P$65536,2,FALSE)),"",VLOOKUP('[1]cpte client'!$U13,[1]Base!$A$2:$P$65536,2,FALSE))) | W13: =IF(ISERROR($U13),"",IF(ISBLANK(VLOOKUP('[1]cpte client'!$U13,[1]Base!$A$2:$P$65536,4,FALSE)),"",VLOOKUP('[1]cpte client'!$U13,[1]Base!$A$2:$P$65536,4,FALSE))) | X13: =IF(ISERROR($U13),"",IF(ISBLANK(VLOOKUP('[1]cpte client'!$U13,[1]Base!$A$2:$P$65536,6,FALSE)),"",VLOOKUP('[1]cpte client'!$U13,[1]Base!$A$2:$P$65536,6,FALSE))) | Y13: =IF(ISERROR($U13),"",IF(ISBLANK(VLOOKUP('[1]cpte client'!$U13,[1]Base!$A$2:$P$65536,8,FALSE)),"",VLOOKUP('[1]cpte client'!$U13,[1]Base!$A$2:$P$65536,8,FALSE))) | Z13: =IF(ISERROR($U13),"",IF(ISBLANK(VLOOKUP('[1]cpte client'!$U13,[1]Base!$A$2:$P$65536,7,FALSE)),"",VLOOKUP('[1]cpte client'!$U13,[1]Base!$A$2:$P$65536,7,FALSE))) | AA13: =IF(ISERROR($U13),"",IF(ISBLANK(VLOOKUP('[1]cpte client'!$U13,[1]Base!$A$2:$P$65536,10,FALSE)),"",VLOOKUP('[1]cpte client'!$U13,[1]Base!$A$2:$P$65536,10,FALSE))) | AB13: =IF(ISERROR($U13),"",IF(ISBLANK(VLOOKUP('[1]cpte client'!$U13,[1]Base!$A$2:$P$65536,12,FALSE)),"",VLOOKUP('[1]cpte client'!$U13,[1]Base!$A$2:$P$65536,12,FALSE))) | AC13: =IF(ISERROR($U13),"",IF(ISBLANK(VLOOKUP('[1]cpte client'!$U13,[1]Base!$A$2:$P$65536,13,FALSE)),"",VLOOKUP('[1]cpte client'!$U13,[1]Base!$A$2:$P$65536,13,FALSE))) | AD13: =IF(AC13>0,0,AA13) -> 0
A14: {=INDEX([1]Base!$A$2:$A$65536,SMALL(IF(([1]Base!$C$2:$C$65536="XXX")*1=1,ROW([1]Base!$A$2:$A$65536)-MIN(ROW([1]Base!$A$2:$A$65536))+1),ROWS([1]Base!$A$2:$A13)))} -> #NUM! | B14: =IF(ISERROR($A14),"",IF(ISBLANK(VLOOKUP('[1]cpte client'!$A14,[1]Base!$A$2:$P$65536,2,FALSE)),"",VLOOKUP('[1]cpte client'!$A14,[1]Base!$A$2:$P$65536,2,FALSE))) | C14: =IF(ISERROR($A14),"",IF(ISBLANK(VLOOKUP('[1]cpte client'!$A14,[1]Base!$A$2:$P$65536,4,FALSE)),"",VLOOKUP('[1]cpte client'!$A14,[1]Base!$A$2:$P$65536,4,FALSE))) | D14: =IF(ISERROR($A14),"",IF(ISBLANK(VLOOKUP('[1]cpte client'!$A14,[1]Base!$A$2:$P$65536,6,FALSE)),"",VLOOKUP('[1]cpte client'!$A14,[1]Base!$A$2:$P$65536,6,FALSE))) | E14: =IF(ISERROR($A14),"",IF(ISBLANK(VLOOKUP('[1]cpte client'!$A14,[1]Base!$A$2:$P$65536,8,FALSE)),"",VLOOKUP('[1]cpte client'!$A14,[1]Base!$A$2:$P$65536,8,FALSE))) | F14: =IF(ISERROR($A14),"",IF(ISBLANK(VLOOKUP('[1]cpte client'!$A14,[1]Base!$A$2:$P$65536,7,FALSE)),"",VLOOKUP('[1]cpte client'!$A14,[1]Base!$A$2:$P$65536,7,FALSE))) | G14: =IF(ISERROR($A14),"",IF(ISBLANK(VLOOKUP('[1]cpte client'!$A14,[1]Base!$A$2:$P$65536,10,FALSE)),"",VLOOKUP('[1]cpte client'!$A14,[1]Base!$A$2:$P$65536,10,FALSE))) | H14: =IF(ISERROR($A14),"",IF(ISBLANK(VLOOKUP('[1]cpte client'!$A14,[1]Base!$A$2:$P$65536,12,FALSE)),"",VLOOKUP('[1]cpte client'!$A14,[1]Base!$A$2:$P$65536,12,FALSE))) | I14: =IF(ISERROR($A14),"",IF(ISBLANK(VLOOKUP('[1]cpte client'!$A14,[1]Base!$A$2:$P$65536,13,FALSE)),"",VLOOKUP('[1]cpte client'!$A14,[1]Base!$A$2:$P$65536,13,FALSE))) | J14: =IF(ISBLANK(I14),J13+G14,IFERROR(J13-F14,0)) -> 0 | K14: {=INDEX([1]Base!$A$2:$A$65536,SMALL(IF(([1]Base!$C$2:$C$65536="YYY")*1=1,ROW([1]Base!$A$2:$A$65536)-MIN(ROW([1]Base!$A$2:$A$65536))+1),ROWS([1]Base!$A$2:$A13)))} -> #NUM! | L14: =IF(ISERROR($K14),"",IF(ISBLANK(VLOOKUP('[1]cpte client'!$K14,[1]Base!$A$2:$P$65536,2,FALSE)),"",VLOOKUP('[1]cpte client'!$K14,[1]Base!$A$2:$P$65536,2,FALSE))) | M14: =IF(ISERROR($K14),"",IF(ISBLANK(VLOOKUP('[1]cpte client'!$K14,[1]Base!$A$2:$P$65536,4,FALSE)),"",VLOOKUP('[1]cpte client'!$K14,[1]Base!$A$2:$P$65536,4,FALSE))) | N14: =IF(ISERROR($K14),"",IF(ISBLANK(VLOOKUP('[1]cpte client'!$K14,[1]Base!$A$2:$P$65536,6,FALSE)),"",VLOOKUP('[1]cpte client'!$K14,[1]Base!$A$2:$P$65536,6,FALSE))) | O14: =IF(ISERROR($K14),"",IF(ISBLANK(VLOOKUP('[1]cpte client'!$K14,[1]Base!$A$2:$P$65536,8,FALSE)),"",VLOOKUP('[1]cpte client'!$K14,[1]Base!$A$2:$P$65536,8,FALSE))) | P14: =IF(ISERROR($K14),"",IF(ISBLANK(VLOOKUP('[1]cpte client'!$K14,[1]Base!$A$2:$P$65536,7,FALSE)),"",VLOOKUP('[1]cpte client'!$K14,[1]Base!$A$2:$P$65536,7,FALSE))) | Q14: =IF(ISERROR($K14),"",IF(ISBLANK(VLOOKUP('[1]cpte client'!$K14,[1]Base!$A$2:$P$65536,10,FALSE)),"",VLOOKUP('[1]cpte client'!$K14,[1]Base!$A$2:$P$65536,10,FALSE))) | R14: =IF(ISERROR($K14),"",IF(ISBLANK(VLOOKUP('[1]cpte client'!$K14,[1]Base!$A$2:$P$65536,12,FALSE)),"",VLOOKUP('[1]cpte client'!$K14,[1]Base!$A$2:$P$65536,12,FALSE))) | S14: =IF(ISERROR($K14),"",IF(ISBLANK(VLOOKUP('[1]cpte client'!$K14,[1]Base!$A$2:$P$65536,13,FALSE)),"",VLOOKUP('[1]cpte client'!$K14,[1]Base!$A$2:$P$65536,13,FALSE))) | T14: =IF(ISERROR(K14),"",IF(S14>0,T13-P14,T13+Q14)) | U14: {=INDEX([1]Base!$A$2:$A$65536,SMALL(IF(([1]Base!$C$2:$C$65536="ZZZ")*1=1,ROW([1]Base!$A$2:$A$65536)-MIN(ROW([1]Base!$A$2:$A$65536))+1),ROWS([1]Base!$A$2:$A13)))} -> #NUM! | V14: =IF(ISERROR($U14),"",IF(ISBLANK(VLOOKUP('[1]cpte client'!$U14,[1]Base!$A$2:$P$65536,2,FALSE)),"",VLOOKUP('[1]cpte client'!$U14,[1]Base!$A$2:$P$65536,2,FALSE))) | W14: =IF(ISERROR($U14),"",IF(ISBLANK(VLOOKUP('[1]cpte client'!$U14,[1]Base!$A$2:$P$65536,4,FALSE)),"",VLOOKUP('[1]cpte client'!$U14,[1]Base!$A$2:$P$65536,4,FALSE))) | X14: =IF(ISERROR($U14),"",IF(ISBLANK(VLOOKUP('[1]cpte client'!$U14,[1]Base!$A$2:$P$65536,6,FALSE)),"",VLOOKUP('[1]cpte client'!$U14,[1]Base!$A$2:$P$65536,6,FALSE))) | Y14: =IF(ISERROR($U14),"",IF(ISBLANK(VLOOKUP('[1]cpte client'!$U14,[1]Base!$A$2:$P$65536,8,FALSE)),"",VLOOKUP('[1]cpte client'!$U14,[1]Base!$A$2:$P$65536,8,FALSE))) | Z14: =IF(ISERROR($U14),"",IF(ISBLANK(VLOOKUP('[1]cpte client'!$U14,[1]Base!$A$2:$P$65536,7,FALSE)),"",VLOOKUP('[1]cpte client'!$U14,[1]Base!$A$2:$P$65536,7,FALSE))) | AA14: =IF(ISERROR($U14),"",IF(ISBLANK(VLOOKUP('[1]cpte client'!$U14,[1]Base!$A$2:$P$65536,10,FALSE)),"",VLOOKUP('[1]cpte client'!$U14,[1]Base!$A$2:$P$65536,10,FALSE))) | AB14: =IF(ISERROR($U14),"",IF(ISBLANK(VLOOKUP('[1]cpte client'!$U14,[1]Base!$A$2:$P$65536,12,FALSE)),"",VLOOKUP('[1]cpte client'!$U14,[1]Base!$A$2:$P$65536,12,FALSE))) | AC14: =IF(ISERROR($U14),"",IF(ISBLANK(VLOOKUP('[1]cpte client'!$U14,[1]Base!$A$2:$P$65536,13,FALSE)),"",VLOOKUP('[1]cpte client'!$U14,[1]Base!$A$2:$P$65536,13,FALSE))) | AD14: =IF(AC14>0,0,AA14) -> 0
A15: {=INDEX([1]Base!$A$2:$A$65536,SMALL(IF(([1]Base!$C$2:$C$65536="XXX")*1=1,ROW([1]Base!$A$2:$A$65536)-MIN(ROW([1]Base!$A$2:$A$65536))+1),ROWS([1]Base!$A$2:$A14)))} -> #NUM! | B15: =IF(ISERROR($A15),"",IF(ISBLANK(VLOOKUP('[1]cpte client'!$A15,[1]Base!$A$2:$P$65536,2,FALSE)),"",VLOOKUP('[1]cpte client'!$A15,[1]Base!$A$2:$P$65536,2,FALSE))) | C15: =IF(ISERROR($A15),"",IF(ISBLANK(VLOOKUP('[1]cpte client'!$A15,[1]Base!$A$2:$P$65536,4,FALSE)),"",VLOOKUP('[1]cpte client'!$A15,[1]Base!$A$2:$P$65536,4,FALSE))) | D15: =IF(ISERROR($A15),"",IF(ISBLANK(VLOOKUP('[1]cpte client'!$A15,[1]Base!$A$2:$P$65536,6,FALSE)),"",VLOOKUP('[1]cpte client'!$A15,[1]Base!$A$2:$P$65536,6,FALSE))) | E15: =IF(ISERROR($A15),"",IF(ISBLANK(VLOOKUP('[1]cpte client'!$A15,[1]Base!$A$2:$P$65536,8,FALSE)),"",VLOOKUP('[1]cpte client'!$A15,[1]Base!$A$2:$P$65536,8,FALSE))) | F15: =IF(ISERROR($A15),"",IF(ISBLANK(VLOOKUP('[1]cpte client'!$A15,[1]Base!$A$2:$P$65536,7,FALSE)),"",VLOOKUP('[1]cpte client'!$A15,[1]Base!$A$2:$P$65536,7,FALSE))) | G15: =IF(ISERROR($A15),"",IF(ISBLANK(VLOOKUP('[1]cpte client'!$A15,[1]Base!$A$2:$P$65536,10,FALSE)),"",VLOOKUP('[1]cpte client'!$A15,[1]Base!$A$2:$P$65536,10,FALSE))) | H15: =IF(ISERROR($A15),"",IF(ISBLANK(VLOOKUP('[1]cpte client'!$A15,[1]Base!$A$2:$P$65536,12,FALSE)),"",VLOOKUP('[1]cpte client'!$A15,[1]Base!$A$2:$P$65536,12,FALSE))) | I15: =IF(ISERROR($A15),"",IF(ISBLANK(VLOOKUP('[1]cpte client'!$A15,[1]Base!$A$2:$P$65536,13,FALSE)),"",VLOOKUP('[1]cpte client'!$A15,[1]Base!$A$2:$P$65536,13,FALSE))) | J15: =IF(ISBLANK(I15),J14+G15,IFERROR(J14-F15,0)) -> 0 | K15: {=INDEX([1]Base!$A$2:$A$65536,SMALL(IF(([1]Base!$C$2:$C$65536="YYY")*1=1,ROW([1]Base!$A$2:$A$65536)-MIN(ROW([1]Base!$A$2:$A$65536))+1),ROWS([1]Base!$A$2:$A14)))} -> #NUM! | L15: =IF(ISERROR($K15),"",IF(ISBLANK(VLOOKUP('[1]cpte client'!$K15,[1]Base!$A$2:$P$65536,2,FALSE)),"",VLOOKUP('[1]cpte client'!$K15,[1]Base!$A$2:$P$65536,2,FALSE))) | M15: =IF(ISERROR($K15),"",IF(ISBLANK(VLOOKUP('[1]cpte client'!$K15,[1]Base!$A$2:$P$65536,4,FALSE)),"",VLOOKUP('[1]cpte client'!$K15,[1]Base!$A$2:$P$65536,4,FALSE))) | N15: =IF(ISERROR($K15),"",IF(ISBLANK(VLOOKUP('[1]cpte client'!$K15,[1]Base!$A$2:$P$65536,6,FALSE)),"",VLOOKUP('[1]cpte client'!$K15,[1]Base!$A$2:$P$65536,6,FALSE))) | O15: =IF(ISERROR($K15),"",IF(ISBLANK(VLOOKUP('[1]cpte client'!$K15,[1]Base!$A$2:$P$65536,8,FALSE)),"",VLOOKUP('[1]cpte client'!$K15,[1]Base!$A$2:$P$65536,8,FALSE))) | P15: =IF(ISERROR($K15),"",IF(ISBLANK(VLOOKUP('[1]cpte client'!$K15,[1]Base!$A$2:$P$65536,7,FALSE)),"",VLOOKUP('[1]cpte client'!$K15,[1]Base!$A$2:$P$65536,7,FALSE))) | Q15: =IF(ISERROR($K15),"",IF(ISBLANK(VLOOKUP('[1]cpte client'!$K15,[1]Base!$A$2:$P$65536,10,FALSE)),"",VLOOKUP('[1]cpte client'!$K15,[1]Base!$A$2:$P$65536,10,FALSE))) | R15: =IF(ISERROR($K15),"",IF(ISBLANK(VLOOKUP('[1]cpte client'!$K15,[1]Base!$A$2:$P$65536,12,FALSE)),"",VLOOKUP('[1]cpte client'!$K15,[1]Base!$A$2:$P$65536,12,FALSE))) | S15: =IF(ISERROR($K15),"",IF(ISBLANK(VLOOKUP('[1]cpte client'!$K15,[1]Base!$A$2:$P$65536,13,FALSE)),"",VLOOKUP('[1]cpte client'!$K15,[1]Base!$A$2:$P$65536,13,FALSE))) | T15: =IF(ISERROR(K15),"",IF(S15>0,T14-P15,T14+Q15)) | U15: {=INDEX([1]Base!$A$2:$A$65536,SMALL(IF(([1]Base!$C$2:$C$65536="ZZZ")*1=1,ROW([1]Base!$A$2:$A$65536)-MIN(ROW([1]Base!$A$2:$A$65536))+1),ROWS([1]Base!$A$2:$A14)))} -> #NUM! | V15: =IF(ISERROR($U15),"",IF(ISBLANK(VLOOKUP('[1]cpte client'!$U15,[1]Base!$A$2:$P$65536,2,FALSE)),"",VLOOKUP('[1]cpte client'!$U15,[1]Base!$A$2:$P$65536,2,FALSE))) | W15: =IF(ISERROR($U15),"",IF(ISBLANK(VLOOKUP('[1]cpte client'!$U15,[1]Base!$A$2:$P$65536,4,FALSE)),"",VLOOKUP('[1]cpte client'!$U15,[1]Base!$A$2:$P$65536,4,FALSE))) | X15: =IF(ISERROR($U15),"",IF(ISBLANK(VLOOKUP('[1]cpte client'!$U15,[1]Base!$A$2:$P$65536,6,FALSE)),"",VLOOKUP('[1]cpte client'!$U15,[1]Base!$A$2:$P$65536,6,FALSE))) | Y15: =IF(ISERROR($U15),"",IF(ISBLANK(VLOOKUP('[1]cpte client'!$U15,[1]Base!$A$2:$P$65536,8,FALSE)),"",VLOOKUP('[1]cpte client'!$U15,[1]Base!$A$2:$P$65536,8,FALSE))) | Z15: =IF(ISERROR($U15),"",IF(ISBLANK(VLOOKUP('[1]cpte client'!$U15,[1]Base!$A$2:$P$65536,7,FALSE)),"",VLOOKUP('[1]cpte client'!$U15,[1]Base!$A$2:$P$65536,7,FALSE))) | AA15: =IF(ISERROR($U15),"",IF(ISBLANK(VLOOKUP('[1]cpte client'!$U15,[1]Base!$A$2:$P$65536,10,FALSE)),"",VLOOKUP('[1]cpte client'!$U15,[1]Base!$A$2:$P$65536,10,FALSE))) | AB15: =IF(ISERROR($U15),"",IF(ISBLANK(VLOOKUP('[1]cpte client'!$U15,[1]Base!$A$2:$P$65536,12,FALSE)),"",VLOOKUP('[1]cpte client'!$U15,[1]Base!$A$2:$P$65536,12,FALSE))) | AC15: =IF(ISERROR($U15),"",IF(ISBLANK(VLOOKUP('[1]cpte client'!$U15,[1]Base!$A$2:$P$65536,13,FALSE)),"",VLOOKUP('[1]cpte client'!$U15,[1]Base!$A$2:$P$65536,13,FALSE))) | AD15: =IF(AC15>0,0,AA15) -> 0
A16: {=INDEX([1]Base!$A$2:$A$65536,SMALL(IF(([1]Base!$C$2:$C$65536="XXX")*1=1,ROW([1]Base!$A$2:$A$65536)-MIN(ROW([1]Base!$A$2:$A$65536))+1),ROWS([1]Base!$A$2:$A15)))} -> #NUM! | B16: =IF(ISERROR($A16),"",IF(ISBLANK(VLOOKUP('[1]cpte client'!$A16,[1]Base!$A$2:$P$65536,2,FALSE)),"",VLOOKUP('[1]cpte client'!$A16,[1]Base!$A$2:$P$65536,2,FALSE))) | C16: =IF(ISERROR($A16),"",IF(ISBLANK(VLOOKUP('[1]cpte client'!$A16,[1]Base!$A$2:$P$65536,4,FALSE)),"",VLOOKUP('[1]cpte client'!$A16,[1]Base!$A$2:$P$65536,4,FALSE))) | D16: =IF(ISERROR($A16),"",IF(ISBLANK(VLOOKUP('[1]cpte client'!$A16,[1]Base!$A$2:$P$65536,6,FALSE)),"",VLOOKUP('[1]cpte client'!$A16,[1]Base!$A$2:$P$65536,6,FALSE))) | E16: =IF(ISERROR($A16),"",IF(ISBLANK(VLOOKUP('[1]cpte client'!$A16,[1]Base!$A$2:$P$65536,8,FALSE)),"",VLOOKUP('[1]cpte client'!$A16,[1]Base!$A$2:$P$65536,8,FALSE))) | F16: =IF(ISERROR($A16),"",IF(ISBLANK(VLOOKUP('[1]cpte client'!$A16,[1]Base!$A$2:$P$65536,7,FALSE)),"",VLOOKUP('[1]cpte client'!$A16,[1]Base!$A$2:$P$65536,7,FALSE))) | G16: =IF(ISERROR($A16),"",IF(ISBLANK(VLOOKUP('[1]cpte client'!$A16,[1]Base!$A$2:$P$65536,10,FALSE)),"",VLOOKUP('[1]cpte client'!$A16,[1]Base!$A$2:$P$65536,10,FALSE))) | H16: =IF(ISERROR($A16),"",IF(ISBLANK(VLOOKUP('[1]cpte client'!$A16,[1]Base!$A$2:$P$65536,12,FALSE)),"",VLOOKUP('[1]cpte client'!$A16,[1]Base!$A$2:$P$65536,12,FALSE))) | I16: =IF(ISERROR($A16),"",IF(ISBLANK(VLOOKUP('[1]cpte client'!$A16,[1]Base!$A$2:$P$65536,13,FALSE)),"",VLOOKUP('[1]cpte client'!$A16,[1]Base!$A$2:$P$65536,13,FALSE))) | J16: =IF(ISBLANK(I16),J15+G16,IFERROR(J15-F16,0)) -> 0 | K16: {=INDEX([1]Base!$A$2:$A$65536,SMALL(IF(([1]Base!$C$2:$C$65536="YYY")*1=1,ROW([1]Base!$A$2:$A$65536)-MIN(ROW([1]Base!$A$2:$A$65536))+1),ROWS([1]Base!$A$2:$A15)))} -> #NUM! | L16: =IF(ISERROR($K16),"",IF(ISBLANK(VLOOKUP('[1]cpte client'!$K16,[1]Base!$A$2:$P$65536,2,FALSE)),"",VLOOKUP('[1]cpte client'!$K16,[1]Base!$A$2:$P$65536,2,FALSE))) | M16: =IF(ISERROR($K16),"",IF(ISBLANK(VLOOKUP('[1]cpte client'!$K16,[1]Base!$A$2:$P$65536,4,FALSE)),"",VLOOKUP('[1]cpte client'!$K16,[1]Base!$A$2:$P$65536,4,FALSE))) | N16: =IF(ISERROR($K16),"",IF(ISBLANK(VLOOKUP('[1]cpte client'!$K16,[1]Base!$A$2:$P$65536,6,FALSE)),"",VLOOKUP('[1]cpte client'!$K16,[1]Base!$A$2:$P$65536,6,FALSE))) | O16: =IF(ISERROR($K16),"",IF(ISBLANK(VLOOKUP('[1]cpte client'!$K16,[1]Base!$A$2:$P$65536,8,FALSE)),"",VLOOKUP('[1]cpte client'!$K16,[1]Base!$A$2:$P$65536,8,FALSE))) | P16: =IF(ISERROR($K16),"",IF(ISBLANK(VLOOKUP('[1]cpte client'!$K16,[1]Base!$A$2:$P$65536,7,FALSE)),"",VLOOKUP('[1]cpte client'!$K16,[1]Base!$A$2:$P$65536,7,FALSE))) | Q16: =IF(ISERROR($K16),"",IF(ISBLANK(VLOOKUP('[1]cpte client'!$K16,[1]Base!$A$2:$P$65536,10,FALSE)),"",VLOOKUP('[1]cpte client'!$K16,[1]Base!$A$2:$P$65536,10,FALSE))) | R16: =IF(ISERROR($K16),"",IF(ISBLANK(VLOOKUP('[1]cpte client'!$K16,[1]Base!$A$2:$P$65536,12,FALSE)),"",VLOOKUP('[1]cpte client'!$K16,[1]Base!$A$2:$P$65536,12,FALSE))) | S16: =IF(ISERROR($K16),"",IF(ISBLANK(VLOOKUP('[1]cpte client'!$K16,[1]Base!$A$2:$P$65536,13,FALSE)),"",VLOOKUP('[1]cpte client'!$K16,[1]Base!$A$2:$P$65536,13,FALSE))) | T16: =IF(ISERROR(K16),"",IF(S16>0,T15-P16,T15+Q16)) | U16: {=INDEX([1]Base!$A$2:$A$65536,SMALL(IF(([1]Base!$C$2:$C$65536="ZZZ")*1=1,ROW([1]Base!$A$2:$A$65536)-MIN(ROW([1]Base!$A$2:$A$65536))+1),ROWS([1]Base!$A$2:$A15)))} -> #NUM! | V16: =IF(ISERROR($U16),"",IF(ISBLANK(VLOOKUP('[1]cpte client'!$U16,[1]Base!$A$2:$P$65536,2,FALSE)),"",VLOOKUP('[1]cpte client'!$U16,[1]Base!$A$2:$P$65536,2,FALSE))) | W16: =IF(ISERROR($U16),"",IF(ISBLANK(VLOOKUP('[1]cpte client'!$U16,[1]Base!$A$2:$P$65536,4,FALSE)),"",VLOOKUP('[1]cpte client'!$U16,[1]Base!$A$2:$P$65536,4,FALSE))) | X16: =IF(ISERROR($U16),"",IF(ISBLANK(VLOOKUP('[1]cpte client'!$U16,[1]Base!$A$2:$P$65536,6,FALSE)),"",VLOOKUP('[1]cpte client'!$U16,[1]Base!$A$2:$P$65536,6,FALSE))) | Y16: =IF(ISERROR($U16),"",IF(ISBLANK(VLOOKUP('[1]cpte client'!$U16,[1]Base!$A$2:$P$65536,8,FALSE)),"",VLOOKUP('[1]cpte client'!$U16,[1]Base!$A$2:$P$65536,8,FALSE))) | Z16: =IF(ISERROR($U16),"",IF(ISBLANK(VLOOKUP('[1]cpte client'!$U16,[1]Base!$A$2:$P$65536,7,FALSE)),"",VLOOKUP('[1]cpte client'!$U16,[1]Base!$A$2:$P$65536,7,FALSE))) | AA16: =IF(ISERROR($U16),"",IF(ISBLANK(VLOOKUP('[1]cpte client'!$U16,[1]Base!$A$2:$P$65536,10,FALSE)),"",VLOOKUP('[1]cpte client'!$U16,[1]Base!$A$2:$P$65536,10,FALSE))) | AB16: =IF(ISERROR($U16),"",IF(ISBLANK(VLOOKUP('[1]cpte client'!$U16,[1]Base!$A$2:$P$65536,12,FALSE)),"",VLOOKUP('[1]cpte client'!$U16,[1]Base!$A$2:$P$65536,12,FALSE))) | AC16: =IF(ISERROR($U16),"",IF(ISBLANK(VLOOKUP('[1]cpte client'!$U16,[1]Base!$A$2:$P$65536,13,FALSE)),"",VLOOKUP('[1]cpte client'!$U16,[1]Base!$A$2:$P$65536,13,FALSE))) | AD16: =IF(AC16>0,0,AA16) -> 0
... A35: {=INDEX([1]Base!$A$2:$A$65536,SMALL(IF(([1]Base!$C$2:$C$65536="XXX")*1=1,ROW([1]Base!$A$2:$A$65536)-MIN(ROW([1]Base!$A$2:$A$65536))+1),ROWS([1]Base!$A$2:$A34)))} -> #NUM! | B35: =IF(ISERROR($A35),"",IF(ISBLANK(VLOOKUP('[1]cpte client'!$A35,[1]Base!$A$2:$P$65536,2,FALSE)),"",VLOOKUP('[1]cpte client'!$A35,[1]Base!$A$2:$P$65536,2,FALSE))) | C35: =IF(ISERROR($A35),"",IF(ISBLANK(VLOOKUP('[1]cpte client'!$A35,[1]Base!$A$2:$P$65536,4,FALSE)),"",VLOOKUP('[1]cpte client'!$A35,[1]Base!$A$2:$P$65536,4,FALSE))) | D35: =IF(ISERROR($A35),"",IF(ISBLANK(VLOOKUP('[1]cpte client'!$A35,[1]Base!$A$2:$P$65536,6,FALSE)),"",VLOOKUP('[1]cpte client'!$A35,[1]Base!$A$2:$P$65536,6,FALSE))) | E35: =IF(ISERROR($A35),"",IF(ISBLANK(VLOOKUP('[1]cpte client'!$A35,[1]Base!$A$2:$P$65536,8,FALSE)),"",VLOOKUP('[1]cpte client'!$A35,[1]Base!$A$2:$P$65536,8,FALSE))) | F35: =IF(ISERROR($A35),"",IF(ISBLANK(VLOOKUP('[1]cpte client'!$A35,[1]Base!$A$2:$P$65536,7,FALSE)),"",VLOOKUP('[1]cpte client'!$A35,[1]Base!$A$2:$P$65536,7,FALSE))) | G35: =IF(ISERROR($A35),"",IF(ISBLANK(VLOOKUP('[1]cpte client'!$A35,[1]Base!$A$2:$P$65536,10,FALSE)),"",VLOOKUP('[1]cpte client'!$A35,[1]Base!$A$2:$P$65536,10,FALSE))) | H35: =IF(ISERROR($A35),"",IF(ISBLANK(VLOOKUP('[1]cpte client'!$A35,[1]Base!$A$2:$P$65536,12,FALSE)),"",VLOOKUP('[1]cpte client'!$A35,[1]Base!$A$2:$P$65536,12,FALSE))) | I35: =IF(ISERROR($A35),"",IF(ISBLANK(VLOOKUP('[1]cpte client'!$A35,[1]Base!$A$2:$P$65536,13,FALSE)),"",VLOOKUP('[1]cpte client'!$A35,[1]Base!$A$2:$P$65536,13,FALSE))) | J35: =IF(ISBLANK(I35),J34+G35,IFERROR(J34-F35,0)) -> 0 | K35: {=INDEX([1]Base!$A$2:$A$65536,SMALL(IF(([1]Base!$C$2:$C$65536="YYY")*1=1,ROW([1]Base!$A$2:$A$65536)-MIN(ROW([1]Base!$A$2:$A$65536))+1),ROWS([1]Base!$A$2:$A34)))} -> #NUM! | L35: =IF(ISERROR($K35),"",IF(ISBLANK(VLOOKUP('[1]cpte client'!$K35,[1]Base!$A$2:$P$65536,2,FALSE)),"",VLOOKUP('[1]cpte client'!$K35,[1]Base!$A$2:$P$65536,2,FALSE))) | M35: =IF(ISERROR($K35),"",IF(ISBLANK(VLOOKUP('[1]cpte client'!$K35,[1]Base!$A$2:$P$65536,4,FALSE)),"",VLOOKUP('[1]cpte client'!$K35,[1]Base!$A$2:$P$65536,4,FALSE))) | N35: =IF(ISERROR($K35),"",IF(ISBLANK(VLOOKUP('[1]cpte client'!$K35,[1]Base!$A$2:$P$65536,6,FALSE)),"",VLOOKUP('[1]cpte client'!$K35,[1]Base!$A$2:$P$65536,6,FALSE))) | O35: =IF(ISERROR($K35),"",IF(ISBLANK(VLOOKUP('[1]cpte client'!$K35,[1]Base!$A$2:$P$65536,8,FALSE)),"",VLOOKUP('[1]cpte client'!$K35,[1]Base!$A$2:$P$65536,8,FALSE))) | P35: =IF(ISERROR($K35),"",IF(ISBLANK(VLOOKUP('[1]cpte client'!$K35,[1]Base!$A$2:$P$65536,7,FALSE)),"",VLOOKUP('[1]cpte client'!$K35,[1]Base!$A$2:$P$65536,7,FALSE))) | Q35: =IF(ISERROR($K35),"",IF(ISBLANK(VLOOKUP('[1]cpte client'!$K35,[1]Base!$A$2:$P$65536,10,FALSE)),"",VLOOKUP('[1]cpte client'!$K35,[1]Base!$A$2:$P$65536,10,FALSE))) | R35: =IF(ISERROR($K35),"",IF(ISBLANK(VLOOKUP('[1]cpte client'!$K35,[1]Base!$A$2:$P$65536,12,FALSE)),"",VLOOKUP('[1]cpte client'!$K35,[1]Base!$A$2:$P$65536,12,FALSE))) | S35: =IF(ISERROR($K35),"",IF(ISBLANK(VLOOKUP('[1]cpte client'!$K35,[1]Base!$A$2:$P$65536,13,FALSE)),"",VLOOKUP('[1]cpte client'!$K35,[1]Base!$A$2:$P$65536,13,FALSE))) | T35: =IF(ISERROR(K35),"",IF(S35>0,T34-P35,T34+Q35)) | U35: {=INDEX([1]Base!$A$2:$A$65536,SMALL(IF(([1]Base!$C$2:$C$65536="ZZZ")*1=1,ROW([1]Base!$A$2:$A$65536)-MIN(ROW([1]Base!$A$2:$A$65536))+1),ROWS([1]Base!$A$2:$A34)))} -> #NUM! | V35: =IF(ISERROR($U35),"",IF(ISBLANK(VLOOKUP('[1]cpte client'!$U35,[1]Base!$A$2:$P$65536,2,FALSE)),"",VLOOKUP('[1]cpte client'!$U35,[1]Base!$A$2:$P$65536,2,FALSE))) | W35: =IF(ISERROR($U35),"",IF(ISBLANK(VLOOKUP('[1]cpte client'!$U35,[1]Base!$A$2:$P$65536,4,FALSE)),"",VLOOKUP('[1]cpte client'!$U35,[1]Base!$A$2:$P$65536,4,FALSE))) | X35: =IF(ISERROR($U35),"",IF(ISBLANK(VLOOKUP('[1]cpte client'!$U35,[1]Base!$A$2:$P$65536,6,FALSE)),"",VLOOKUP('[1]cpte client'!$U35,[1]Base!$A$2:$P$65536,6,FALSE))) | Y35: =IF(ISERROR($U35),"",IF(ISBLANK(VLOOKUP('[1]cpte client'!$U35,[1]Base!$A$2:$P$65536,8,FALSE)),"",VLOOKUP('[1]cpte client'!$U35,[1]Base!$A$2:$P$65536,8,FALSE))) | Z35: =IF(ISERROR($U35),"",IF(ISBLANK(VLOOKUP('[1]cpte client'!$U35,[1]Base!$A$2:$P$65536,7,FALSE)),"",VLOOKUP('[1]cpte client'!$U35,[1]Base!$A$2:$P$65536,7,FALSE))) | AA35: =IF(ISERROR($U35),"",IF(ISBLANK(VLOOKUP('[1]cpte client'!$U35,[1]Base!$A$2:$P$65536,10,FALSE)),"",VLOOKUP('[1]cpte client'!$U35,[1]Base!$A$2:$P$65536,10,FALSE))) | AB35: =IF(ISERROR($U35),"",IF(ISBLANK(VLOOKUP('[1]cpte client'!$U35,[1]Base!$A$2:$P$65536,12,FALSE)),"",VLOOKUP('[1]cpte client'!$U35,[1]Base!$A$2:$P$65536,12,FALSE))) | AC35: =IF(ISERROR($U35),"",IF(ISBLANK(VLOOKUP('[1]cpte client'!$U35,[1]Base!$A$2:$P$65536,13,FALSE)),"",VLOOKUP('[1]cpte client'!$U35,[1]Base!$A$2:$P$65536,13,FALSE))) | AD35: =IF(AC35>0,0,AA35) -> 0

Sheet TRESORERIE
A1: JANVIER | K1: FEVRIER | U1: MARS | AE1: AVRIL | AO1: MAI
B2: Date | C2: Client | D2: Numéro de facture | E2: Mode de paiement | F2: Objet de l'opération | G2: Débit | H2: Crédit | I2: Solde | J2: BQUE | L2: Date | M2: Client | N2: Numéro de facture | O2: Mode de paiement | P2: Objet de l'opération | Q2: Débit | R2: Crédit | S2: Solde | T2: BQUE | V2: Date | W2: Client | X2: Numéro de facture | Y2: Mode de paiement | Z2: Objet de l'opération | AA2: Débit | AB2: Crédit | AC2: Solde | AD2: BQUE | AF2: Date | AG2: Client | AH2: Numéro de facture | AI2: Mode de paiement | AJ2: Objet de l'opération | AK2: Débit | AL2: Crédit | AM2: Solde | AN2: BQUE | AP2: Date | AQ2: Client | AR2: Numéro de facture | AS2: Mode de paiement | AT2: Objet de l'opération | AU2: Débit | AV2: Crédit | AW2: Solde | AX2: BQUE
A3: {=INDEX([1]Base!$A$2:$A$65536,SMALL(IF(MONTH([1]Base!$B$2:$B$65536)=1,ROW([1]Base!$A$2:$A$65536)-MIN(ROW([1]Base!$A$2:$A$65536))+1),ROWS([1]Base!$A$2:$A2)))} -> 6 | B3: =IF(VLOOKUP([1]Trésorerie!$A3,[1]Base!$A$2:$P$65536,2,FALSE)="","",VLOOKUP([1]Trésorerie!$A3,[1]Base!$A$2:$P$65536,2,FALSE)) | C3: =IF(VLOOKUP([1]Trésorerie!$A3,[1]Base!$A$2:$P$65536,2,FALSE)="","",VLOOKUP([1]Trésorerie!$A3,[1]Base!$A$2:$P$65536,3,FALSE)) | D3: =IF(VLOOKUP([1]Trésorerie!$A3,[1]Base!$A$2:$P$65536,2,FALSE)="","",VLOOKUP([1]Trésorerie!$A3,[1]Base!$A$2:$P$65536,8,FALSE)) | E3: =IF(VLOOKUP([1]Trésorerie!$A3,[1]Base!$A$2:$P$65536,2,FALSE)="","",VLOOKUP([1]Trésorerie!$A3,[1]Base!$A$2:$P$65536,14,FALSE)) | F3: =IF(VLOOKUP([1]Trésorerie!$A3,[1]Base!$A$2:$P$65536,2,FALSE)="","",VLOOKUP([1]Trésorerie!$A3,[1]Base!$A$2:$P$65536,5,FALSE)) | G3: =IF(VLOOKUP([1]Trésorerie!$A3,[1]Base!$A$2:$P$65536,2,FALSE)="","",VLOOKUP([1]Trésorerie!$A3,[1]Base!$A$2:$P$65536,15,FALSE)) | H3: =IF(VLOOKUP([1]Trésorerie!$A3,[1]Base!$A$2:$P$65536,2,FALSE)="","",VLOOKUP([1]Trésorerie!$A3,[1]Base!$A$2:$P$65536,16,FALSE)) | I3: 0 | L3: REPORT | S3: 0 | V3: REPORT | AC3: 0 | AF3: REPORT | AM3: =LOOKUP(9^9,AC:AC) -> 260.49 | AP3: REPORT | AW3: =LOOKUP(9^9,AM:AM) -> 1421.96
A4: {=INDEX([1]Base!$A$2:$A$65536,SMALL(IF(MONTH([1]Base!$B$2:$B$65536)=1,ROW([1]Base!$A$2:$A$65536)-MIN(ROW([1]Base!$A$2:$A$65536))+1),ROWS([1]Base!$A$2:$A3)))} -> 9 | B4: =IF(VLOOKUP([1]Trésorerie!$A4,[1]Base!$A$2:$P$65536,2,FALSE)="","",VLOOKUP([1]Trésorerie!$A4,[1]Base!$A$2:$P$65536,2,FALSE)) | C4: =IF(VLOOKUP([1]Trésorerie!$A4,[1]Base!$A$2:$P$65536,2,FALSE)="","",VLOOKUP([1]Trésorerie!$A4,[1]Base!$A$2:$P$65536,3,FALSE)) | D4: =IF(VLOOKUP([1]Trésorerie!$A4,[1]Base!$A$2:$P$65536,2,FALSE)="","",VLOOKUP([1]Trésorerie!$A4,[1]Base!$A$2:$P$65536,8,FALSE)) | E4: =IF(VLOOKUP([1]Trésorerie!$A4,[1]Base!$A$2:$P$65536,2,FALSE)="","",VLOOKUP([1]Trésorerie!$A4,[1]Base!$A$2:$P$65536,14,FALSE)) | F4: =IF(VLOOKUP([1]Trésorerie!$A4,[1]Base!$A$2:$P$65536,2,FALSE)="","",VLOOKUP([1]Trésorerie!$A4,[1]Base!$A$2:$P$65536,5,FALSE)) | G4: =IF(VLOOKUP([1]Trésorerie!$A4,[1]Base!$A$2:$P$65536,2,FALSE)="","",VLOOKUP([1]Trésorerie!$A4,[1]Base!$A$2:$P$65536,15,FALSE)) | H4: =IF(VLOOKUP([1]Trésorerie!$A4,[1]Base!$A$2:$P$65536,2,FALSE)="","",VLOOKUP([1]Trésorerie!$A4,[1]Base!$A$2:$P$65536,16,FALSE)) | I4: =IF(ISNUMBER(OR(G4>0,H4>0)),I3+H4-G4,"") | K4: {=INDEX([1]Base!$A$2:$A$65536,SMALL(IF(MONTH([1]Base!$B$2:$B$65536)=2,ROW([1]Base!$A$2:$A$65536)-MIN(ROW([1]Base!$A$2:$A$65536))+1),ROWS([1]Base!$A$2:$A2)))} -> 13 | L4: =IF(ISNUMBER($K4),VLOOKUP([1]Trésorerie!$K4,[1]Base!$A$2:$P$65536,2,FALSE),"") -> 41313 | M4: =IF(ISNUMBER($K4),VLOOKUP([1]Trésorerie!$K4,[1]Base!$A$2:$P$65536,3,FALSE),"") -> 0 | N4: =IF(ISNUMBER($K4),VLOOKUP([1]Trésorerie!$K4,[1]Base!$A$2:$P$65536,8,FALSE),"") -> 0 | O4: =IF(ISNUMBER($K4),VLOOKUP([1]Trésorerie!$K4,[1]Base!$A$2:$P$65536,14,FALSE),"") -> 0 | P4: =IF(ISNUMBER($K4),VLOOKUP([1]Trésorerie!$K4,[1]Base!$A$2:$P$65536,5,FALSE),"") -> 0 | Q4: =IF(ISNUMBER($K4),VLOOKUP([1]Trésorerie!$K4,[1]Base!$A$2:$P$65536,15,FALSE),"") -> 0 | R4: =IF(ISNUMBER($K4),VLOOKUP([1]Trésorerie!$K4,[1]Base!$A$2:$P$65536,16,FALSE),"") -> 0 | S4: =IF(ISNUMBER(OR(Q4>0,R4>0)),S3+R4-Q4,"") | U4: {=INDEX([1]Base!$A$2:$A$65536,SMALL(IF(MONTH([1]Base!$B$2:$B$65536)=3,ROW([1]Base!$A$2:$A$65536)-MIN(ROW([1]Base!$A$2:$A$65536))+1),ROWS([1]Base!$A$2:$A2)))} -> 1 | V4: =IF(ISNUMBER($U4),VLOOKUP([1]Trésorerie!$U4,[1]Base!$A$2:$P$65536,2,FALSE),"") -> 41354 | W4: =IF(AND(ISNUMBER($U4),ISTEXT(VLOOKUP([1]Trésorerie!$U4,[1]Base!$A$2:$P$65536,3,FALSE))),VLOOKUP([1]Trésorerie!$U4,[1]Base!$A$2:$P$65536,3,FALSE)," ") -> XXX | X4: =IF(AND(ISNUMBER($U4),ISTEXT(VLOOKUP([1]Trésorerie!$U4,[1]Base!$A$2:$P$65536,8,FALSE))),VLOOKUP([1]Trésorerie!$U4,[1]Base!$A$2:$P$65536,8,FALSE),"") -> 2013FA001 | Y4: =IF(AND(ISNUMBER($U4),ISTEXT(VLOOKUP([1]Trésorerie!$U4,[1]Base!$A$2:$P$65536,14,FALSE))),VLOOKUP([1]Trésorerie!$U4,[1]Base!$A$2:$P$65536,14,FALSE),"") -> VIREMENT | Z4: =IF(AND(ISNUMBER($U4),ISTEXT(VLOOKUP([1]Trésorerie!$U4,[1]Base!$A$2:$P$65536,5,FALSE))),VLOOKUP([1]Trésorerie!$U4,[1]Base!$A$2:$P$65536,5,FALSE),"") | AA4: =IF(ISNUMBER($U4),VLOOKUP([1]Trésorerie!$U4,[1]Base!$A$2:$P$65536,15,FALSE),"") -> 0 | AB4: =IF(ISNUMBER($U4),VLOOKUP([1]Trésorerie!$U4,[1]Base!$A$2:$P$65536,16,FALSE),"") -> 226.89 | AC4: =IF(OR(ISBLANK(AB4),ISBLANK(AA4)),"",AC3+AB4-AA4) -> 226.89 | AE4: {=INDEX([1]Base!$A$2:$A$65536,SMALL(IF(MONTH([1]Base!$B$2:$B$65536)=4,ROW([1]Base!$A$2:$A$65536)-MIN(ROW([1]Base!$A$2:$A$65536))+1),ROWS([1]Base!$A$2:$A2)))} -> 4 | AF4: =IF(ISNUMBER($AE4),VLOOKUP([1]Trésorerie!$AE4,[1]Base!$A$2:$P$65536,2,FALSE),"") -> 41365 | AG4: =IF(AND(ISNUMBER($AE4),ISTEXT(VLOOKUP([1]Trésorerie!$AE4,[1]Base!$A$2:$P$65536,3,FALSE))),VLOOKUP([1]Trésorerie!$AE4,[1]Base!$A$2:$P$65536,3,FALSE),"") -> YYY | AH4: =IF(AND(ISNUMBER($AE4),ISTEXT(VLOOKUP([1]Trésorerie!$AE4,[1]Base!$A$2:$P$65536,8,FALSE))),VLOOKUP([1]Trésorerie!$AE4,[1]Base!$A$2:$P$65536,8,FALSE),"") -> 2013FA002 | AI4: =IF(AND(ISNUMBER($AE4),ISTEXT(VLOOKUP([1]Trésorerie!$AE4,[1]Base!$A$2:$P$65536,14,FALSE))),VLOOKUP([1]Trésorerie!$AE4,[1]Base!$A$2:$P$65536,14,FALSE),"") -> CHEQUE | AJ4: =IF(AND(ISNUMBER($AE4),ISTEXT(VLOOKUP([1]Trésorerie!$AE4,[1]Base!$A$2:$P$65536,5,FALSE))),VLOOKUP([1]Trésorerie!$AE4,[1]Base!$A$2:$P$65536,5,FALSE),"") -> YYY 2013FA002 CHQ N° | AK4: =IF(ISNUMBER($AE4),VLOOKUP([1]Trésorerie!$AE4,[1]Base!$A$2:$P$65536,15,FALSE),"") -> 0 | AL4: =IF(ISNUMBER($AE4),VLOOKUP([1]Trésorerie!$AE4,[1]Base!$A$2:$P$65536,16,FALSE),"") -> 295.35 | AM4: =IF(ISTEXT(AL4),"",AM3+AL4-AK4) -> 555.84 | AO4: {=INDEX([1]Base!$A$2:$A$65536,SMALL(IF(MONTH([1]Base!$B$2:$B$65536)=5,ROW([1]Base!$A$2:$A$65536)-MIN(ROW([1]Base!$A$2:$A$65536))+1),ROWS([1]Base!$A$2:$A2)))} -> 7 | AP4: =IF(ISNUMBER(AO4),VLOOKUP([1]Trésorerie!AO4,[1]Base!$A$2:$P$65536,2,FALSE),"") -> 41417 | AQ4: =IF(AND(ISNUMBER($AO4),ISTEXT(VLOOKUP([1]Trésorerie!$AO4,[1]Base!$A$2:$P$65536,3,FALSE))),VLOOKUP([1]Trésorerie!AO4,[1]Base!$A$2:$P$65536,3,FALSE),"") -> XXX | AR4: =IF(AND(ISNUMBER($AO4),ISTEXT(VLOOKUP([1]Trésorerie!$AO4,[1]Base!$A$2:$P$65536,8,FALSE))),VLOOKUP([1]Trésorerie!AO4,[1]Base!$A$2:$P$65536,8,FALSE),"") -> 2013FA004 | AS4: =IF(AND(ISNUMBER($AO4),ISTEXT(VLOOKUP([1]Trésorerie!$AO4,[1]Base!$A$2:$P$65536,14,FALSE))),VLOOKUP([1]Trésorerie!AO4,[1]Base!$A$2:$P$65536,14,FALSE),"") -> VIREMENT | AT4: =IF(AND(ISNUMBER($AO4),ISTEXT(VLOOKUP([1]Trésorerie!$AO4,[1]Base!$A$2:$P$65536,5,FALSE))),VLOOKUP([1]Trésorerie!AO4,[1]Base!$A$2:$P$65536,5,FALSE),"") | AU4: =IF(ISNUMBER(AO4),VLOOKUP([1]Trésorerie!AO4,[1]Base!$A$2:$P$65536,15,FALSE),"") -> 0 | AV4: =IF(ISNUMBER(AO4),VLOOKUP([1]Trésorerie!AO4,[1]Base!$A$2:$P$65536,16,FALSE),"") -> 878.83 | AW4: =IF(ISTEXT(AV4),"",AW3+AV4-AU4) -> 2300.79
A5: {=INDEX([1]Base!$A$2:$A$65536,SMALL(IF(MONTH([1]Base!$B$2:$B$65536)=1,ROW([1]Base!$A$2:$A$65536)-MIN(ROW([1]Base!$A$2:$A$65536))+1),ROWS([1]Base!$A$2:$A4)))} -> 12 | B5: =IF(VLOOKUP([1]Trésorerie!$A5,[1]Base!$A$2:$P$65536,2,FALSE)="","",VLOOKUP([1]Trésorerie!$A5,[1]Base!$A$2:$P$65536,2,FALSE)) -> 41279 | C5: =IF(VLOOKUP([1]Trésorerie!$A5,[1]Base!$A$2:$P$65536,2,FALSE)="","",VLOOKUP([1]Trésorerie!$A5,[1]Base!$A$2:$P$65536,3,FALSE)) -> 0 | D5: =IF(VLOOKUP([1]Trésorerie!$A5,[1]Base!$A$2:$P$65536,2,FALSE)="","",VLOOKUP([1]Trésorerie!$A5,[1]Base!$A$2:$P$65536,8,FALSE)) -> 0 | E5: =IF(VLOOKUP([1]Trésorerie!$A5,[1]Base!$A$2:$P$65536,2,FALSE)="","",VLOOKUP([1]Trésorerie!$A5,[1]Base!$A$2:$P$65536,14,FALSE)) -> 0 | F5: =IF(VLOOKUP([1]Trésorerie!$A5,[1]Base!$A$2:$P$65536,2,FALSE)="","",VLOOKUP([1]Trésorerie!$A5,[1]Base!$A$2:$P$65536,5,FALSE)) -> 0 | G5: =IF(VLOOKUP([1]Trésorerie!$A5,[1]Base!$A$2:$P$65536,2,FALSE)="","",VLOOKUP([1]Trésorerie!$A5,[1]Base!$A$2:$P$65536,15,FALSE)) -> 0 | H5: =IF(VLOOKUP([1]Trésorerie!$A5,[1]Base!$A$2:$P$65536,2,FALSE)="","",VLOOKUP([1]Trésorerie!$A5,[1]Base!$A$2:$P$65536,16,FALSE)) -> 0 | I5: =IF(ISNUMBER(OR(G5>0,H5>0)),I4+H5-G5,"") | K5: {=INDEX([1]Base!$A$2:$A$65536,SMALL(IF(MONTH([1]Base!$B$2:$B$65536)=2,ROW([1]Base!$A$2:$A$65536)-MIN(ROW([1]Base!$A$2:$A$65536))+1),ROWS([1]Base!$A$2:$A3)))} -> #NUM! | L5: =IF(ISNUMBER($K5),VLOOKUP([1]Trésorerie!$K5,[1]Base!$A$2:$P$65536,2,FALSE),"") | M5: =IF(ISNUMBER($K5),VLOOKUP([1]Trésorerie!$K5,[1]Base!$A$2:$P$65536,3,FALSE),"") | N5: =IF(ISNUMBER($K5),VLOOKUP([1]Trésorerie!$K5,[1]Base!$A$2:$P$65536,8,FALSE),"") | O5: =IF(ISNUMBER($K5),VLOOKUP([1]Trésorerie!$K5,[1]Base!$A$2:$P$65536,14,FALSE),"") | P5: =IF(ISNUMBER($K5),VLOOKUP([1]Trésorerie!$K5,[1]Base!$A$2:$P$65536,5,FALSE),"") | Q5: =IF(ISNUMBER($K5),VLOOKUP([1]Trésorerie!$K5,[1]Base!$A$2:$P$65536,15,FALSE),"") | R5: =IF(ISNUMBER($K5),VLOOKUP([1]Trésorerie!$K5,[1]Base!$A$2:$P$65536,16,FALSE),"") | S5: =IF(ISNUMBER(OR(Q5>0,R5>0)),S4+R5-Q5,"") | U5: {=INDEX([1]Base!$A$2:$A$65536,SMALL(IF(MONTH([1]Base!$B$2:$B$65536)=3,ROW([1]Base!$A$2:$A$65536)-MIN(ROW([1]Base!$A$2:$A$65536))+1),ROWS([1]Base!$A$2:$A3)))} -> 2 | V5: =IF(ISNUMBER($U5),VLOOKUP([1]Trésorerie!$U5,[1]Base!$A$2:$P$65536,2,FALSE),"") -> 41361 | W5: =IF(AND(ISNUMBER($U5),ISTEXT(VLOOKUP([1]Trésorerie!$U5,[1]Base!$A$2:$P$65536,3,FALSE))),VLOOKUP([1]Trésorerie!$U5,[1]Base!$A$2:$P$65536,3,FALSE)," ") | X5: =IF(AND(ISNUMBER($U5),ISTEXT(VLOOKUP([1]Trésorerie!$U5,[1]Base!$A$2:$P$65536,8,FALSE))),VLOOKUP([1]Trésorerie!$U5,[1]Base!$A$2:$P$65536,8,FALSE),"") | Y5: =IF(AND(ISNUMBER($U5),ISTEXT(VLOOKUP([1]Trésorerie!$U5,[1]Base!$A$2:$P$65536,14,FALSE))),VLOOKUP([1]Trésorerie!$U5,[1]Base!$A$2:$P$65536,14,FALSE),"") | Z5: =IF(AND(ISNUMBER($U5),ISTEXT(VLOOKUP([1]Trésorerie!$U5,[1]Base!$A$2:$P$65536,5,FALSE))),VLOOKUP([1]Trésorerie!$U5,[1]Base!$A$2:$P$65536,5,FALSE),"") -> APPORT PERSONNEL | AA5: =IF(ISNUMBER($U5),VLOOKUP([1]Trésorerie!$U5,[1]Base!$A$2:$P$65536,15,FALSE),"") -> 0 | AB5: =IF(ISNUMBER($U5),VLOOKUP([1]Trésorerie!$U5,[1]Base!$A$2:$P$65536,16,FALSE),"") -> 80 | AC5: =IF(OR(ISBLANK(AB5),ISBLANK(AA5)),"",AC4+AB5-AA5) -> 306.89 | AE5: {=INDEX([1]Base!$A$2:$A$65536,SMALL(IF(MONTH([1]Base!$B$2:$B$65536)=4,ROW([1]Base!$A$2:$A$65536)-MIN(ROW([1]Base!$A$2:$A$65536))+1),ROWS([1]Base!$A$2:$A3)))} -> 5 | AF5: =IF(ISNUMBER($AE5),VLOOKUP([1]Trésorerie!$AE5,[1]Base!$A$2:$P$65536,2,FALSE),"") -> 41365 | AG5: =IF(AND(ISNUMBER($AE5),ISTEXT(VLOOKUP([1]Trésorerie!$AE5,[1]Base!$A$2:$P$65536,3,FALSE))),VLOOKUP([1]Trésorerie!$AE5,[1]Base!$A$2:$P$65536,3,FALSE),"") -> XXX | AH5: =IF(AND(ISNUMBER($AE5),ISTEXT(VLOOKUP([1]Trésorerie!$AE5,[1]Base!$A$2:$P$65536,8,FALSE))),VLOOKUP([1]Trésorerie!$AE5,[1]Base!$A$2:$P$65536,8,FALSE),"") -> 2013FA003 | AI5: =IF(AND(ISNUMBER($AE5),ISTEXT(VLOOKUP([1]Trésorerie!$AE5,[1]Base!$A$2:$P$65536,14,FALSE))),VLOOKUP([1]Trésorerie!$AE5,[1]Base!$A$2:$P$65536,14,FALSE),"") -> VIREMENT | AJ5: =IF(AND(ISNUMBER($AE5),ISTEXT(VLOOKUP([1]Trésorerie!$AE5,[1]Base!$A$2:$P$65536,5,FALSE))),VLOOKUP([1]Trésorerie!$AE5,[1]Base!$A$2:$P$65536,5,FALSE),"") -> XXX 2013FA003 VRT | AK5: =IF(ISNUMBER($AE5),VLOOKUP([1]Trésorerie!$AE5,[1]Base!$A$2:$P$65536,15,FALSE),"") -> 0 | AL5: =IF(ISNUMBER($AE5),VLOOKUP([1]Trésorerie!$AE5,[1]Base!$A$2:$P$65536,16,FALSE),"") -> 866.12 | AM5: =IF(ISTEXT(AL5),"",AM4+AL5-AK5) -> 1421.96 | AO5: {=INDEX([1]Base!$A$2:$A$65536,SMALL(IF(MONTH([1]Base!$B$2:$B$65536)=5,ROW([1]Base!$A$2:$A$65536)-MIN(ROW([1]Base!$A$2:$A$65536))+1),ROWS([1]Base!$A$2:$A3)))} -> 8 | AP5: =IF(ISNUMBER(AO5),VLOOKUP([1]Trésorerie!AO5,[1]Base!$A$2:$P$65536,2,FALSE),"") -> 41401 | AQ5: =IF(AND(ISNUMBER($AO5),ISTEXT(VLOOKUP([1]Trésorerie!$AO5,[1]Base!$A$2:$P$65536,3,FALSE))),VLOOKUP([1]Trésorerie!AO5,[1]Base!$A$2:$P$65536,3,FALSE),"") -> YYY | AR5: =IF(AND(ISNUMBER($AO5),ISTEXT(VLOOKUP([1]Trésorerie!$AO5,[1]Base!$A$2:$P$65536,8,FALSE))),VLOOKUP([1]Trésorerie!AO5,[1]Base!$A$2:$P$65536,8,FALSE),"") -> 2013FA005 | AS5: =IF(AND(ISNUMBER($AO5),ISTEXT(VLOOKUP([1]Trésorerie!$AO5,[1]Base!$A$2:$P$65536,14,FALSE))),VLOOKUP([1]Trésorerie!AO5,[1]Base!$A$2:$P$65536,14,FALSE),"") -> CHEQUE | AT5: =IF(AND(ISNUMBER($AO5),ISTEXT(VLOOKUP([1]Trésorerie!$AO5,[1]Base!$A$2:$P$65536,5,FALSE))),VLOOKUP([1]Trésorerie!AO5,[1]Base!$A$2:$P$65536,5,FALSE),"") -> YYY 2013FA005 CHQ N° | AU5: =IF(ISNUMBER(AO5),VLOOKUP([1]Trésorerie!AO5,[1]Base!$A$2:$P$65536,15,FALSE),"") -> 0 | AV5: =IF(ISNUMBER(AO5),VLOOKUP([1]Trésorerie!AO5,[1]Base!$A$2:$P$65536,16,FALSE),"") -> 364.65 | AW5: =IF(ISTEXT(AV5),"",AW4+AV5-AU5) -> 2665.44
A6: {=INDEX([1]Base!$A$2:$A$65536,SMALL(IF(MONTH([1]Base!$B$2:$B$65536)=1,ROW([1]Base!$A$2:$A$65536)-MIN(ROW([1]Base!$A$2:$A$65536))+1),ROWS([1]Base!$A$2:$A5)))} -> 0 | B6: =IF(VLOOKUP([1]Trésorerie!$A6,[1]Base!$A$2:$P$65536,2,FALSE)="","",VLOOKUP([1]Trésorerie!$A6,[1]Base!$A$2:$P$65536,2,FALSE)) -> #N/A | C6: =IF(VLOOKUP([1]Trésorerie!$A6,[1]Base!$A$2:$P$65536,2,FALSE)="","",VLOOKUP([1]Trésorerie!$A6,[1]Base!$A$2:$P$65536,3,FALSE)) -> #N/A | D6: =IF(VLOOKUP([1]Trésorerie!$A6,[1]Base!$A$2:$P$65536,2,FALSE)="","",VLOOKUP([1]Trésorerie!$A6,[1]Base!$A$2:$P$65536,8,FALSE)) -> #N/A | E6: =IF(VLOOKUP([1]Trésorerie!$A6,[1]Base!$A$2:$P$65536,2,FALSE)="","",VLOOKUP([1]Trésorerie!$A6,[1]Base!$A$2:$P$65536,14,FALSE)) -> #N/A | F6: =IF(VLOOKUP([1]Trésorerie!$A6,[1]Base!$A$2:$P$65536,2,FALSE)="","",VLOOKUP([1]Trésorerie!$A6,[1]Base!$A$2:$P$65536,5,FALSE)) -> #N/A | G6: =IF(VLOOKUP([1]Trésorerie!$A6,[1]Base!$A$2:$P$65536,2,FALSE)="","",VLOOKUP([1]Trésorerie!$A6,[1]Base!$A$2:$P$65536,15,FALSE)) -> #N/A | H6: =IF(VLOOKUP([1]Trésorerie!$A6,[1]Base!$A$2:$P$65536,2,FALSE)="","",VLOOKUP([1]Trésorerie!$A6,[1]Base!$A$2:$P$65536,16,FALSE)) -> #N/A | I6: =IF(ISNUMBER(OR(G6>0,H6>0)),I5+H6-G6,"") | K6: {=INDEX([1]Base!$A$2:$A$65536,SMALL(IF(MONTH([1]Base!$B$2:$B$65536)=2,ROW([1]Base!$A$2:$A$65536)-MIN(ROW([1]Base!$A$2:$A$65536))+1),ROWS([1]Base!$A$2:$A4)))} -> #NUM! | L6: =IF(ISNUMBER($K6),VLOOKUP([1]Trésorerie!$K6,[1]Base!$A$2:$P$65536,2,FALSE),"") | M6: =IF(ISNUMBER($K6),VLOOKUP([1]Trésorerie!$K6,[1]Base!$A$2:$P$65536,3,FALSE),"") | N6: =IF(ISNUMBER($K6),VLOOKUP([1]Trésorerie!$K6,[1]Base!$A$2:$P$65536,8,FALSE),"") | O6: =IF(ISNUMBER($K6),VLOOKUP([1]Trésorerie!$K6,[1]Base!$A$2:$P$65536,14,FALSE),"") | P6: =IF(ISNUMBER($K6),VLOOKUP([1]Trésorerie!$K6,[1]Base!$A$2:$P$65536,5,FALSE),"") | Q6: =IF(ISNUMBER($K6),VLOOKUP([1]Trésorerie!$K6,[1]Base!$A$2:$P$65536,15,FALSE),"") | R6: =IF(ISNUMBER($K6),VLOOKUP([1]Trésorerie!$K6,[1]Base!$A$2:$P$65536,16,FALSE),"") | S6: =IF(ISNUMBER(OR(Q6>0,R6>0)),S5+R6-Q6,"") | U6: {=INDEX([1]Base!$A$2:$A$65536,SMALL(IF(MONTH([1]Base!$B$2:$B$65536)=3,ROW([1]Base!$A$2:$A$65536)-MIN(ROW([1]Base!$A$2:$A$65536))+1),ROWS([1]Base!$A$2:$A4)))} -> 3 | V6: =IF(ISNUMBER($U6),VLOOKUP([1]Trésorerie!$U6,[1]Base!$A$2:$P$65536,2,FALSE),"") -> 41361 | W6: =IF(AND(ISNUMBER($U6),ISTEXT(VLOOKUP([1]Trésorerie!$U6,[1]Base!$A$2:$P$65536,3,FALSE))),VLOOKUP([1]Trésorerie!$U6,[1]Base!$A$2:$P$65536,3,FALSE)," ") | X6: =IF(AND(ISNUMBER($U6),ISTEXT(VLOOKUP([1]Trésorerie!$U6,[1]Base!$A$2:$P$65536,8,FALSE))),VLOOKUP([1]Trésorerie!$U6,[1]Base!$A$2:$P$65536,8,FALSE),"") | Y6: =IF(AND(ISNUMBER($U6),ISTEXT(VLOOKUP([1]Trésorerie!$U6,[1]Base!$A$2:$P$65536,14,FALSE))),VLOOKUP([1]Trésorerie!$U6,[1]Base!$A$2:$P$65536,14,FALSE),"") | Z6: =IF(AND(ISNUMBER($U6),ISTEXT(VLOOKUP([1]Trésorerie!$U6,[1]Base!$A$2:$P$65536,5,FALSE))),VLOOKUP([1]Trésorerie!$U6,[1]Base!$A$2:$P$65536,5,FALSE),"") -> LA POSTE MAILING CHQ N° | AA6: =IF(ISNUMBER($U6),VLOOKUP([1]Trésorerie!$U6,[1]Base!$A$2:$P$65536,15,FALSE),"") -> 46.4 | AB6: =IF(ISNUMBER($U6),VLOOKUP([1]Trésorerie!$U6,[1]Base!$A$2:$P$65536,16,FALSE),"") -> 0 | AC6: =IF(OR(ISBLANK(AB6),ISBLANK(AA6)),"",AC5+AB6-AA6) -> 260.49 | AE6: {=INDEX([1]Base!$A$2:$A$65536,SMALL(IF(MONTH([1]Base!$B$2:$B$65536)=4,ROW([1]Base!$A$2:$A$65536)-MIN(ROW([1]Base!$A$2:$A$65536))+1),ROWS([1]Base!$A$2:$A4)))} -> #NUM! | AF6: =IF(ISNUMBER($AE6),VLOOKUP([1]Trésorerie!$AE6,[1]Base!$A$2:$P$65536,2,FALSE),"") | AG6: =IF(AND(ISNUMBER($AE6),ISTEXT(VLOOKUP([1]Trésorerie!$AE6,[1]Base!$A$2:$P$65536,3,FALSE))),VLOOKUP([1]Trésorerie!$AE6,[1]Base!$A$2:$P$65536,3,FALSE),"") | AH6: =IF(AND(ISNUMBER($AE6),ISTEXT(VLOOKUP([1]Trésorerie!$AE6,[1]Base!$A$2:$P$65536,8,FALSE))),VLOOKUP([1]Trésorerie!$AE6,[1]Base!$A$2:$P$65536,8,FALSE),"") | AI6: =IF(AND(ISNUMBER($AE6),ISTEXT(VLOOKUP([1]Trésorerie!$AE6,[1]Base!$A$2:$P$65536,14,FALSE))),VLOOKUP([1]Trésorerie!$AE6,[1]Base!$A$2:$P$65536,14,FALSE),"") | AJ6: =IF(AND(ISNUMBER($AE6),ISTEXT(VLOOKUP([1]Trésorerie!$AE6,[1]Base!$A$2:$P$65536,5,FALSE))),VLOOKUP([1]Trésorerie!$AE6,[1]Base!$A$2:$P$65536,5,FALSE),"") | AK6: =IF(ISNUMBER($AE6),VLOOKUP([1]Trésorerie!$AE6,[1]Base!$A$2:$P$65536,15,FALSE),"") | AL6: =IF(ISNUMBER($AE6),VLOOKUP([1]Trésorerie!$AE6,[1]Base!$A$2:$P$65536,16,FALSE),"") | AM6: =IF(ISTEXT(AL6),"",AM5+AL6-AK6) | AO6: {=INDEX([1]Base!$A$2:$A$65536,SMALL(IF(MONTH([1]Base!$B$2:$B$65536)=5,ROW([1]Base!$A$2:$A$65536)-MIN(ROW([1]Base!$A$2:$A$65536))+1),ROWS([1]Base!$A$2:$A4)))} -> 10 | AP6: =IF(ISNUMBER(AO6),VLOOKUP([1]Trésorerie!AO6,[1]Base!$A$2:$P$65536,2,FALSE),"") -> 41401 | AQ6: =IF(AND(ISNUMBER($AO6),ISTEXT(VLOOKUP([1]Trésorerie!$AO6,[1]Base!$A$2:$P$65536,3,FALSE))),VLOOKUP([1]Trésorerie!AO6,[1]Base!$A$2:$P$65536,3,FALSE),"") | AR6: =IF(AND(ISNUMBER($AO6),ISTEXT(VLOOKUP([1]Trésorerie!$AO6,[1]Base!$A$2:$P$65536,8,FALSE))),VLOOKUP([1]Trésorerie!AO6,[1]Base!$A$2:$P$65536,8,FALSE),"") | AS6: =IF(AND(ISNUMBER($AO6),ISTEXT(VLOOKUP([1]Trésorerie!$AO6,[1]Base!$A$2:$P$65536,14,FALSE))),VLOOKUP([1]Trésorerie!AO6,[1]Base!$A$2:$P$65536,14,FALSE),"") | AT6: =IF(AND(ISNUMBER($AO6),ISTEXT(VLOOKUP([1]Trésorerie!$AO6,[1]Base!$A$2:$P$65536,5,FALSE))),VLOOKUP([1]Trésorerie!AO6,[1]Base!$A$2:$P$65536,5,FALSE),"") -> REMUNERATION AVRIL 2013 | AU6: =IF(ISNUMBER(AO6),VLOOKUP([1]Trésorerie!AO6,[1]Base!$A$2:$P$65536,15,FALSE),"") -> 650 | AV6: =IF(ISNUMBER(AO6),VLOOKUP([1]Trésorerie!AO6,[1]Base!$A$2:$P$65536,16,FALSE),"") -> 0 | AW6: =IF(ISTEXT(AV6),"",AW5+AV6-AU6) -> 2015.44
A7: {=INDEX([1]Base!$A$2:$A$65536,SMALL(IF(MONTH([1]Base!$B$2:$B$65536)=1,ROW([1]Base!$A$2:$A$65536)-MIN(ROW([1]Base!$A$2:$A$65536))+1),ROWS([1]Base!$A$2:$A6)))} -> 0 | B7: =IF(VLOOKUP([1]Trésorerie!$A7,[1]Base!$A$2:$P$65536,2,FALSE)="","",VLOOKUP([1]Trésorerie!$A7,[1]Base!$A$2:$P$65536,2,FALSE)) -> #N/A | C7: =IF(VLOOKUP([1]Trésorerie!$A7,[1]Base!$A$2:$P$65536,2,FALSE)="","",VLOOKUP([1]Trésorerie!$A7,[1]Base!$A$2:$P$65536,3,FALSE)) -> #N/A | D7: =IF(VLOOKUP([1]Trésorerie!$A7,[1]Base!$A$2:$P$65536,2,FALSE)="","",VLOOKUP([1]Trésorerie!$A7,[1]Base!$A$2:$P$65536,8,FALSE)) -> #N/A | E7: =IF(VLOOKUP([1]Trésorerie!$A7,[1]Base!$A$2:$P$65536,2,FALSE)="","",VLOOKUP([1]Trésorerie!$A7,[1]Base!$A$2:$P$65536,14,FALSE)) -> #N/A | F7: =IF(VLOOKUP([1]Trésorerie!$A7,[1]Base!$A$2:$P$65536,2,FALSE)="","",VLOOKUP([1]Trésorerie!$A7,[1]Base!$A$2:$P$65536,5,FALSE)) -> #N/A | G7: =IF(VLOOKUP([1]Trésorerie!$A7,[1]Base!$A$2:$P$65536,2,FALSE)="","",VLOOKUP([1]Trésorerie!$A7,[1]Base!$A$2:$P$65536,15,FALSE)) -> #N/A | H7: =IF(VLOOKUP([1]Trésorerie!$A7,[1]Base!$A$2:$P$65536,2,FALSE)="","",VLOOKUP([1]Trésorerie!$A7,[1]Base!$A$2:$P$65536,16,FALSE)) -> #N/A | I7: =IF(ISNUMBER(OR(G7>0,H7>0)),I6+H7-G7,"") | K7: {=INDEX([1]Base!$A$2:$A$65536,SMALL(IF(MONTH([1]Base!$B$2:$B$65536)=2,ROW([1]Base!$A$2:$A$65536)-MIN(ROW([1]Base!$A$2:$A$65536))+1),ROWS([1]Base!$A$2:$A5)))} -> #NUM! | L7: =IF(ISNUMBER($K7),VLOOKUP([1]Trésorerie!$K7,[1]Base!$A$2:$P$65536,2,FALSE),"") | M7: =IF(ISNUMBER($K7),VLOOKUP([1]Trésorerie!$K7,[1]Base!$A$2:$P$65536,3,FALSE),"") | N7: =IF(ISNUMBER($K7),VLOOKUP([1]Trésorerie!$K7,[1]Base!$A$2:$P$65536,8,FALSE),"") | O7: =IF(ISNUMBER($K7),VLOOKUP([1]Trésorerie!$K7,[1]Base!$A$2:$P$65536,14,FALSE),"") | P7: =IF(ISNUMBER($K7),VLOOKUP([1]Trésorerie!$K7,[1]Base!$A$2:$P$65536,5,FALSE),"") | Q7: =IF(ISNUMBER($K7),VLOOKUP([1]Trésorerie!$K7,[1]Base!$A$2:$P$65536,15,FALSE),"") | R7: =IF(ISNUMBER($K7),VLOOKUP([1]Trésorerie!$K7,[1]Base!$A$2:$P$65536,16,FALSE),"") | S7: =IF(ISNUMBER(OR(Q7>0,R7>0)),S6+R7-Q7,"") | U7: {=INDEX([1]Base!$A$2:$A$65536,SMALL(IF(MONTH([1]Base!$B$2:$B$65536)=3,ROW([1]Base!$A$2:$A$65536)-MIN(ROW([1]Base!$A$2:$A$65536))+1),ROWS([1]Base!$A$2:$A5)))} -> #NUM! | V7: =IF(ISNUMBER($U7),VLOOKUP([1]Trésorerie!$U7,[1]Base!$A$2:$P$65536,2,FALSE),"") | W7: =IF(AND(ISNUMBER($U7),ISTEXT(VLOOKUP([1]Trésorerie!$U7,[1]Base!$A$2:$P$65536,3,FALSE))),VLOOKUP([1]Trésorerie!$U7,[1]Base!$A$2:$P$65536,3,FALSE)," ") | X7: =IF(AND(ISNUMBER($U7),ISTEXT(VLOOKUP([1]Trésorerie!$U7,[1]Base!$A$2:$P$65536,8,FALSE))),VLOOKUP([1]Trésorerie!$U7,[1]Base!$A$2:$P$65536,8,FALSE),"") | Y7: =IF(AND(ISNUMBER($U7),ISTEXT(VLOOKUP([1]Trésorerie!$U7,[1]Base!$A$2:$P$65536,14,FALSE))),VLOOKUP([1]Trésorerie!$U7,[1]Base!$A$2:$P$65536,14,FALSE),"") | Z7: =IF(AND(ISNUMBER($U7),ISTEXT(VLOOKUP([1]Trésorerie!$U7,[1]Base!$A$2:$P$65536,5,FALSE))),VLOOKUP([1]Trésorerie!$U7,[1]Base!$A$2:$P$65536,5,FALSE),"") | AA7: =IF(ISNUMBER($U7),VLOOKUP([1]Trésorerie!$U7,[1]Base!$A$2:$P$65536,15,FALSE),"") | AB7: =IF(ISNUMBER($U7),VLOOKUP([1]Trésorerie!$U7,[1]Base!$A$2:$P$65536,16,FALSE),"") | AC7: =IF(ISTEXT(AB7),"",AC6+AB7-AA7) | AE7: {=INDEX([1]Base!$A$2:$A$65536,SMALL(IF(MONTH([1]Base!$B$2:$B$65536)=4,ROW([1]Base!$A$2:$A$65536)-MIN(ROW([1]Base!$A$2:$A$65536))+1),ROWS([1]Base!$A$2:$A5)))} -> #NUM! | AF7: =IF(ISNUMBER($AE7),VLOOKUP([1]Trésorerie!$AE7,[1]Base!$A$2:$P$65536,2,FALSE),"") | AG7: =IF(AND(ISNUMBER($AE7),ISTEXT(VLOOKUP([1]Trésorerie!$AE7,[1]Base!$A$2:$P$65536,3,FALSE))),VLOOKUP([1]Trésorerie!$AE7,[1]Base!$A$2:$P$65536,3,FALSE),"") | AH7: =IF(AND(ISNUMBER($AE7),ISTEXT(VLOOKUP([1]Trésorerie!$AE7,[1]Base!$A$2:$P$65536,8,FALSE))),VLOOKUP([1]Trésorerie!$AE7,[1]Base!$A$2:$P$65536,8,FALSE),"") | AI7: =IF(AND(ISNUMBER($AE7),ISTEXT(VLOOKUP([1]Trésorerie!$AE7,[1]Base!$A$2:$P$65536,14,FALSE))),VLOOKUP([1]Trésorerie!$AE7,[1]Base!$A$2:$P$65536,14,FALSE),"") | AJ7: =IF(AND(ISNUMBER($AE7),ISTEXT(VLOOKUP([1]Trésorerie!$AE7,[1]Base!$A$2:$P$65536,5,FALSE))),VLOOKUP([1]Trésorerie!$AE7,[1]Base!$A$2:$P$65536,5,FALSE),"") | AK7: =IF(ISNUMBER($AE7),VLOOKUP([1]Trésorerie!$AE7,[1]Base!$A$2:$P$65536,15,FALSE),"") | AL7: =IF(ISNUMBER($AE7),VLOOKUP([1]Trésorerie!$AE7,[1]Base!$A$2:$P$65536,16,FALSE),"") | AM7: =IF(ISTEXT(AL7),"",AM6+AL7-AK7) | AO7: {=INDEX([1]Base!$A$2:$A$65536,SMALL(IF(MONTH([1]Base!$B$2:$B$65536)=5,ROW([1]Base!$A$2:$A$65536)-MIN(ROW([1]Base!$A$2:$A$65536))+1),ROWS([1]Base!$A$2:$A5)))} -> 11 | AP7: =IF(ISNUMBER(AO7),VLOOKUP([1]Trésorerie!AO7,[1]Base!$A$2:$P$65536,2,FALSE),"") -> 41418 | AQ7: =IF(AND(ISNUMBER($AO7),ISTEXT(VLOOKUP([1]Trésorerie!$AO7,[1]Base!$A$2:$P$65536,3,FALSE))),VLOOKUP([1]Trésorerie!AO7,[1]Base!$A$2:$P$65536,3,FALSE),"") | AR7: =IF(AND(ISNUMBER($AO7),ISTEXT(VLOOKUP([1]Trésorerie!$AO7,[1]Base!$A$2:$P$65536,8,FALSE))),VLOOKUP([1]Trésorerie!AO7,[1]Base!$A$2:$P$65536,8,FALSE),"") | AS7: =IF(AND(ISNUMBER($AO7),ISTEXT(VLOOKUP([1]Trésorerie!$AO7,[1]Base!$A$2:$P$65536,14,FALSE))),VLOOKUP([1]Trésorerie!AO7,[1]Base!$A$2:$P$65536,14,FALSE),"") | AT7: =IF(AND(ISNUMBER($AO7),ISTEXT(VLOOKUP([1]Trésorerie!$AO7,[1]Base!$A$2:$P$65536,5,FALSE))),VLOOKUP([1]Trésorerie!AO7,[1]Base!$A$2:$P$65536,5,FALSE),"") -> LA POSTE MAILING+TIMBRES CHQ N° | AU7: =IF(ISNUMBER(AO7),VLOOKUP([1]Trésorerie!AO7,[1]Base!$A$2:$P$65536,15,FALSE),"") -> 131.84 | AV7: =IF(ISNUMBER(AO7),VLOOKUP([1]Trésorerie!AO7,[1]Base!$A$2:$P$65536,16,FALSE),"") -> 0 | AW7: =IF(ISTEXT(AV7),"",AW6+AV7-AU7) -> 1883.6
A8: {=INDEX([1]Base!$A$2:$A$65536,SMALL(IF(MONTH([1]Base!$B$2:$B$65536)=1,ROW([1]Base!$A$2:$A$65536)-MIN(ROW([1]Base!$A$2:$A$65536))+1),ROWS([1]Base!$A$2:$A7)))} -> 0 | B8: =IF(VLOOKUP([1]Trésorerie!$A8,[1]Base!$A$2:$P$65536,2,FALSE)="","",VLOOKUP([1]Trésorerie!$A8,[1]Base!$A$2:$P$65536,2,FALSE)) -> #N/A | C8: =IF(VLOOKUP([1]Trésorerie!$A8,[1]Base!$A$2:$P$65536,2,FALSE)="","",VLOOKUP([1]Trésorerie!$A8,[1]Base!$A$2:$P$65536,3,FALSE)) -> #N/A | D8: =IF(VLOOKUP([1]Trésorerie!$A8,[1]Base!$A$2:$P$65536,2,FALSE)="","",VLOOKUP([1]Trésorerie!$A8,[1]Base!$A$2:$P$65536,8,FALSE)) -> #N/A | E8: =IF(VLOOKUP([1]Trésorerie!$A8,[1]Base!$A$2:$P$65536,2,FALSE)="","",VLOOKUP([1]Trésorerie!$A8,[1]Base!$A$2:$P$65536,14,FALSE)) -> #N/A | F8: =IF(VLOOKUP([1]Trésorerie!$A8,[1]Base!$A$2:$P$65536,2,FALSE)="","",VLOOKUP([1]Trésorerie!$A8,[1]Base!$A$2:$P$65536,5,FALSE)) -> #N/A | G8: =IF(VLOOKUP([1]Trésorerie!$A8,[1]Base!$A$2:$P$65536,2,FALSE)="","",VLOOKUP([1]Trésorerie!$A8,[1]Base!$A$2:$P$65536,15,FALSE)) -> #N/A | H8: =IF(VLOOKUP([1]Trésorerie!$A8,[1]Base!$A$2:$P$65536,2,FALSE)="","",VLOOKUP([1]Trésorerie!$A8,[1]Base!$A$2:$P$65536,16,FALSE)) -> #N/A | I8: =IF(ISNUMBER(OR(G8>0,H8>0)),I7+H8-G8,"") | K8: {=INDEX([1]Base!$A$2:$A$65536,SMALL(IF(MONTH([1]Base!$B$2:$B$65536)=2,ROW([1]Base!$A$2:$A$65536)-MIN(ROW([1]Base!$A$2:$A$65536))+1),ROWS([1]Base!$A$2:$A6)))} -> #NUM! | L8: =IF(ISNUMBER($K8),VLOOKUP([1]Trésorerie!$K8,[1]Base!$A$2:$P$65536,2,FALSE),"") | M8: =IF(ISNUMBER($K8),VLOOKUP([1]Trésorerie!$K8,[1]Base!$A$2:$P$65536,3,FALSE),"") | N8: =IF(ISNUMBER($K8),VLOOKUP([1]Trésorerie!$K8,[1]Base!$A$2:$P$65536,8,FALSE),"") | O8: =IF(ISNUMBER($K8),VLOOKUP([1]Trésorerie!$K8,[1]Base!$A$2:$P$65536,14,FALSE),"") | P8: =IF(ISNUMBER($K8),VLOOKUP([1]Trésorerie!$K8,[1]Base!$A$2:$P$65536,5,FALSE),"") | Q8: =IF(ISNUMBER($K8),VLOOKUP([1]Trésorerie!$K8,[1]Base!$A$2:$P$65536,15,FALSE),"") | R8: =IF(ISNUMBER($K8),VLOOKUP([1]Trésorerie!$K8,[1]Base!$A$2:$P$65536,16,FALSE),"") | S8: =IF(ISNUMBER(OR(Q8>0,R8>0)),S7+R8-Q8,"") | U8: {=INDEX([1]Base!$A$2:$A$65536,SMALL(IF(MONTH([1]Base!$B$2:$B$65536)=3,ROW([1]Base!$A$2:$A$65536)-MIN(ROW([1]Base!$A$2:$A$65536))+1),ROWS([1]Base!$A$2:$A6)))} -> #NUM! | V8: =IF(ISNUMBER($U8),VLOOKUP([1]Trésorerie!$U8,[1]Base!$A$2:$P$65536,2,FALSE),"") | W8: =IF(AND(ISNUMBER($U8),ISTEXT(VLOOKUP([1]Trésorerie!$U8,[1]Base!$A$2:$P$65536,3,FALSE))),VLOOKUP([1]Trésorerie!$U8,[1]Base!$A$2:$P$65536,3,FALSE)," ") | X8: =IF(AND(ISNUMBER($U8),ISTEXT(VLOOKUP([1]Trésorerie!$U8,[1]Base!$A$2:$P$65536,8,FALSE))),VLOOKUP([1]Trésorerie!$U8,[1]Base!$A$2:$P$65536,8,FALSE),"") | Y8: =IF(AND(ISNUMBER($U8),ISTEXT(VLOOKUP([1]Trésorerie!$U8,[1]Base!$A$2:$P$65536,14,FALSE))),VLOOKUP([1]Trésorerie!$U8,[1]Base!$A$2:$P$65536,14,FALSE),"") | Z8: =IF(AND(ISNUMBER($U8),ISTEXT(VLOOKUP([1]Trésorerie!$U8,[1]Base!$A$2:$P$65536,5,FALSE))),VLOOKUP([1]Trésorerie!$U8,[1]Base!$A$2:$P$65536,5,FALSE),"") | AA8: =IF(ISNUMBER($U8),VLOOKUP([1]Trésorerie!$U8,[1]Base!$A$2:$P$65536,15,FALSE),"") | AB8: =IF(ISNUMBER($U8),VLOOKUP([1]Trésorerie!$U8,[1]Base!$A$2:$P$65536,16,FALSE),"") | AC8: =IF(ISTEXT(AB8),"",AC7+AB8-AA8) | AE8: {=INDEX([1]Base!$A$2:$A$65536,SMALL(IF(MONTH([1]Base!$B$2:$B$65536)=4,ROW([1]Base!$A$2:$A$65536)-MIN(ROW([1]Base!$A$2:$A$65536))+1),ROWS([1]Base!$A$2:$A6)))} -> #NUM! | AF8: =IF(ISNUMBER($AE8),VLOOKUP([1]Trésorerie!$AE8,[1]Base!$A$2:$P$65536,2,FALSE),"") | AG8: =IF(AND(ISNUMBER($AE8),ISTEXT(VLOOKUP([1]Trésorerie!$AE8,[1]Base!$A$2:$P$65536,3,FALSE))),VLOOKUP([1]Trésorerie!$AE8,[1]Base!$A$2:$P$65536,3,FALSE),"") | AH8: =IF(AND(ISNUMBER($AE8),ISTEXT(VLOOKUP([1]Trésorerie!$AE8,[1]Base!$A$2:$P$65536,8,FALSE))),VLOOKUP([1]Trésorerie!$AE8,[1]Base!$A$2:$P$65536,8,FALSE),"") | AI8: =IF(AND(ISNUMBER($AE8),ISTEXT(VLOOKUP([1]Trésorerie!$AE8,[1]Base!$A$2:$P$65536,14,FALSE))),VLOOKUP([1]Trésorerie!$AE8,[1]Base!$A$2:$P$65536,14,FALSE),"") | AJ8: =IF(AND(ISNUMBER($AE8),ISTEXT(VLOOKUP([1]Trésorerie!$AE8,[1]Base!$A$2:$P$65536,5,FALSE))),VLOOKUP([1]Trésorerie!$AE8,[1]Base!$A$2:$P$65536,5,FALSE),"") | AK8: =IF(ISNUMBER($AE8),VLOOKUP([1]Trésorerie!$AE8,[1]Base!$A$2:$P$65536,15,FALSE),"") | AL8: =IF(ISNUMBER($AE8),VLOOKUP([1]Trésorerie!$AE8,[1]Base!$A$2:$P$65536,16,FALSE),"") | AM8: =IF(ISTEXT(AL8),"",AM7+AL8-AK8) | AO8: {=INDEX([1]Base!$A$2:$A$65536,SMALL(IF(MONTH([1]Base!$B$2:$B$65536)=5,ROW([1]Base!$A$2:$A$65536)-MIN(ROW([1]Base!$A$2:$A$65536))+1),ROWS([1]Base!$A$2:$A6)))} -> #NUM! | AP8: =IF(ISNUMBER(AO8),VLOOKUP([1]Trésorerie!AO8,[1]Base!$A$2:$P$65536,2,FALSE),"") | AQ8: =IF(AND(ISNUMBER($AO8),ISTEXT(VLOOKUP([1]Trésorerie!$AO8,[1]Base!$A$2:$P$65536,3,FALSE))),VLOOKUP([1]Trésorerie!AO8,[1]Base!$A$2:$P$65536,3,FALSE),"") | AR8: =IF(AND(ISNUMBER($AO8),ISTEXT(VLOOKUP([1]Trésorerie!$AO8,[1]Base!$A$2:$P$65536,8,FALSE))),VLOOKUP([1]Trésorerie!AO8,[1]Base!$A$2:$P$65536,8,FALSE),"") | AS8: =IF(AND(ISNUMBER($AO8),ISTEXT(VLOOKUP([1]Trésorerie!$AO8,[1]Base!$A$2:$P$65536,14,FALSE))),VLOOKUP([1]Trésorerie!AO8,[1]Base!$A$2:$P$65536,14,FALSE),"") | AT8: =IF(AND(ISNUMBER($AO8),ISTEXT(VLOOKUP([1]Trésorerie!$AO8,[1]Base!$A$2:$P$65536,5,FALSE))),VLOOKUP([1]Trésorerie!AO8,[1]Base!$A$2:$P$65536,5,FALSE),"") | AU8: =IF(ISNUMBER(AO8),VLOOKUP([1]Trésorerie!AO8,[1]Base!$A$2:$P$65536,15,FALSE),"") | AV8: =IF(ISNUMBER(AO8),VLOOKUP([1]Trésorerie!AO8,[1]Base!$A$2:$P$65536,16,FALSE),"") | AW8: =IF(ISTEXT(AV8),"",AW7+AV8-AU8)
A9: {=INDEX([1]Base!$A$2:$A$65536,SMALL(IF(MONTH([1]Base!$B$2:$B$65536)=1,ROW([1]Base!$A$2:$A$65536)-MIN(ROW([1]Base!$A$2:$A$65536))+1),ROWS([1]Base!$A$2:$A8)))} -> 0 | B9: =IF(VLOOKUP([1]Trésorerie!$A9,[1]Base!$A$2:$P$65536,2,FALSE)="","",VLOOKUP([1]Trésorerie!$A9,[1]Base!$A$2:$P$65536,2,FALSE)) -> #N/A | C9: =IF(VLOOKUP([1]Trésorerie!$A9,[1]Base!$A$2:$P$65536,2,FALSE)="","",VLOOKUP([1]Trésorerie!$A9,[1]Base!$A$2:$P$65536,3,FALSE)) -> #N/A | D9: =IF(VLOOKUP([1]Trésorerie!$A9,[1]Base!$A$2:$P$65536,2,FALSE)="","",VLOOKUP([1]Trésorerie!$A9,[1]Base!$A$2:$P$65536,8,FALSE)) -> #N/A | E9: =IF(VLOOKUP([1]Trésorerie!$A9,[1]Base!$A$2:$P$65536,2,FALSE)="","",VLOOKUP([1]Trésorerie!$A9,[1]Base!$A$2:$P$65536,14,FALSE)) -> #N/A | F9: =IF(VLOOKUP([1]Trésorerie!$A9,[1]Base!$A$2:$P$65536,2,FALSE)="","",VLOOKUP([1]Trésorerie!$A9,[1]Base!$A$2:$P$65536,5,FALSE)) -> #N/A | G9: =IF(VLOOKUP([1]Trésorerie!$A9,[1]Base!$A$2:$P$65536,2,FALSE)="","",VLOOKUP([1]Trésorerie!$A9,[1]Base!$A$2:$P$65536,15,FALSE)) -> #N/A | H9: =IF(VLOOKUP([1]Trésorerie!$A9,[1]Base!$A$2:$P$65536,2,FALSE)="","",VLOOKUP([1]Trésorerie!$A9,[1]Base!$A$2:$P$65536,16,FALSE)) -> #N/A | I9: =IF(ISNUMBER(OR(G9>0,H9>0)),I8+H9-G9,"") | K9: {=INDEX([1]Base!$A$2:$A$65536,SMALL(IF(MONTH([1]Base!$B$2:$B$65536)=2,ROW([1]Base!$A$2:$A$65536)-MIN(ROW([1]Base!$A$2:$A$65536))+1),ROWS([1]Base!$A$2:$A7)))} -> #NUM! | L9: =IF(ISNUMBER($K9),VLOOKUP([1]Trésorerie!$K9,[1]Base!$A$2:$P$65536,2,FALSE),"") | M9: =IF(ISNUMBER($K9),VLOOKUP([1]Trésorerie!$K9,[1]Base!$A$2:$P$65536,3,FALSE),"") | N9: =IF(ISNUMBER($K9),VLOOKUP([1]Trésorerie!$K9,[1]Base!$A$2:$P$65536,8,FALSE),"") | O9: =IF(ISNUMBER($K9),VLOOKUP([1]Trésorerie!$K9,[1]Base!$A$2:$P$65536,14,FALSE),"") | P9: =IF(ISNUMBER($K9),VLOOKUP([1]Trésorerie!$K9,[1]Base!$A$2:$P$65536,5,FALSE),"") | Q9: =IF(ISNUMBER($K9),VLOOKUP([1]Trésorerie!$K9,[1]Base!$A$2:$P$65536,15,FALSE),"") | R9: =IF(ISNUMBER($K9),VLOOKUP([1]Trésorerie!$K9,[1]Base!$A$2:$P$65536,16,FALSE),"") | S9: =IF(ISNUMBER(OR(Q9>0,R9>0)),S8+R9-Q9,"") | U9: {=INDEX([1]Base!$A$2:$A$65536,SMALL(IF(MONTH([1]Base!$B$2:$B$65536)=3,ROW([1]Base!$A$2:$A$65536)-MIN(ROW([1]Base!$A$2:$A$65536))+1),ROWS([1]Base!$A$2:$A7)))} -> #NUM! | V9: =IF(ISNUMBER($U9),VLOOKUP([1]Trésorerie!$U9,[1]Base!$A$2:$P$65536,2,FALSE),"") | W9: =IF(AND(ISNUMBER($U9),ISTEXT(VLOOKUP([1]Trésorerie!$U9,[1]Base!$A$2:$P$65536,3,FALSE))),VLOOKUP([1]Trésorerie!$U9,[1]Base!$A$2:$P$65536,3,FALSE)," ") | X9: =IF(AND(ISNUMBER($U9),ISTEXT(VLOOKUP([1]Trésorerie!$U9,[1]Base!$A$2:$P$65536,8,FALSE))),VLOOKUP([1]Trésorerie!$U9,[1]Base!$A$2:$P$65536,8,FALSE),"") | Y9: =IF(AND(ISNUMBER($U9),ISTEXT(VLOOKUP([1]Trésorerie!$U9,[1]Base!$A$2:$P$65536,14,FALSE))),VLOOKUP([1]Trésorerie!$U9,[1]Base!$A$2:$P$65536,14,FALSE),"") | Z9: =IF(AND(ISNUMBER($U9),ISTEXT(VLOOKUP([1]Trésorerie!$U9,[1]Base!$A$2:$P$65536,5,FALSE))),VLOOKUP([1]Trésorerie!$U9,[1]Base!$A$2:$P$65536,5,FALSE),"") | AA9: =IF(ISNUMBER($U9),VLOOKUP([1]Trésorerie!$U9,[1]Base!$A$2:$P$65536,15,FALSE),"") | AB9: =IF(ISNUMBER($U9),VLOOKUP([1]Trésorerie!$U9,[1]Base!$A$2:$P$65536,16,FALSE),"") | AC9: =IF(ISTEXT(AB9),"",AC8+AB9-AA9) | AE9: {=INDEX([1]Base!$A$2:$A$65536,SMALL(IF(MONTH([1]Base!$B$2:$B$65536)=4,ROW([1]Base!$A$2:$A$65536)-MIN(ROW([1]Base!$A$2:$A$65536))+1),ROWS([1]Base!$A$2:$A7)))} -> #NUM! | AF9: =IF(ISNUMBER($AE9),VLOOKUP([1]Trésorerie!$AE9,[1]Base!$A$2:$P$65536,2,FALSE),"") | AG9: =IF(AND(ISNUMBER($AE9),ISTEXT(VLOOKUP([1]Trésorerie!$AE9,[1]Base!$A$2:$P$65536,3,FALSE))),VLOOKUP([1]Trésorerie!$AE9,[1]Base!$A$2:$P$65536,3,FALSE),"") | AH9: =IF(AND(ISNUMBER($AE9),ISTEXT(VLOOKUP([1]Trésorerie!$AE9,[1]Base!$A$2:$P$65536,8,FALSE))),VLOOKUP([1]Trésorerie!$AE9,[1]Base!$A$2:$P$65536,8,FALSE),"") | AI9: =IF(AND(ISNUMBER($AE9),ISTEXT(VLOOKUP([1]Trésorerie!$AE9,[1]Base!$A$2:$P$65536,14,FALSE))),VLOOKUP([1]Trésorerie!$AE9,[1]Base!$A$2:$P$65536,14,FALSE),"") | AJ9: =IF(AND(ISNUMBER($AE9),ISTEXT(VLOOKUP([1]Trésorerie!$AE9,[1]Base!$A$2:$P$65536,5,FALSE))),VLOOKUP([1]Trésorerie!$AE9,[1]Base!$A$2:$P$65536,5,FALSE),"") | AK9: =IF(ISNUMBER($AE9),VLOOKUP([1]Trésorerie!$AE9,[1]Base!$A$2:$P$65536,15,FALSE),"") | AL9: =IF(ISNUMBER($AE9),VLOOKUP([1]Trésorerie!$AE9,[1]Base!$A$2:$P$65536,16,FALSE),"") | AM9: =IF(ISTEXT(AL9),"",AM8+AL9-AK9) | AO9: {=INDEX([1]Base!$A$2:$A$65536,SMALL(IF(MONTH([1]Base!$B$2:$B$65536)=5,ROW([1]Base!$A$2:$A$65536)-MIN(ROW([1]Base!$A$2:$A$65536))+1),ROWS([1]Base!$A$2:$A7)))} -> #NUM! | AP9: =IF(ISNUMBER(AO9),VLOOKUP([1]Trésorerie!AO9,[1]Base!$A$2:$P$65536,2,FALSE),"") | AQ9: =IF(AND(ISNUMBER($AO9),ISTEXT(VLOOKUP([1]Trésorerie!$AO9,[1]Base!$A$2:$P$65536,3,FALSE))),VLOOKUP([1]Trésorerie!AO9,[1]Base!$A$2:$P$65536,3,FALSE),"") | AR9: =IF(AND(ISNUMBER($AO9),ISTEXT(VLOOKUP([1]Trésorerie!$AO9,[1]Base!$A$2:$P$65536,8,FALSE))),VLOOKUP([1]Trésorerie!AO9,[1]Base!$A$2:$P$65536,8,FALSE),"") | AS9: =IF(AND(ISNUMBER($AO9),ISTEXT(VLOOKUP([1]Trésorerie!$AO9,[1]Base!$A$2:$P$65536,14,FALSE))),VLOOKUP([1]Trésorerie!AO9,[1]Base!$A$2:$P$65536,14,FALSE),"") | AT9: =IF(AND(ISNUMBER($AO9),ISTEXT(VLOOKUP([1]Trésorerie!$AO9,[1]Base!$A$2:$P$65536,5,FALSE))),VLOOKUP([1]Trésorerie!AO9,[1]Base!$A$2:$P$65536,5,FALSE),"") | AU9: =IF(ISNUMBER(AO9),VLOOKUP([1]Trésorerie!AO9,[1]Base!$A$2:$P$65536,15,FALSE),"") | AV9: =IF(ISNUMBER(AO9),VLOOKUP([1]Trésorerie!AO9,[1]Base!$A$2:$P$65536,16,FALSE),"") | AW9: =IF(ISTEXT(AV9),"",AW8+AV9-AU9)
A10: {=INDEX([1]Base!$A$2:$A$65536,SMALL(IF(MONTH([1]Base!$B$2:$B$65536)=1,ROW([1]Base!$A$2:$A$65536)-MIN(ROW([1]Base!$A$2:$A$65536))+1),ROWS([1]Base!$A$2:$A9)))} -> 0 | B10: =IF(VLOOKUP([1]Trésorerie!$A10,[1]Base!$A$2:$P$65536,2,FALSE)="","",VLOOKUP([1]Trésorerie!$A10,[1]Base!$A$2:$P$65536,2,FALSE)) -> #N/A | C10: =IF(VLOOKUP([1]Trésorerie!$A10,[1]Base!$A$2:$P$65536,2,FALSE)="","",VLOOKUP([1]Trésorerie!$A10,[1]Base!$A$2:$P$65536,3,FALSE)) -> #N/A | D10: =IF(VLOOKUP([1]Trésorerie!$A10,[1]Base!$A$2:$P$65536,2,FALSE)="","",VLOOKUP([1]Trésorerie!$A10,[1]Base!$A$2:$P$65536,8,FALSE)) -> #N/A | E10: =IF(VLOOKUP([1]Trésorerie!$A10,[1]Base!$A$2:$P$65536,2,FALSE)="","",VLOOKUP([1]Trésorerie!$A10,[1]Base!$A$2:$P$65536,14,FALSE)) -> #N/A | F10: =IF(VLOOKUP([1]Trésorerie!$A10,[1]Base!$A$2:$P$65536,2,FALSE)="","",VLOOKUP([1]Trésorerie!$A10,[1]Base!$A$2:$P$65536,5,FALSE)) -> #N/A | G10: =IF(VLOOKUP([1]Trésorerie!$A10,[1]Base!$A$2:$P$65536,2,FALSE)="","",VLOOKUP([1]Trésorerie!$A10,[1]Base!$A$2:$P$65536,15,FALSE)) -> #N/A | H10: =IF(VLOOKUP([1]Trésorerie!$A10,[1]Base!$A$2:$P$65536,2,FALSE)="","",VLOOKUP([1]Trésorerie!$A10,[1]Base!$A$2:$P$65536,16,FALSE)) -> #N/A | I10: =IF(ISNUMBER(OR(G10>0,H10>0)),I9+H10-G10,"") | K10: {=INDEX([1]Base!$A$2:$A$65536,SMALL(IF(MONTH([1]Base!$B$2:$B$65536)=2,ROW([1]Base!$A$2:$A$65536)-MIN(ROW([1]Base!$A$2:$A$65536))+1),ROWS([1]Base!$A$2:$A8)))} -> #NUM! | L10: =IF(ISNUMBER($K10),VLOOKUP([1]Trésorerie!$K10,[1]Base!$A$2:$P$65536,2,FALSE),"") | M10: =IF(ISNUMBER($K10),VLOOKUP([1]Trésorerie!$K10,[1]Base!$A$2:$P$65536,3,FALSE),"") | N10: =IF(ISNUMBER($K10),VLOOKUP([1]Trésorerie!$K10,[1]Base!$A$2:$P$65536,8,FALSE),"") | O10: =IF(ISNUMBER($K10),VLOOKUP([1]Trésorerie!$K10,[1]Base!$A$2:$P$65536,14,FALSE),"") | P10: =IF(ISNUMBER($K10),VLOOKUP([1]Trésorerie!$K10,[1]Base!$A$2:$P$65536,5,FALSE),"") | Q10: =IF(ISNUMBER($K10),VLOOKUP([1]Trésorerie!$K10,[1]Base!$A$2:$P$65536,15,FALSE),"") | R10: =IF(ISNUMBER($K10),VLOOKUP([1]Trésorerie!$K10,[1]Base!$A$2:$P$65536,16,FALSE),"") | S10: =IF(ISNUMBER(OR(Q10>0,R10>0)),S9+R10-Q10,"") | U10: {=INDEX([1]Base!$A$2:$A$65536,SMALL(IF(MONTH([1]Base!$B$2:$B$65536)=3,ROW([1]Base!$A$2:$A$65536)-MIN(ROW([1]Base!$A$2:$A$65536))+1),ROWS([1]Base!$A$2:$A8)))} -> #NUM! | V10: =IF(ISNUMBER($U10),VLOOKUP([1]Trésorerie!$U10,[1]Base!$A$2:$P$65536,2,FALSE),"") | W10: =IF(AND(ISNUMBER($U10),ISTEXT(VLOOKUP([1]Trésorerie!$U10,[1]Base!$A$2:$P$65536,3,FALSE))),VLOOKUP([1]Trésorerie!$U10,[1]Base!$A$2:$P$65536,3,FALSE)," ") | X10: =IF(AND(ISNUMBER($U10),ISTEXT(VLOOKUP([1]Trésorerie!$U10,[1]Base!$A$2:$P$65536,8,FALSE))),VLOOKUP([1]Trésorerie!$U10,[1]Base!$A$2:$P$65536,8,FALSE),"") | Y10: =IF(AND(ISNUMBER($U10),ISTEXT(VLOOKUP([1]Trésorerie!$U10,[1]Base!$A$2:$P$65536,14,FALSE))),VLOOKUP([1]Trésorerie!$U10,[1]Base!$A$2:$P$65536,14,FALSE),"") | Z10: =IF(AND(ISNUMBER($U10),ISTEXT(VLOOKUP([1]Trésorerie!$U10,[1]Base!$A$2:$P$65536,5,FALSE))),VLOOKUP([1]Trésorerie!$U10,[1]Base!$A$2:$P$65536,5,FALSE),"") | AA10: =IF(ISNUMBER($U10),VLOOKUP([1]Trésorerie!$U10,[1]Base!$A$2:$P$65536,15,FALSE),"") | AB10: =IF(ISNUMBER($U10),VLOOKUP([1]Trésorerie!$U10,[1]Base!$A$2:$P$65536,16,FALSE),"") | AC10: =IF(ISTEXT(AB10),"",AC9+AB10-AA10) | AE10: {=INDEX([1]Base!$A$2:$A$65536,SMALL(IF(MONTH([1]Base!$B$2:$B$65536)=4,ROW([1]Base!$A$2:$A$65536)-MIN(ROW([1]Base!$A$2:$A$65536))+1),ROWS([1]Base!$A$2:$A8)))} -> #NUM! | AF10: =IF(ISNUMBER($AE10),VLOOKUP([1]Trésorerie!$AE10,[1]Base!$A$2:$P$65536,2,FALSE),"") | AG10: =IF(AND(ISNUMBER($AE10),ISTEXT(VLOOKUP([1]Trésorerie!$AE10,[1]Base!$A$2:$P$65536,3,FALSE))),VLOOKUP([1]Trésorerie!$AE10,[1]Base!$A$2:$P$65536,3,FALSE),"") | AH10: =IF(AND(ISNUMBER($AE10),ISTEXT(VLOOKUP([1]Trésorerie!$AE10,[1]Base!$A$2:$P$65536,8,FALSE))),VLOOKUP([1]Trésorerie!$AE10,[1]Base!$A$2:$P$65536,8,FALSE),"") | AI10: =IF(AND(ISNUMBER($AE10),ISTEXT(VLOOKUP([1]Trésorerie!$AE10,[1]Base!$A$2:$P$65536,14,FALSE))),VLOOKUP([1]Trésorerie!$AE10,[1]Base!$A$2:$P$65536,14,FALSE),"") | AJ10: =IF(AND(ISNUMBER($AE10),ISTEXT(VLOOKUP([1]Trésorerie!$AE10,[1]Base!$A$2:$P$65536,5,FALSE))),VLOOKUP([1]Trésorerie!$AE10,[1]Base!$A$2:$P$65536,5,FALSE),"") | AK10: =IF(ISNUMBER($AE10),VLOOKUP([1]Trésorerie!$AE10,[1]Base!$A$2:$P$65536,15,FALSE),"") | AL10: =IF(ISNUMBER($AE10),VLOOKUP([1]Trésorerie!$AE10,[1]Base!$A$2:$P$65536,16,FALSE),"") | AM10: =IF(ISTEXT(AL10),"",AM9+AL10-AK10) | AO10: {=INDEX([1]Base!$A$2:$A$65536,SMALL(IF(MONTH([1]Base!$B$2:$B$65536)=5,ROW([1]Base!$A$2:$A$65536)-MIN(ROW([1]Base!$A$2:$A$65536))+1),ROWS([1]Base!$A$2:$A8)))} -> #NUM! | AP10: =IF(ISNUMBER(AO10),VLOOKUP([1]Trésorerie!AO10,[1]Base!$A$2:$P$65536,2,FALSE),"") | AQ10: =IF(AND(ISNUMBER($AO10),ISTEXT(VLOOKUP([1]Trésorerie!$AO10,[1]Base!$A$2:$P$65536,3,FALSE))),VLOOKUP([1]Trésorerie!AO10,[1]Base!$A$2:$P$65536,3,FALSE),"") | AR10: =IF(AND(ISNUMBER($AO10),ISTEXT(VLOOKUP([1]Trésorerie!$AO10,[1]Base!$A$2:$P$65536,8,FALSE))),VLOOKUP([1]Trésorerie!AO10,[1]Base!$A$2:$P$65536,8,FALSE),"") | AS10: =IF(AND(ISNUMBER($AO10),ISTEXT(VLOOKUP([1]Trésorerie!$AO10,[1]Base!$A$2:$P$65536,14,FALSE))),VLOOKUP([1]Trésorerie!AO10,[1]Base!$A$2:$P$65536,14,FALSE),"") | AT10: =IF(AND(ISNUMBER($AO10),ISTEXT(VLOOKUP([1]Trésorerie!$AO10,[1]Base!$A$2:$P$65536,5,FALSE))),VLOOKUP([1]Trésorerie!AO10,[1]Base!$A$2:$P$65536,5,FALSE),"") | AU10: =IF(ISNUMBER(AO10),VLOOKUP([1]Trésorerie!AO10,[1]Base!$A$2:$P$65536,15,FALSE),"") | AV10: =IF(ISNUMBER(AO10),VLOOKUP([1]Trésorerie!AO10,[1]Base!$A$2:$P$65536,16,FALSE),"") | AW10: =IF(ISTEXT(AV10),"",AW9+AV10-AU10)
A11: {=INDEX([1]Base!$A$2:$A$65536,SMALL(IF(MONTH([1]Base!$B$2:$B$65536)=1,ROW([1]Base!$A$2:$A$65536)-MIN(ROW([1]Base!$A$2:$A$65536))+1),ROWS([1]Base!$A$2:$A10)))} -> 0 | B11: =IF(VLOOKUP([1]Trésorerie!$A11,[1]Base!$A$2:$P$65536,2,FALSE)="","",VLOOKUP([1]Trésorerie!$A11,[1]Base!$A$2:$P$65536,2,FALSE)) -> #N/A | C11: =IF(VLOOKUP([1]Trésorerie!$A11,[1]Base!$A$2:$P$65536,2,FALSE)="","",VLOOKUP([1]Trésorerie!$A11,[1]Base!$A$2:$P$65536,3,FALSE)) -> #N/A | D11: =IF(VLOOKUP([1]Trésorerie!$A11,[1]Base!$A$2:$P$65536,2,FALSE)="","",VLOOKUP([1]Trésorerie!$A11,[1]Base!$A$2:$P$65536,8,FALSE)) -> #N/A | E11: =IF(VLOOKUP([1]Trésorerie!$A11,[1]Base!$A$2:$P$65536,2,FALSE)="","",VLOOKUP([1]Trésorerie!$A11,[1]Base!$A$2:$P$65536,14,FALSE)) -> #N/A | F11: =IF(VLOOKUP([1]Trésorerie!$A11,[1]Base!$A$2:$P$65536,2,FALSE)="","",VLOOKUP([1]Trésorerie!$A11,[1]Base!$A$2:$P$65536,5,FALSE)) -> #N/A | G11: =IF(VLOOKUP([1]Trésorerie!$A11,[1]Base!$A$2:$P$65536,2,FALSE)="","",VLOOKUP([1]Trésorerie!$A11,[1]Base!$A$2:$P$65536,15,FALSE)) -> #N/A | H11: =IF(VLOOKUP([1]Trésorerie!$A11,[1]Base!$A$2:$P$65536,2,FALSE)="","",VLOOKUP([1]Trésorerie!$A11,[1]Base!$A$2:$P$65536,16,FALSE)) -> #N/A | I11: =IF(ISNUMBER(OR(G11>0,H11>0)),I10+H11-G11,"") | K11: {=INDEX([1]Base!$A$2:$A$65536,SMALL(IF(MONTH([1]Base!$B$2:$B$65536)=2,ROW([1]Base!$A$2:$A$65536)-MIN(ROW([1]Base!$A$2:$A$65536))+1),ROWS([1]Base!$A$2:$A9)))} -> #NUM! | L11: =IF(ISNUMBER($K11),VLOOKUP([1]Trésorerie!$K11,[1]Base!$A$2:$P$65536,2,FALSE),"") | M11: =IF(ISNUMBER($K11),VLOOKUP([1]Trésorerie!$K11,[1]Base!$A$2:$P$65536,3,FALSE),"") | N11: =IF(ISNUMBER($K11),VLOOKUP([1]Trésorerie!$K11,[1]Base!$A$2:$P$65536,8,FALSE),"") | O11: =IF(ISNUMBER($K11),VLOOKUP([1]Trésorerie!$K11,[1]Base!$A$2:$P$65536,14,FALSE),"") | P11: =IF(ISNUMBER($K11),VLOOKUP([1]Trésorerie!$K11,[1]Base!$A$2:$P$65536,5,FALSE),"") | Q11: =IF(ISNUMBER($K11),VLOOKUP([1]Trésorerie!$K11,[1]Base!$A$2:$P$65536,15,FALSE),"") | R11: =IF(ISNUMBER($K11),VLOOKUP([1]Trésorerie!$K11,[1]Base!$A$2:$P$65536,16,FALSE),"") | S11: =IF(ISNUMBER(OR(Q11>0,R11>0)),S10+R11-Q11,"") | U11: {=INDEX([1]Base!$A$2:$A$65536,SMALL(IF(MONTH([1]Base!$B$2:$B$65536)=3,ROW([1]Base!$A$2:$A$65536)-MIN(ROW([1]Base!$A$2:$A$65536))+1),ROWS([1]Base!$A$2:$A9)))} -> #NUM! | V11: =IF(ISNUMBER($U11),VLOOKUP([1]Trésorerie!$U11,[1]Base!$A$2:$P$65536,2,FALSE),"") | W11: =IF(AND(ISNUMBER($U11),ISTEXT(VLOOKUP([1]Trésorerie!$U11,[1]Base!$A$2:$P$65536,3,FALSE))),VLOOKUP([1]Trésorerie!$U11,[1]Base!$A$2:$P$65536,3,FALSE)," ") | X11: =IF(AND(ISNUMBER($U11),ISTEXT(VLOOKUP([1]Trésorerie!$U11,[1]Base!$A$2:$P$65536,8,FALSE))),VLOOKUP([1]Trésorerie!$U11,[1]Base!$A$2:$P$65536,8,FALSE),"") | Y11: =IF(AND(ISNUMBER($U11),ISTEXT(VLOOKUP([1]Trésorerie!$U11,[1]Base!$A$2:$P$65536,14,FALSE))),VLOOKUP([1]Trésorerie!$U11,[1]Base!$A$2:$P$65536,14,FALSE),"") | Z11: =IF(AND(ISNUMBER($U11),ISTEXT(VLOOKUP([1]Trésorerie!$U11,[1]Base!$A$2:$P$65536,5,FALSE))),VLOOKUP([1]Trésorerie!$U11,[1]Base!$A$2:$P$65536,5,FALSE),"") | AA11: =IF(ISNUMBER($U11),VLOOKUP([1]Trésorerie!$U11,[1]Base!$A$2:$P$65536,15,FALSE),"") | AB11: =IF(ISNUMBER($U11),VLOOKUP([1]Trésorerie!$U11,[1]Base!$A$2:$P$65536,16,FALSE),"") | AC11: =IF(ISTEXT(AB11),"",AC10+AB11-AA11) | AE11: {=INDEX([1]Base!$A$2:$A$65536,SMALL(IF(MONTH([1]Base!$B$2:$B$65536)=4,ROW([1]Base!$A$2:$A$65536)-MIN(ROW([1]Base!$A$2:$A$65536))+1),ROWS([1]Base!$A$2:$A9)))} -> #NUM! | AF11: =IF(ISNUMBER($AE11),VLOOKUP([1]Trésorerie!$AE11,[1]Base!$A$2:$P$65536,2,FALSE),"") | AG11: =IF(AND(ISNUMBER($AE11),ISTEXT(VLOOKUP([1]Trésorerie!$AE11,[1]Base!$A$2:$P$65536,3,FALSE))),VLOOKUP([1]Trésorerie!$AE11,[1]Base!$A$2:$P$65536,3,FALSE),"") | AH11: =IF(AND(ISNUMBER($AE11),ISTEXT(VLOOKUP([1]Trésorerie!$AE11,[1]Base!$A$2:$P$65536,8,FALSE))),VLOOKUP([1]Trésorerie!$AE11,[1]Base!$A$2:$P$65536,8,FALSE),"") | AI11: =IF(AND(ISNUMBER($AE11),ISTEXT(VLOOKUP([1]Trésorerie!$AE11,[1]Base!$A$2:$P$65536,14,FALSE))),VLOOKUP([1]Trésorerie!$AE11,[1]Base!$A$2:$P$65536,14,FALSE),"") | AJ11: =IF(AND(ISNUMBER($AE11),ISTEXT(VLOOKUP([1]Trésorerie!$AE11,[1]Base!$A$2:$P$65536,5,FALSE))),VLOOKUP([1]Trésorerie!$AE11,[1]Base!$A$2:$P$65536,5,FALSE),"") | AK11: =IF(ISNUMBER($AE11),VLOOKUP([1]Trésorerie!$AE11,[1]Base!$A$2:$P$65536,15,FALSE),"") | AL11: =IF(ISNUMBER($AE11),VLOOKUP([1]Trésorerie!$AE11,[1]Base!$A$2:$P$65536,16,FALSE),"") | AM11: =IF(ISTEXT(AL11),"",AM10+AL11-AK11) | AO11: {=INDEX([1]Base!$A$2:$A$65536,SMALL(IF(MONTH([1]Base!$B$2:$B$65536)=5,ROW([1]Base!$A$2:$A$65536)-MIN(ROW([1]Base!$A$2:$A$65536))+1),ROWS([1]Base!$A$2:$A9)))} -> #NUM! | AP11: =IF(ISNUMBER(AO11),VLOOKUP([1]Trésorerie!AO11,[1]Base!$A$2:$P$65536,2,FALSE),"") | AQ11: =IF(AND(ISNUMBER($AO11),ISTEXT(VLOOKUP([1]Trésorerie!$AO11,[1]Base!$A$2:$P$65536,3,FALSE))),VLOOKUP([1]Trésorerie!AO11,[1]Base!$A$2:$P$65536,3,FALSE),"") | AR11: =IF(AND(ISNUMBER($AO11),ISTEXT(VLOOKUP([1]Trésorerie!$AO11,[1]Base!$A$2:$P$65536,8,FALSE))),VLOOKUP([1]Trésorerie!AO11,[1]Base!$A$2:$P$65536,8,FALSE),"") | AS11: =IF(AND(ISNUMBER($AO11),ISTEXT(VLOOKUP([1]Trésorerie!$AO11,[1]Base!$A$2:$P$65536,14,FALSE))),VLOOKUP([1]Trésorerie!AO11,[1]Base!$A$2:$P$65536,14,FALSE),"") | AT11: =IF(AND(ISNUMBER($AO11),ISTEXT(VLOOKUP([1]Trésorerie!$AO11,[1]Base!$A$2:$P$65536,5,FALSE))),VLOOKUP([1]Trésorerie!AO11,[1]Base!$A$2:$P$65536,5,FALSE),"") | AU11: =IF(ISNUMBER(AO11),VLOOKUP([1]Trésorerie!AO11,[1]Base!$A$2:$P$65536,15,FALSE),"") | AV11: =IF(ISNUMBER(AO11),VLOOKUP([1]Trésorerie!AO11,[1]Base!$A$2:$P$65536,16,FALSE),"") | AW11: =IF(ISTEXT(AV11),"",AW10+AV11-AU11)
A12: {=INDEX([1]Base!$A$2:$A$65536,SMALL(IF(MONTH([1]Base!$B$2:$B$65536)=1,ROW([1]Base!$A$2:$A$65536)-MIN(ROW([1]Base!$A$2:$A$65536))+1),ROWS([1]Base!$A$2:$A11)))} -> 0 | B12: =IF(VLOOKUP([1]Trésorerie!$A12,[1]Base!$A$2:$P$65536,2,FALSE)="","",VLOOKUP([1]Trésorerie!$A12,[1]Base!$A$2:$P$65536,2,FALSE)) -> #N/A | C12: =IF(VLOOKUP([1]Trésorerie!$A12,[1]Base!$A$2:$P$65536,2,FALSE)="","",VLOOKUP([1]Trésorerie!$A12,[1]Base!$A$2:$P$65536,3,FALSE)) -> #N/A | D12: =IF(VLOOKUP([1]Trésorerie!$A12,[1]Base!$A$2:$P$65536,2,FALSE)="","",VLOOKUP([1]Trésorerie!$A12,[1]Base!$A$2:$P$65536,8,FALSE)) -> #N/A | E12: =IF(VLOOKUP([1]Trésorerie!$A12,[1]Base!$A$2:$P$65536,2,FALSE)="","",VLOOKUP([1]Trésorerie!$A12,[1]Base!$A$2:$P$65536,14,FALSE)) -> #N/A | F12: =IF(VLOOKUP([1]Trésorerie!$A12,[1]Base!$A$2:$P$65536,2,FALSE)="","",VLOOKUP([1]Trésorerie!$A12,[1]Base!$A$2:$P$65536,5,FALSE)) -> #N/A | G12: =IF(VLOOKUP([1]Trésorerie!$A12,[1]Base!$A$2:$P$65536,2,FALSE)="","",VLOOKUP([1]Trésorerie!$A12,[1]Base!$A$2:$P$65536,15,FALSE)) -> #N/A | H12: =IF(VLOOKUP([1]Trésorerie!$A12,[1]Base!$A$2:$P$65536,2,FALSE)="","",VLOOKUP([1]Trésorerie!$A12,[1]Base!$A$2:$P$65536,16,FALSE)) -> #N/A | I12: =IF(ISNUMBER(OR(G12>0,H12>0)),I11+H12-G12,"") | K12: {=INDEX([1]Base!$A$2:$A$65536,SMALL(IF(MONTH([1]Base!$B$2:$B$65536)=2,ROW([1]Base!$A$2:$A$65536)-MIN(ROW([1]Base!$A$2:$A$65536))+1),ROWS([1]Base!$A$2:$A10)))} -> #NUM! | L12: =IF(ISNUMBER($K12),VLOOKUP([1]Trésorerie!$K12,[1]Base!$A$2:$P$65536,2,FALSE),"") | M12: =IF(ISNUMBER($K12),VLOOKUP([1]Trésorerie!$K12,[1]Base!$A$2:$P$65536,3,FALSE),"") | N12: =IF(ISNUMBER($K12),VLOOKUP([1]Trésorerie!$K12,[1]Base!$A$2:$P$65536,8,FALSE),"") | O12: =IF(ISNUMBER($K12),VLOOKUP([1]Trésorerie!$K12,[1]Base!$A$2:$P$65536,14,FALSE),"") | P12: =IF(ISNUMBER($K12),VLOOKUP([1]Trésorerie!$K12,[1]Base!$A$2:$P$65536,5,FALSE),"") | Q12: =IF(ISNUMBER($K12),VLOOKUP([1]Trésorerie!$K12,[1]Base!$A$2:$P$65536,15,FALSE),"") | R12: =IF(ISNUMBER($K12),VLOOKUP([1]Trésorerie!$K12,[1]Base!$A$2:$P$65536,16,FALSE),"") | S12: =IF(ISNUMBER(OR(Q12>0,R12>0)),S11+R12-Q12,"") | U12: {=INDEX([1]Base!$A$2:$A$65536,SMALL(IF(MONTH([1]Base!$B$2:$B$65536)=3,ROW([1]Base!$A$2:$A$65536)-MIN(ROW([1]Base!$A$2:$A$65536))+1),ROWS([1]Base!$A$2:$A10)))} -> #NUM! | V12: =IF(ISNUMBER($U12),VLOOKUP([1]Trésorerie!$U12,[1]Base!$A$2:$P$65536,2,FALSE),"") | W12: =IF(AND(ISNUMBER($U12),ISTEXT(VLOOKUP([1]Trésorerie!$U12,[1]Base!$A$2:$P$65536,3,FALSE))),VLOOKUP([1]Trésorerie!$U12,[1]Base!$A$2:$P$65536,3,FALSE)," ") | X12: =IF(AND(ISNUMBER($U12),ISTEXT(VLOOKUP([1]Trésorerie!$U12,[1]Base!$A$2:$P$65536,8,FALSE))),VLOOKUP([1]Trésorerie!$U12,[1]Base!$A$2:$P$65536,8,FALSE),"") | Y12: =IF(AND(ISNUMBER($U12),ISTEXT(VLOOKUP([1]Trésorerie!$U12,[1]Base!$A$2:$P$65536,14,FALSE))),VLOOKUP([1]Trésorerie!$U12,[1]Base!$A$2:$P$65536,14,FALSE),"") | Z12: =IF(AND(ISNUMBER($U12),ISTEXT(VLOOKUP([1]Trésorerie!$U12,[1]Base!$A$2:$P$65536,5,FALSE))),VLOOKUP([1]Trésorerie!$U12,[1]Base!$A$2:$P$65536,5,FALSE),"") | AA12: =IF(ISNUMBER($U12),VLOOKUP([1]Trésorerie!$U12,[1]Base!$A$2:$P$65536,15,FALSE),"") | AB12: =IF(ISNUMBER($U12),VLOOKUP([1]Trésorerie!$U12,[1]Base!$A$2:$P$65536,16,FALSE),"") | AC12: =IF(ISTEXT(AB12),"",AC11+AB12-AA12) | AE12: {=INDEX([1]Base!$A$2:$A$65536,SMALL(IF(MONTH([1]Base!$B$2:$B$65536)=4,ROW([1]Base!$A$2:$A$65536)-MIN(ROW([1]Base!$A$2:$A$65536))+1),ROWS([1]Base!$A$2:$A10)))} -> #NUM! | AF12: =IF(ISNUMBER($AE12),VLOOKUP([1]Trésorerie!$AE12,[1]Base!$A$2:$P$65536,2,FALSE),"") | AG12: =IF(AND(ISNUMBER($AE12),ISTEXT(VLOOKUP([1]Trésorerie!$AE12,[1]Base!$A$2:$P$65536,3,FALSE))),VLOOKUP([1]Trésorerie!$AE12,[1]Base!$A$2:$P$65536,3,FALSE),"") | AH12: =IF(AND(ISNUMBER($AE12),ISTEXT(VLOOKUP([1]Trésorerie!$AE12,[1]Base!$A$2:$P$65536,8,FALSE))),VLOOKUP([1]Trésorerie!$AE12,[1]Base!$A$2:$P$65536,8,FALSE),"") | AI12: =IF(AND(ISNUMBER($AE12),ISTEXT(VLOOKUP([1]Trésorerie!$AE12,[1]Base!$A$2:$P$65536,14,FALSE))),VLOOKUP([1]Trésorerie!$AE12,[1]Base!$A$2:$P$65536,14,FALSE),"") | AJ12: =IF(AND(ISNUMBER($AE12),ISTEXT(VLOOKUP([1]Trésorerie!$AE12,[1]Base!$A$2:$P$65536,5,FALSE))),VLOOKUP([1]Trésorerie!$AE12,[1]Base!$A$2:$P$65536,5,FALSE),"") | AK12: =IF(ISNUMBER($AE12),VLOOKUP([1]Trésorerie!$AE12,[1]Base!$A$2:$P$65536,15,FALSE),"") | AL12: =IF(ISNUMBER($AE12),VLOOKUP([1]Trésorerie!$AE12,[1]Base!$A$2:$P$65536,16,FALSE),"") | AM12: =IF(ISTEXT(AL12),"",AM11+AL12-AK12) | AO12: {=INDEX([1]Base!$A$2:$A$65536,SMALL(IF(MONTH([1]Base!$B$2:$B$65536)=5,ROW([1]Base!$A$2:$A$65536)-MIN(ROW([1]Base!$A$2:$A$65536))+1),ROWS([1]Base!$A$2:$A10)))} -> #NUM! | AP12: =IF(ISNUMBER(AO12),VLOOKUP([1]Trésorerie!AO12,[1]Base!$A$2:$P$65536,2,FALSE),"") | AQ12: =IF(AND(ISNUMBER($AO12),ISTEXT(VLOOKUP([1]Trésorerie!$AO12,[1]Base!$A$2:$P$65536,3,FALSE))),VLOOKUP([1]Trésorerie!AO12,[1]Base!$A$2:$P$65536,3,FALSE),"") | AR12: =IF(AND(ISNUMBER($AO12),ISTEXT(VLOOKUP([1]Trésorerie!$AO12,[1]Base!$A$2:$P$65536,8,FALSE))),VLOOKUP([1]Trésorerie!AO12,[1]Base!$A$2:$P$65536,8,FALSE),"") | AS12: =IF(AND(ISNUMBER($AO12),ISTEXT(VLOOKUP([1]Trésorerie!$AO12,[1]Base!$A$2:$P$65536,14,FALSE))),VLOOKUP([1]Trésorerie!AO12,[1]Base!$A$2:$P$65536,14,FALSE),"") | AT12: =IF(AND(ISNUMBER($AO12),ISTEXT(VLOOKUP([1]Trésorerie!$AO12,[1]Base!$A$2:$P$65536,5,FALSE))),VLOOKUP([1]Trésorerie!AO12,[1]Base!$A$2:$P$65536,5,FALSE),"") | AU12: =IF(ISNUMBER(AO12),VLOOKUP([1]Trésorerie!AO12,[1]Base!$A$2:$P$65536,15,FALSE),"") | AV12: =IF(ISNUMBER(AO12),VLOOKUP([1]Trésorerie!AO12,[1]Base!$A$2:$P$65536,16,FALSE),"") | AW12: =IF(ISTEXT(AV12),"",AW11+AV12-AU12)
A13: {=INDEX([1]Base!$A$2:$A$65536,SMALL(IF(MONTH([1]Base!$B$2:$B$65536)=1,ROW([1]Base!$A$2:$A$65536)-MIN(ROW([1]Base!$A$2:$A$65536))+1),ROWS([1]Base!$A$2:$A12)))} -> 0 | B13: =IF(VLOOKUP([1]Trésorerie!$A13,[1]Base!$A$2:$P$65536,2,FALSE)="","",VLOOKUP([1]Trésorerie!$A13,[1]Base!$A$2:$P$65536,2,FALSE)) -> #N/A | C13: =IF(VLOOKUP([1]Trésorerie!$A13,[1]Base!$A$2:$P$65536,2,FALSE)="","",VLOOKUP([1]Trésorerie!$A13,[1]Base!$A$2:$P$65536,3,FALSE)) -> #N/A | D13: =IF(VLOOKUP([1]Trésorerie!$A13,[1]Base!$A$2:$P$65536,2,FALSE)="","",VLOOKUP([1]Trésorerie!$A13,[1]Base!$A$2:$P$65536,8,FALSE)) -> #N/A | E13: =IF(VLOOKUP([1]Trésorerie!$A13,[1]Base!$A$2:$P$65536,2,FALSE)="","",VLOOKUP([1]Trésorerie!$A13,[1]Base!$A$2:$P$65536,14,FALSE)) -> #N/A | F13: =IF(VLOOKUP([1]Trésorerie!$A13,[1]Base!$A$2:$P$65536,2,FALSE)="","",VLOOKUP([1]Trésorerie!$A13,[1]Base!$A$2:$P$65536,5,FALSE)) -> #N/A | G13: =IF(VLOOKUP([1]Trésorerie!$A13,[1]Base!$A$2:$P$65536,2,FALSE)="","",VLOOKUP([1]Trésorerie!$A13,[1]Base!$A$2:$P$65536,15,FALSE)) -> #N/A | H13: =IF(VLOOKUP([1]Trésorerie!$A13,[1]Base!$A$2:$P$65536,2,FALSE)="","",VLOOKUP([1]Trésorerie!$A13,[1]Base!$A$2:$P$65536,16,FALSE)) -> #N/A | I13: =IF(ISNUMBER(OR(G13>0,H13>0)),I12+H13-G13,"") | K13: {=INDEX([1]Base!$A$2:$A$65536,SMALL(IF(MONTH([1]Base!$B$2:$B$65536)=2,ROW([1]Base!$A$2:$A$65536)-MIN(ROW([1]Base!$A$2:$A$65536))+1),ROWS([1]Base!$A$2:$A11)))} -> #NUM! | L13: =IF(ISNUMBER($K13),VLOOKUP([1]Trésorerie!$K13,[1]Base!$A$2:$P$65536,2,FALSE),"") | M13: =IF(ISNUMBER($K13),VLOOKUP([1]Trésorerie!$K13,[1]Base!$A$2:$P$65536,3,FALSE),"") | N13: =IF(ISNUMBER($K13),VLOOKUP([1]Trésorerie!$K13,[1]Base!$A$2:$P$65536,8,FALSE),"") | O13: =IF(ISNUMBER($K13),VLOOKUP([1]Trésorerie!$K13,[1]Base!$A$2:$P$65536,14,FALSE),"") | P13: =IF(ISNUMBER($K13),VLOOKUP([1]Trésorerie!$K13,[1]Base!$A$2:$P$65536,5,FALSE),"") | Q13: =IF(ISNUMBER($K13),VLOOKUP([1]Trésorerie!$K13,[1]Base!$A$2:$P$65536,15,FALSE),"") | R13: =IF(ISNUMBER($K13),VLOOKUP([1]Trésorerie!$K13,[1]Base!$A$2:$P$65536,16,FALSE),"") | S13: =IF(ISNUMBER(OR(Q13>0,R13>0)),S12+R13-Q13,"") | U13: {=INDEX([1]Base!$A$2:$A$65536,SMALL(IF(MONTH([1]Base!$B$2:$B$65536)=3,ROW([1]Base!$A$2:$A$65536)-MIN(ROW([1]Base!$A$2:$A$65536))+1),ROWS([1]Base!$A$2:$A11)))} -> #NUM! | V13: =IF(ISNUMBER($U13),VLOOKUP([1]Trésorerie!$U13,[1]Base!$A$2:$P$65536,2,FALSE),"") | W13: =IF(AND(ISNUMBER($U13),ISTEXT(VLOOKUP([1]Trésorerie!$U13,[1]Base!$A$2:$P$65536,3,FALSE))),VLOOKUP([1]Trésorerie!$U13,[1]Base!$A$2:$P$65536,3,FALSE)," ") | X13: =IF(AND(ISNUMBER($U13),ISTEXT(VLOOKUP([1]Trésorerie!$U13,[1]Base!$A$2:$P$65536,8,FALSE))),VLOOKUP([1]Trésorerie!$U13,[1]Base!$A$2:$P$65536,8,FALSE),"") | Y13: =IF(AND(ISNUMBER($U13),ISTEXT(VLOOKUP([1]Trésorerie!$U13,[1]Base!$A$2:$P$65536,14,FALSE))),VLOOKUP([1]Trésorerie!$U13,[1]Base!$A$2:$P$65536,14,FALSE),"") | Z13: =IF(AND(ISNUMBER($U13),ISTEXT(VLOOKUP([1]Trésorerie!$U13,[1]Base!$A$2:$P$65536,5,FALSE))),VLOOKUP([1]Trésorerie!$U13,[1]Base!$A$2:$P$65536,5,FALSE),"") | AA13: =IF(ISNUMBER($U13),VLOOKUP([1]Trésorerie!$U13,[1]Base!$A$2:$P$65536,15,FALSE),"") | AB13: =IF(ISNUMBER($U13),VLOOKUP([1]Trésorerie!$U13,[1]Base!$A$2:$P$65536,16,FALSE),"") | AC13: =IF(ISTEXT(AB13),"",AC12+AB13-AA13) | AE13: {=INDEX([1]Base!$A$2:$A$65536,SMALL(IF(MONTH([1]Base!$B$2:$B$65536)=4,ROW([1]Base!$A$2:$A$65536)-MIN(ROW([1]Base!$A$2:$A$65536))+1),ROWS([1]Base!$A$2:$A11)))} -> #NUM! | AF13: =IF(ISNUMBER($AE13),VLOOKUP([1]Trésorerie!$AE13,[1]Base!$A$2:$P$65536,2,FALSE),"") | AG13: =IF(AND(ISNUMBER($AE13),ISTEXT(VLOOKUP([1]Trésorerie!$AE13,[1]Base!$A$2:$P$65536,3,FALSE))),VLOOKUP([1]Trésorerie!$AE13,[1]Base!$A$2:$P$65536,3,FALSE),"") | AH13: =IF(AND(ISNUMBER($AE13),ISTEXT(VLOOKUP([1]Trésorerie!$AE13,[1]Base!$A$2:$P$65536,8,FALSE))),VLOOKUP([1]Trésorerie!$AE13,[1]Base!$A$2:$P$65536,8,FALSE),"") | AI13: =IF(AND(ISNUMBER($AE13),ISTEXT(VLOOKUP([1]Trésorerie!$AE13,[1]Base!$A$2:$P$65536,14,FALSE))),VLOOKUP([1]Trésorerie!$AE13,[1]Base!$A$2:$P$65536,14,FALSE),"") | AJ13: =IF(AND(ISNUMBER($AE13),ISTEXT(VLOOKUP([1]Trésorerie!$AE13,[1]Base!$A$2:$P$65536,5,FALSE))),VLOOKUP([1]Trésorerie!$AE13,[1]Base!$A$2:$P$65536,5,FALSE),"") | AK13: =IF(ISNUMBER($AE13),VLOOKUP([1]Trésorerie!$AE13,[1]Base!$A$2:$P$65536,15,FALSE),"") | AL13: =IF(ISNUMBER($AE13),VLOOKUP([1]Trésorerie!$AE13,[1]Base!$A$2:$P$65536,16,FALSE),"") | AM13: =IF(ISTEXT(AL13),"",AM12+AL13-AK13) | AO13: {=INDEX([1]Base!$A$2:$A$65536,SMALL(IF(MONTH([1]Base!$B$2:$B$65536)=5,ROW([1]Base!$A$2:$A$65536)-MIN(ROW([1]Base!$A$2:$A$65536))+1),ROWS([1]Base!$A$2:$A11)))} -> #NUM! | AP13: =IF(ISNUMBER(AO13),VLOOKUP([1]Trésorerie!AO13,[1]Base!$A$2:$P$65536,2,FALSE),"") | AQ13: =IF(AND(ISNUMBER($AO13),ISTEXT(VLOOKUP([1]Trésorerie!$AO13,[1]Base!$A$2:$P$65536,3,FALSE))),VLOOKUP([1]Trésorerie!AO13,[1]Base!$A$2:$P$65536,3,FALSE),"") | AR13: =IF(AND(ISNUMBER($AO13),ISTEXT(VLOOKUP([1]Trésorerie!$AO13,[1]Base!$A$2:$P$65536,8,FALSE))),VLOOKUP([1]Trésorerie!AO13,[1]Base!$A$2:$P$65536,8,FALSE),"") | AS13: =IF(AND(ISNUMBER($AO13),ISTEXT(VLOOKUP([1]Trésorerie!$AO13,[1]Base!$A$2:$P$65536,14,FALSE))),VLOOKUP([1]Trésorerie!AO13,[1]Base!$A$2:$P$65536,14,FALSE),"") | AT13: =IF(AND(ISNUMBER($AO13),ISTEXT(VLOOKUP([1]Trésorerie!$AO13,[1]Base!$A$2:$P$65536,5,FALSE))),VLOOKUP([1]Trésorerie!AO13,[1]Base!$A$2:$P$65536,5,FALSE),"") | AU13: =IF(ISNUMBER(AO13),VLOOKUP([1]Trésorerie!AO13,[1]Base!$A$2:$P$65536,15,FALSE),"") | AV13: =IF(ISNUMBER(AO13),VLOOKUP([1]Trésorerie!AO13,[1]Base!$A$2:$P$65536,16,FALSE),"") | AW13: =IF(ISTEXT(AV13),"",AW12+AV13-AU13)
A14: {=INDEX([1]Base!$A$2:$A$65536,SMALL(IF(MONTH([1]Base!$B$2:$B$65536)=1,ROW([1]Base!$A$2:$A$65536)-MIN(ROW([1]Base!$A$2:$A$65536))+1),ROWS([1]Base!$A$2:$A13)))} -> 0 | B14: =IF(VLOOKUP([1]Trésorerie!$A14,[1]Base!$A$2:$P$65536,2,FALSE)="","",VLOOKUP([1]Trésorerie!$A14,[1]Base!$A$2:$P$65536,2,FALSE)) -> #N/A | C14: =IF(VLOOKUP([1]Trésorerie!$A14,[1]Base!$A$2:$P$65536,2,FALSE)="","",VLOOKUP([1]Trésorerie!$A14,[1]Base!$A$2:$P$65536,3,FALSE)) -> #N/A | D14: =IF(VLOOKUP([1]Trésorerie!$A14,[1]Base!$A$2:$P$65536,2,FALSE)="","",VLOOKUP([1]Trésorerie!$A14,[1]Base!$A$2:$P$65536,8,FALSE)) -> #N/A | E14: =IF(VLOOKUP([1]Trésorerie!$A14,[1]Base!$A$2:$P$65536,2,FALSE)="","",VLOOKUP([1]Trésorerie!$A14,[1]Base!$A$2:$P$65536,14,FALSE)) -> #N/A | F14: =IF(VLOOKUP([1]Trésorerie!$A14,[1]Base!$A$2:$P$65536,2,FALSE)="","",VLOOKUP([1]Trésorerie!$A14,[1]Base!$A$2:$P$65536,5,FALSE)) -> #N/A | G14: =IF(VLOOKUP([1]Trésorerie!$A14,[1]Base!$A$2:$P$65536,2,FALSE)="","",VLOOKUP([1]Trésorerie!$A14,[1]Base!$A$2:$P$65536,15,FALSE)) -> #N/A | H14: =IF(VLOOKUP([1]Trésorerie!$A14,[1]Base!$A$2:$P$65536,2,FALSE)="","",VLOOKUP([1]Trésorerie!$A14,[1]Base!$A$2:$P$65536,16,FALSE)) -> #N/A | I14: =IF(ISNUMBER(OR(G14>0,H14>0)),I13+H14-G14,"") | K14: {=INDEX([1]Base!$A$2:$A$65536,SMALL(IF(MONTH([1]Base!$B$2:$B$65536)=2,ROW([1]Base!$A$2:$A$65536)-MIN(ROW([1]Base!$A$2:$A$65536))+1),ROWS([1]Base!$A$2:$A12)))} -> #NUM! | L14: =IF(ISNUMBER($K14),VLOOKUP([1]Trésorerie!$K14,[1]Base!$A$2:$P$65536,2,FALSE),"") | M14: =IF(ISNUMBER($K14),VLOOKUP([1]Trésorerie!$K14,[1]Base!$A$2:$P$65536,3,FALSE),"") | N14: =IF(ISNUMBER($K14),VLOOKUP([1]Trésorerie!$K14,[1]Base!$A$2:$P$65536,8,FALSE),"") | O14: =IF(ISNUMBER($K14),VLOOKUP([1]Trésorerie!$K14,[1]Base!$A$2:$P$65536,14,FALSE),"") | P14: =IF(ISNUMBER($K14),VLOOKUP([1]Trésorerie!$K14,[1]Base!$A$2:$P$65536,5,FALSE),"") | Q14: =IF(ISNUMBER($K14),VLOOKUP([1]Trésorerie!$K14,[1]Base!$A$2:$P$65536,15,FALSE),"") | R14: =IF(ISNUMBER($K14),VLOOKUP([1]Trésorerie!$K14,[1]Base!$A$2:$P$65536,16,FALSE),"") | S14: =IF(ISNUMBER(OR(Q14>0,R14>0)),S13+R14-Q14,"") | U14: {=INDEX([1]Base!$A$2:$A$65536,SMALL(IF(MONTH([1]Base!$B$2:$B$65536)=3,ROW([1]Base!$A$2:$A$65536)-MIN(ROW([1]Base!$A$2:$A$65536))+1),ROWS([1]Base!$A$2:$A12)))} -> #NUM! | V14: =IF(ISNUMBER($U14),VLOOKUP([1]Trésorerie!$U14,[1]Base!$A$2:$P$65536,2,FALSE),"") | W14: =IF(AND(ISNUMBER($U14),ISTEXT(VLOOKUP([1]Trésorerie!$U14,[1]Base!$A$2:$P$65536,3,FALSE))),VLOOKUP([1]Trésorerie!$U14,[1]Base!$A$2:$P$65536,3,FALSE)," ") | X14: =IF(AND(ISNUMBER($U14),ISTEXT(VLOOKUP([1]Trésorerie!$U14,[1]Base!$A$2:$P$65536,8,FALSE))),VLOOKUP([1]Trésorerie!$U14,[1]Base!$A$2:$P$65536,8,FALSE),"") | Y14: =IF(AND(ISNUMBER($U14),ISTEXT(VLOOKUP([1]Trésorerie!$U14,[1]Base!$A$2:$P$65536,14,FALSE))),VLOOKUP([1]Trésorerie!$U14,[1]Base!$A$2:$P$65536,14,FALSE),"") | Z14: =IF(AND(ISNUMBER($U14),ISTEXT(VLOOKUP([1]Trésorerie!$U14,[1]Base!$A$2:$P$65536,5,FALSE))),VLOOKUP([1]Trésorerie!$U14,[1]Base!$A$2:$P$65536,5,FALSE),"") | AA14: =IF(ISNUMBER($U14),VLOOKUP([1]Trésorerie!$U14,[1]Base!$A$2:$P$65536,15,FALSE),"") | AB14: =IF(ISNUMBER($U14),VLOOKUP([1]Trésorerie!$U14,[1]Base!$A$2:$P$65536,16,FALSE),"") | AC14: =IF(ISTEXT(AB14),"",AC13+AB14-AA14) | AE14: {=INDEX([1]Base!$A$2:$A$65536,SMALL(IF(MONTH([1]Base!$B$2:$B$65536)=4,ROW([1]Base!$A$2:$A$65536)-MIN(ROW([1]Base!$A$2:$A$65536))+1),ROWS([1]Base!$A$2:$A12)))} -> #NUM! | AF14: =IF(ISNUMBER($AE14),VLOOKUP([1]Trésorerie!$AE14,[1]Base!$A$2:$P$65536,2,FALSE),"") | AG14: =IF(AND(ISNUMBER($AE14),ISTEXT(VLOOKUP([1]Trésorerie!$AE14,[1]Base!$A$2:$P$65536,3,FALSE))),VLOOKUP([1]Trésorerie!$AE14,[1]Base!$A$2:$P$65536,3,FALSE),"") | AH14: =IF(AND(ISNUMBER($AE14),ISTEXT(VLOOKUP([1]Trésorerie!$AE14,[1]Base!$A$2:$P$65536,8,FALSE))),VLOOKUP([1]Trésorerie!$AE14,[1]Base!$A$2:$P$65536,8,FALSE),"") | AI14: =IF(AND(ISNUMBER($AE14),ISTEXT(VLOOKUP([1]Trésorerie!$AE14,[1]Base!$A$2:$P$65536,14,FALSE))),VLOOKUP([1]Trésorerie!$AE14,[1]Base!$A$2:$P$65536,14,FALSE),"") | AJ14: =IF(AND(ISNUMBER($AE14),ISTEXT(VLOOKUP([1]Trésorerie!$AE14,[1]Base!$A$2:$P$65536,5,FALSE))),VLOOKUP([1]Trésorerie!$AE14,[1]Base!$A$2:$P$65536,5,FALSE),"") | AK14: =IF(ISNUMBER($AE14),VLOOKUP([1]Trésorerie!$AE14,[1]Base!$A$2:$P$65536,15,FALSE),"") | AL14: =IF(ISNUMBER($AE14),VLOOKUP([1]Trésorerie!$AE14,[1]Base!$A$2:$P$65536,16,FALSE),"") | AM14: =IF(ISTEXT(AL14),"",AM13+AL14-AK14) | AO14: {=INDEX([1]Base!$A$2:$A$65536,SMALL(IF(MONTH([1]Base!$B$2:$B$65536)=5,ROW([1]Base!$A$2:$A$65536)-MIN(ROW([1]Base!$A$2:$A$65536))+1),ROWS([1]Base!$A$2:$A12)))} -> #NUM! | AP14: =IF(ISNUMBER(AO14),VLOOKUP([1]Trésorerie!AO14,[1]Base!$A$2:$P$65536,2,FALSE),"") | AQ14: =IF(AND(ISNUMBER($AO14),ISTEXT(VLOOKUP([1]Trésorerie!$AO14,[1]Base!$A$2:$P$65536,3,FALSE))),VLOOKUP([1]Trésorerie!AO14,[1]Base!$A$2:$P$65536,3,FALSE),"") | AR14: =IF(AND(ISNUMBER($AO14),ISTEXT(VLOOKUP([1]Trésorerie!$AO14,[1]Base!$A$2:$P$65536,8,FALSE))),VLOOKUP([1]Trésorerie!AO14,[1]Base!$A$2:$P$65536,8,FALSE),"") | AS14: =IF(AND(ISNUMBER($AO14),ISTEXT(VLOOKUP([1]Trésorerie!$AO14,[1]Base!$A$2:$P$65536,14,FALSE))),VLOOKUP([1]Trésorerie!AO14,[1]Base!$A$2:$P$65536,14,FALSE),"") | AT14: =IF(AND(ISNUMBER($AO14),ISTEXT(VLOOKUP([1]Trésorerie!$AO14,[1]Base!$A$2:$P$65536,5,FALSE))),VLOOKUP([1]Trésorerie!AO14,[1]Base!$A$2:$P$65536,5,FALSE),"") | AU14: =IF(ISNUMBER(AO14),VLOOKUP([1]Trésorerie!AO14,[1]Base!$A$2:$P$65536,15,FALSE),"") | AV14: =IF(ISNUMBER(AO14),VLOOKUP([1]Trésorerie!AO14,[1]Base!$A$2:$P$65536,16,FALSE),"") | AW14: =IF(ISTEXT(AV14),"",AW13+AV14-AU14)
A15: {=INDEX([1]Base!$A$2:$A$65536,SMALL(IF(MONTH([1]Base!$B$2:$B$65536)=1,ROW([1]Base!$A$2:$A$65536)-MIN(ROW([1]Base!$A$2:$A$65536))+1),ROWS([1]Base!$A$2:$A14)))} -> 0 | B15: =IF(VLOOKUP([1]Trésorerie!$A15,[1]Base!$A$2:$P$65536,2,FALSE)="","",VLOOKUP([1]Trésorerie!$A15,[1]Base!$A$2:$P$65536,2,FALSE)) -> #N/A | C15: =IF(VLOOKUP([1]Trésorerie!$A15,[1]Base!$A$2:$P$65536,2,FALSE)="","",VLOOKUP([1]Trésorerie!$A15,[1]Base!$A$2:$P$65536,3,FALSE)) -> #N/A | D15: =IF(VLOOKUP([1]Trésorerie!$A15,[1]Base!$A$2:$P$65536,2,FALSE)="","",VLOOKUP([1]Trésorerie!$A15,[1]Base!$A$2:$P$65536,8,FALSE)) -> #N/A | E15: =IF(VLOOKUP([1]Trésorerie!$A15,[1]Base!$A$2:$P$65536,2,FALSE)="","",VLOOKUP([1]Trésorerie!$A15,[1]Base!$A$2:$P$65536,14,FALSE)) -> #N/A | F15: =IF(VLOOKUP([1]Trésorerie!$A15,[1]Base!$A$2:$P$65536,2,FALSE)="","",VLOOKUP([1]Trésorerie!$A15,[1]Base!$A$2:$P$65536,5,FALSE)) -> #N/A | G15: =IF(VLOOKUP([1]Trésorerie!$A15,[1]Base!$A$2:$P$65536,2,FALSE)="","",VLOOKUP([1]Trésorerie!$A15,[1]Base!$A$2:$P$65536,15,FALSE)) -> #N/A | H15: =IF(VLOOKUP([1]Trésorerie!$A15,[1]Base!$A$2:$P$65536,2,FALSE)="","",VLOOKUP([1]Trésorerie!$A15,[1]Base!$A$2:$P$65536,16,FALSE)) -> #N/A | I15: =IF(ISNUMBER(OR(G15>0,H15>0)),I14+H15-G15,"") | K15: {=INDEX([1]Base!$A$2:$A$65536,SMALL(IF(MONTH([1]Base!$B$2:$B$65536)=2,ROW([1]Base!$A$2:$A$65536)-MIN(ROW([1]Base!$A$2:$A$65536))+1),ROWS([1]Base!$A$2:$A13)))} -> #NUM! | L15: =IF(ISNUMBER($K15),VLOOKUP([1]Trésorerie!$K15,[1]Base!$A$2:$P$65536,2,FALSE),"") | M15: =IF(ISNUMBER($K15),VLOOKUP([1]Trésorerie!$K15,[1]Base!$A$2:$P$65536,3,FALSE),"") | N15: =IF(ISNUMBER($K15),VLOOKUP([1]Trésorerie!$K15,[1]Base!$A$2:$P$65536,8,FALSE),"") | O15: =IF(ISNUMBER($K15),VLOOKUP([1]Trésorerie!$K15,[1]Base!$A$2:$P$65536,14,FALSE),"") | P15: =IF(ISNUMBER($K15),VLOOKUP([1]Trésorerie!$K15,[1]Base!$A$2:$P$65536,5,FALSE),"") | Q15: =IF(ISNUMBER($K15),VLOOKUP([1]Trésorerie!$K15,[1]Base!$A$2:$P$65536,15,FALSE),"") | R15: =IF(ISNUMBER($K15),VLOOKUP([1]Trésorerie!$K15,[1]Base!$A$2:$P$65536,16,FALSE),"") | S15: =IF(ISNUMBER(OR(Q15>0,R15>0)),S14+R15-Q15,"") | U15: {=INDEX([1]Base!$A$2:$A$65536,SMALL(IF(MONTH([1]Base!$B$2:$B$65536)=3,ROW([1]Base!$A$2:$A$65536)-MIN(ROW([1]Base!$A$2:$A$65536))+1),ROWS([1]Base!$A$2:$A13)))} -> #NUM! | V15: =IF(ISNUMBER($U15),VLOOKUP([1]Trésorerie!$U15,[1]Base!$A$2:$P$65536,2,FALSE),"") | W15: =IF(AND(ISNUMBER($U15),ISTEXT(VLOOKUP([1]Trésorerie!$U15,[1]Base!$A$2:$P$65536,3,FALSE))),VLOOKUP([1]Trésorerie!$U15,[1]Base!$A$2:$P$65536,3,FALSE)," ") | X15: =IF(AND(ISNUMBER($U15),ISTEXT(VLOOKUP([1]Trésorerie!$U15,[1]Base!$A$2:$P$65536,8,FALSE))),VLOOKUP([1]Trésorerie!$U15,[1]Base!$A$2:$P$65536,8,FALSE),"") | Y15: =IF(AND(ISNUMBER($U15),ISTEXT(VLOOKUP([1]Trésorerie!$U15,[1]Base!$A$2:$P$65536,14,FALSE))),VLOOKUP([1]Trésorerie!$U15,[1]Base!$A$2:$P$65536,14,FALSE),"") | Z15: =IF(AND(ISNUMBER($U15),ISTEXT(VLOOKUP([1]Trésorerie!$U15,[1]Base!$A$2:$P$65536,5,FALSE))),VLOOKUP([1]Trésorerie!$U15,[1]Base!$A$2:$P$65536,5,FALSE),"") | AA15: =IF(ISNUMBER($U15),VLOOKUP([1]Trésorerie!$U15,[1]Base!$A$2:$P$65536,15,FALSE),"") | AB15: =IF(ISNUMBER($U15),VLOOKUP([1]Trésorerie!$U15,[1]Base!$A$2:$P$65536,16,FALSE),"") | AC15: =IF(ISTEXT(AB15),"",AC14+AB15-AA15) | AE15: {=INDEX([1]Base!$A$2:$A$65536,SMALL(IF(MONTH([1]Base!$B$2:$B$65536)=4,ROW([1]Base!$A$2:$A$65536)-MIN(ROW([1]Base!$A$2:$A$65536))+1),ROWS([1]Base!$A$2:$A13)))} -> #NUM! | AF15: =IF(ISNUMBER($AE15),VLOOKUP([1]Trésorerie!$AE15,[1]Base!$A$2:$P$65536,2,FALSE),"") | AG15: =IF(AND(ISNUMBER($AE15),ISTEXT(VLOOKUP([1]Trésorerie!$AE15,[1]Base!$A$2:$P$65536,3,FALSE))),VLOOKUP([1]Trésorerie!$AE15,[1]Base!$A$2:$P$65536,3,FALSE),"") | AH15: =IF(AND(ISNUMBER($AE15),ISTEXT(VLOOKUP([1]Trésorerie!$AE15,[1]Base!$A$2:$P$65536,8,FALSE))),VLOOKUP([1]Trésorerie!$AE15,[1]Base!$A$2:$P$65536,8,FALSE),"") | AI15: =IF(AND(ISNUMBER($AE15),ISTEXT(VLOOKUP([1]Trésorerie!$AE15,[1]Base!$A$2:$P$65536,14,FALSE))),VLOOKUP([1]Trésorerie!$AE15,[1]Base!$A$2:$P$65536,14,FALSE),"") | AJ15: =IF(AND(ISNUMBER($AE15),ISTEXT(VLOOKUP([1]Trésorerie!$AE15,[1]Base!$A$2:$P$65536,5,FALSE))),VLOOKUP([1]Trésorerie!$AE15,[1]Base!$A$2:$P$65536,5,FALSE),"") | AK15: =IF(ISNUMBER($AE15),VLOOKUP([1]Trésorerie!$AE15,[1]Base!$A$2:$P$65536,15,FALSE),"") | AL15: =IF(ISNUMBER($AE15),VLOOKUP([1]Trésorerie!$AE15,[1]Base!$A$2:$P$65536,16,FALSE),"") | AM15: =IF(ISTEXT(AL15),"",AM14+AL15-AK15) | AO15: {=INDEX([1]Base!$A$2:$A$65536,SMALL(IF(MONTH([1]Base!$B$2:$B$65536)=5,ROW([1]Base!$A$2:$A$65536)-MIN(ROW([1]Base!$A$2:$A$65536))+1),ROWS([1]Base!$A$2:$A13)))} -> #NUM! | AP15: =IF(ISNUMBER(AO15),VLOOKUP([1]Trésorerie!AO15,[1]Base!$A$2:$P$65536,2,FALSE),"") | AQ15: =IF(AND(ISNUMBER($AO15),ISTEXT(VLOOKUP([1]Trésorerie!$AO15,[1]Base!$A$2:$P$65536,3,FALSE))),VLOOKUP([1]Trésorerie!AO15,[1]Base!$A$2:$P$65536,3,FALSE),"") | AR15: =IF(AND(ISNUMBER($AO15),ISTEXT(VLOOKUP([1]Trésorerie!$AO15,[1]Base!$A$2:$P$65536,8,FALSE))),VLOOKUP([1]Trésorerie!AO15,[1]Base!$A$2:$P$65536,8,FALSE),"") | AS15: =IF(AND(ISNUMBER($AO15),ISTEXT(VLOOKUP([1]Trésorerie!$AO15,[1]Base!$A$2:$P$65536,14,FALSE))),VLOOKUP([1]Trésorerie!AO15,[1]Base!$A$2:$P$65536,14,FALSE),"") | AT15: =IF(AND(ISNUMBER($AO15),ISTEXT(VLOOKUP([1]Trésorerie!$AO15,[1]Base!$A$2:$P$65536,5,FALSE))),VLOOKUP([1]Trésorerie!AO15,[1]Base!$A$2:$P$65536,5,FALSE),"") | AU15: =IF(ISNUMBER(AO15),VLOOKUP([1]Trésorerie!AO15,[1]Base!$A$2:$P$65536,15,FALSE),"") | AV15: =IF(ISNUMBER(AO15),VLOOKUP([1]Trésorerie!AO15,[1]Base!$A$2:$P$65536,16,FALSE),"") | AW15: =IF(ISTEXT(AV15),"",AW14+AV15-AU15)
A16: {=INDEX([1]Base!$A$2:$A$65536,SMALL(IF(MONTH([1]Base!$B$2:$B$65536)=1,ROW([1]Base!$A$2:$A$65536)-MIN(ROW([1]Base!$A$2:$A$65536))+1),ROWS([1]Base!$A$2:$A15)))} -> 0 | B16: =IF(VLOOKUP([1]Trésorerie!$A16,[1]Base!$A$2:$P$65536,2,FALSE)="","",VLOOKUP([1]Trésorerie!$A16,[1]Base!$A$2:$P$65536,2,FALSE)) -> #N/A | C16: =IF(VLOOKUP([1]Trésorerie!$A16,[1]Base!$A$2:$P$65536,2,FALSE)="","",VLOOKUP([1]Trésorerie!$A16,[1]Base!$A$2:$P$65536,3,FALSE)) -> #N/A | D16: =IF(VLOOKUP([1]Trésorerie!$A16,[1]Base!$A$2:$P$65536,2,FALSE)="","",VLOOKUP([1]Trésorerie!$A16,[1]Base!$A$2:$P$65536,8,FALSE)) -> #N/A | E16: =IF(VLOOKUP([1]Trésorerie!$A16,[1]Base!$A$2:$P$65536,2,FALSE)="","",VLOOKUP([1]Trésorerie!$A16,[1]Base!$A$2:$P$65536,14,FALSE)) -> #N/A | F16: =IF(VLOOKUP([1]Trésorerie!$A16,[1]Base!$A$2:$P$65536,2,FALSE)="","",VLOOKUP([1]Trésorerie!$A16,[1]Base!$A$2:$P$65536,5,FALSE)) -> #N/A | G16: =IF(VLOOKUP([1]Trésorerie!$A16,[1]Base!$A$2:$P$65536,2,FALSE)="","",VLOOKUP([1]Trésorerie!$A16,[1]Base!$A$2:$P$65536,15,FALSE)) -> #N/A | H16: =IF(VLOOKUP([1]Trésorerie!$A16,[1]Base!$A$2:$P$65536,2,FALSE)="","",VLOOKUP([1]Trésorerie!$A16,[1]Base!$A$2:$P$65536,16,FALSE)) -> #N/A | I16: =IF(ISNUMBER(OR(G16>0,H16>0)),I15+H16-G16,"") | K16: {=INDEX([1]Base!$A$2:$A$65536,SMALL(IF(MONTH([1]Base!$B$2:$B$65536)=2,ROW([1]Base!$A$2:$A$65536)-MIN(ROW([1]Base!$A$2:$A$65536))+1),ROWS([1]Base!$A$2:$A14)))} -> #NUM! | L16: =IF(ISNUMBER($K16),VLOOKUP([1]Trésorerie!$K16,[1]Base!$A$2:$P$65536,2,FALSE),"") | M16: =IF(ISNUMBER($K16),VLOOKUP([1]Trésorerie!$K16,[1]Base!$A$2:$P$65536,3,FALSE),"") | N16: =IF(ISNUMBER($K16),VLOOKUP([1]Trésorerie!$K16,[1]Base!$A$2:$P$65536,8,FALSE),"") | O16: =IF(ISNUMBER($K16),VLOOKUP([1]Trésorerie!$K16,[1]Base!$A$2:$P$65536,14,FALSE),"") | P16: =IF(ISNUMBER($K16),VLOOKUP([1]Trésorerie!$K16,[1]Base!$A$2:$P$65536,5,FALSE),"") | Q16: =IF(ISNUMBER($K16),VLOOKUP([1]Trésorerie!$K16,[1]Base!$A$2:$P$65536,15,FALSE),"") | R16: =IF(ISNUMBER($K16),VLOOKUP([1]Trésorerie!$K16,[1]Base!$A$2:$P$65536,16,FALSE),"") | S16: =IF(ISNUMBER(OR(Q16>0,R16>0)),S15+R16-Q16,"") | U16: {=INDEX([1]Base!$A$2:$A$65536,SMALL(IF(MONTH([1]Base!$B$2:$B$65536)=3,ROW([1]Base!$A$2:$A$65536)-MIN(ROW([1]Base!$A$2:$A$65536))+1),ROWS([1]Base!$A$2:$A14)))} -> #NUM! | V16: =IF(ISNUMBER($U16),VLOOKUP([1]Trésorerie!$U16,[1]Base!$A$2:$P$65536,2,FALSE),"") | W16: =IF(AND(ISNUMBER($U16),ISTEXT(VLOOKUP([1]Trésorerie!$U16,[1]Base!$A$2:$P$65536,3,FALSE))),VLOOKUP([1]Trésorerie!$U16,[1]Base!$A$2:$P$65536,3,FALSE)," ") | X16: =IF(AND(ISNUMBER($U16),ISTEXT(VLOOKUP([1]Trésorerie!$U16,[1]Base!$A$2:$P$65536,8,FALSE))),VLOOKUP([1]Trésorerie!$U16,[1]Base!$A$2:$P$65536,8,FALSE),"") | Y16: =IF(AND(ISNUMBER($U16),ISTEXT(VLOOKUP([1]Trésorerie!$U16,[1]Base!$A$2:$P$65536,14,FALSE))),VLOOKUP([1]Trésorerie!$U16,[1]Base!$A$2:$P$65536,14,FALSE),"") | Z16: =IF(AND(ISNUMBER($U16),ISTEXT(VLOOKUP([1]Trésorerie!$U16,[1]Base!$A$2:$P$65536,5,FALSE))),VLOOKUP([1]Trésorerie!$U16,[1]Base!$A$2:$P$65536,5,FALSE),"") | AA16: =IF(ISNUMBER($U16),VLOOKUP([1]Trésorerie!$U16,[1]Base!$A$2:$P$65536,15,FALSE),"") | AB16: =IF(ISNUMBER($U16),VLOOKUP([1]Trésorerie!$U16,[1]Base!$A$2:$P$65536,16,FALSE),"") | AC16: =IF(ISTEXT(AB16),"",AC15+AB16-AA16) | AE16: {=INDEX([1]Base!$A$2:$A$65536,SMALL(IF(MONTH([1]Base!$B$2:$B$65536)=4,ROW([1]Base!$A$2:$A$65536)-MIN(ROW([1]Base!$A$2:$A$65536))+1),ROWS([1]Base!$A$2:$A14)))} -> #NUM! | AF16: =IF(ISNUMBER($AE16),VLOOKUP([1]Trésorerie!$AE16,[1]Base!$A$2:$P$65536,2,FALSE),"") | AG16: =IF(AND(ISNUMBER($AE16),ISTEXT(VLOOKUP([1]Trésorerie!$AE16,[1]Base!$A$2:$P$65536,3,FALSE))),VLOOKUP([1]Trésorerie!$AE16,[1]Base!$A$2:$P$65536,3,FALSE),"") | AH16: =IF(AND(ISNUMBER($AE16),ISTEXT(VLOOKUP([1]Trésorerie!$AE16,[1]Base!$A$2:$P$65536,8,FALSE))),VLOOKUP([1]Trésorerie!$AE16,[1]Base!$A$2:$P$65536,8,FALSE),"") | AI16: =IF(AND(ISNUMBER($AE16),ISTEXT(VLOOKUP([1]Trésorerie!$AE16,[1]Base!$A$2:$P$65536,14,FALSE))),VLOOKUP([1]Trésorerie!$AE16,[1]Base!$A$2:$P$65536,14,FALSE),"") | AJ16: =IF(AND(ISNUMBER($AE16),ISTEXT(VLOOKUP([1]Trésorerie!$AE16,[1]Base!$A$2:$P$65536,5,FALSE))),VLOOKUP([1]Trésorerie!$AE16,[1]Base!$A$2:$P$65536,5,FALSE),"") | AK16: =IF(ISNUMBER($AE16),VLOOKUP([1]Trésorerie!$AE16,[1]Base!$A$2:$P$65536,15,FALSE),"") | AL16: =IF(ISNUMBER($AE16),VLOOKUP([1]Trésorerie!$AE16,[1]Base!$A$2:$P$65536,16,FALSE),"") | AM16: =IF(ISTEXT(AL16),"",AM15+AL16-AK16) | AO16: {=INDEX([1]Base!$A$2:$A$65536,SMALL(IF(MONTH([1]Base!$B$2:$B$65536)=5,ROW([1]Base!$A$2:$A$65536)-MIN(ROW([1]Base!$A$2:$A$65536))+1),ROWS([1]Base!$A$2:$A14)))} -> #NUM! | AP16: =IF(ISNUMBER(AO16),VLOOKUP([1]Trésorerie!AO16,[1]Base!$A$2:$P$65536,2,FALSE),"") | AQ16: =IF(AND(ISNUMBER($AO16),ISTEXT(VLOOKUP([1]Trésorerie!$AO16,[1]Base!$A$2:$P$65536,3,FALSE))),VLOOKUP([1]Trésorerie!AO16,[1]Base!$A$2:$P$65536,3,FALSE),"") | AR16: =IF(AND(ISNUMBER($AO16),ISTEXT(VLOOKUP([1]Trésorerie!$AO16,[1]Base!$A$2:$P$65536,8,FALSE))),VLOOKUP([1]Trésorerie!AO16,[1]Base!$A$2:$P$65536,8,FALSE),"") | AS16: =IF(AND(ISNUMBER($AO16),ISTEXT(VLOOKUP([1]Trésorerie!$AO16,[1]Base!$A$2:$P$65536,14,FALSE))),VLOOKUP([1]Trésorerie!AO16,[1]Base!$A$2:$P$65536,14,FALSE),"") | AT16: =IF(AND(ISNUMBER($AO16),ISTEXT(VLOOKUP([1]Trésorerie!$AO16,[1]Base!$A$2:$P$65536,5,FALSE))),VLOOKUP([1]Trésorerie!AO16,[1]Base!$A$2:$P$65536,5,FALSE),"") | AU16: =IF(ISNUMBER(AO16),VLOOKUP([1]Trésorerie!AO16,[1]Base!$A$2:$P$65536,15,FALSE),"") | AV16: =IF(ISNUMBER(AO16),VLOOKUP([1]Trésorerie!AO16,[1]Base!$A$2:$P$65536,16,FALSE),"") | AW16: =IF(ISTEXT(AV16),"",AW15+AV16-AU16)
A17: {=INDEX([1]Base!$A$2:$A$65536,SMALL(IF(MONTH([1]Base!$B$2:$B$65536)=1,ROW([1]Base!$A$2:$A$65536)-MIN(ROW([1]Base!$A$2:$A$65536))+1),ROWS([1]Base!$A$2:$A16)))} -> 0 | B17: =IF(VLOOKUP([1]Trésorerie!$A17,[1]Base!$A$2:$P$65536,2,FALSE)="","",VLOOKUP([1]Trésorerie!$A17,[1]Base!$A$2:$P$65536,2,FALSE)) -> #N/A | C17: =IF(VLOOKUP([1]Trésorerie!$A17,[1]Base!$A$2:$P$65536,2,FALSE)="","",VLOOKUP([1]Trésorerie!$A17,[1]Base!$A$2:$P$65536,3,FALSE)) -> #N/A | D17: =IF(VLOOKUP([1]Trésorerie!$A17,[1]Base!$A$2:$P$65536,2,FALSE)="","",VLOOKUP([1]Trésorerie!$A17,[1]Base!$A$2:$P$65536,8,FALSE)) -> #N/A | E17: =IF(VLOOKUP([1]Trésorerie!$A17,[1]Base!$A$2:$P$65536,2,FALSE)="","",VLOOKUP([1]Trésorerie!$A17,[1]Base!$A$2:$P$65536,14,FALSE)) -> #N/A | F17: =IF(VLOOKUP([1]Trésorerie!$A17,[1]Base!$A$2:$P$65536,2,FALSE)="","",VLOOKUP([1]Trésorerie!$A17,[1]Base!$A$2:$P$65536,5,FALSE)) -> #N/A | G17: =IF(VLOOKUP([1]Trésorerie!$A17,[1]Base!$A$2:$P$65536,2,FALSE)="","",VLOOKUP([1]Trésorerie!$A17,[1]Base!$A$2:$P$65536,15,FALSE)) -> #N/A | H17: =IF(VLOOKUP([1]Trésorerie!$A17,[1]Base!$A$2:$P$65536,2,FALSE)="","",VLOOKUP([1]Trésorerie!$A17,[1]Base!$A$2:$P$65536,16,FALSE)) -> #N/A | I17: =IF(ISNUMBER(OR(G17>0,H17>0)),I16+H17-G17,"") | K17: {=INDEX([1]Base!$A$2:$A$65536,SMALL(IF(MONTH([1]Base!$B$2:$B$65536)=2,ROW([1]Base!$A$2:$A$65536)-MIN(ROW([1]Base!$A$2:$A$65536))+1),ROWS([1]Base!$A$2:$A15)))} -> #NUM! | L17: =IF(ISNUMBER($K17),VLOOKUP([1]Trésorerie!$K17,[1]Base!$A$2:$P$65536,2,FALSE),"") | M17: =IF(ISNUMBER($K17),VLOOKUP([1]Trésorerie!$K17,[1]Base!$A$2:$P$65536,3,FALSE),"") | N17: =IF(ISNUMBER($K17),VLOOKUP([1]Trésorerie!$K17,[1]Base!$A$2:$P$65536,8,FALSE),"") | O17: =IF(ISNUMBER($K17),VLOOKUP([1]Trésorerie!$K17,[1]Base!$A$2:$P$65536,14,FALSE),"") | P17: =IF(ISNUMBER($K17),VLOOKUP([1]Trésorerie!$K17,[1]Base!$A$2:$P$65536,5,FALSE),"") | Q17: =IF(ISNUMBER($K17),VLOOKUP([1]Trésorerie!$K17,[1]Base!$A$2:$P$65536,15,FALSE),"") | R17: =IF(ISNUMBER($K17),VLOOKUP([1]Trésorerie!$K17,[1]Base!$A$2:$P$65536,16,FALSE),"") | S17: =IF(ISNUMBER(OR(Q17>0,R17>0)),S16+R17-Q17,"") | U17: {=INDEX([1]Base!$A$2:$A$65536,SMALL(IF(MONTH([1]Base!$B$2:$B$65536)=3,ROW([1]Base!$A$2:$A$65536)-MIN(ROW([1]Base!$A$2:$A$65536))+1),ROWS([1]Base!$A$2:$A15)))} -> #NUM! | V17: =IF(ISNUMBER($U17),VLOOKUP([1]Trésorerie!$U17,[1]Base!$A$2:$P$65536,2,FALSE),"") | W17: =IF(AND(ISNUMBER($U17),ISTEXT(VLOOKUP([1]Trésorerie!$U17,[1]Base!$A$2:$P$65536,3,FALSE))),VLOOKUP([1]Trésorerie!$U17,[1]Base!$A$2:$P$65536,3,FALSE)," ") | X17: =IF(AND(ISNUMBER($U17),ISTEXT(VLOOKUP([1]Trésorerie!$U17,[1]Base!$A$2:$P$65536,8,FALSE))),VLOOKUP([1]Trésorerie!$U17,[1]Base!$A$2:$P$65536,8,FALSE),"") | Y17: =IF(AND(ISNUMBER($U17),ISTEXT(VLOOKUP([1]Trésorerie!$U17,[1]Base!$A$2:$P$65536,14,FALSE))),VLOOKUP([1]Trésorerie!$U17,[1]Base!$A$2:$P$65536,14,FALSE),"") | Z17: =IF(AND(ISNUMBER($U17),ISTEXT(VLOOKUP([1]Trésorerie!$U17,[1]Base!$A$2:$P$65536,5,FALSE))),VLOOKUP([1]Trésorerie!$U17,[1]Base!$A$2:$P$65536,5,FALSE),"") | AA17: =IF(ISNUMBER($U17),VLOOKUP([1]Trésorerie!$U17,[1]Base!$A$2:$P$65536,15,FALSE),"") | AB17: =IF(ISNUMBER($U17),VLOOKUP([1]Trésorerie!$U17,[1]Base!$A$2:$P$65536,16,FALSE),"") | AC17: =IF(ISTEXT(AB17),"",AC16+AB17-AA17) | AE17: {=INDEX([1]Base!$A$2:$A$65536,SMALL(IF(MONTH([1]Base!$B$2:$B$65536)=4,ROW([1]Base!$A$2:$A$65536)-MIN(ROW([1]Base!$A$2:$A$65536))+1),ROWS([1]Base!$A$2:$A15)))} -> #NUM! | AF17: =IF(ISNUMBER($AE17),VLOOKUP([1]Trésorerie!$AE17,[1]Base!$A$2:$P$65536,2,FALSE),"") | AG17: =IF(AND(ISNUMBER($AE17),ISTEXT(VLOOKUP([1]Trésorerie!$AE17,[1]Base!$A$2:$P$65536,3,FALSE))),VLOOKUP([1]Trésorerie!$AE17,[1]Base!$A$2:$P$65536,3,FALSE),"") | AH17: =IF(AND(ISNUMBER($AE17),ISTEXT(VLOOKUP([1]Trésorerie!$AE17,[1]Base!$A$2:$P$65536,8,FALSE))),VLOOKUP([1]Trésorerie!$AE17,[1]Base!$A$2:$P$65536,8,FALSE),"") | AI17: =IF(AND(ISNUMBER($AE17),ISTEXT(VLOOKUP([1]Trésorerie!$AE17,[1]Base!$A$2:$P$65536,14,FALSE))),VLOOKUP([1]Trésorerie!$AE17,[1]Base!$A$2:$P$65536,14,FALSE),"") | AJ17: =IF(AND(ISNUMBER($AE17),ISTEXT(VLOOKUP([1]Trésorerie!$AE17,[1]Base!$A$2:$P$65536,5,FALSE))),VLOOKUP([1]Trésorerie!$AE17,[1]Base!$A$2:$P$65536,5,FALSE),"") | AK17: =IF(ISNUMBER($AE17),VLOOKUP([1]Trésorerie!$AE17,[1]Base!$A$2:$P$65536,15,FALSE),"") | AL17: =IF(ISNUMBER($AE17),VLOOKUP([1]Trésorerie!$AE17,[1]Base!$A$2:$P$65536,16,FALSE),"") | AM17: =IF(ISTEXT(AL17),"",AM16+AL17-AK17) | AO17: {=INDEX([1]Base!$A$2:$A$65536,SMALL(IF(MONTH([1]Base!$B$2:$B$65536)=5,ROW([1]Base!$A$2:$A$65536)-MIN(ROW([1]Base!$A$2:$A$65536))+1),ROWS([1]Base!$A$2:$A15)))} -> #NUM! | AP17: =IF(ISNUMBER(AO17),VLOOKUP([1]Trésorerie!AO17,[1]Base!$A$2:$P$65536,2,FALSE),"") | AQ17: =IF(AND(ISNUMBER($AO17),ISTEXT(VLOOKUP([1]Trésorerie!$AO17,[1]Base!$A$2:$P$65536,3,FALSE))),VLOOKUP([1]Trésorerie!AO17,[1]Base!$A$2:$P$65536,3,FALSE),"") | AR17: =IF(AND(ISNUMBER($AO17),ISTEXT(VLOOKUP([1]Trésorerie!$AO17,[1]Base!$A$2:$P$65536,8,FALSE))),VLOOKUP([1]Trésorerie!AO17,[1]Base!$A$2:$P$65536,8,FALSE),"") | AS17: =IF(AND(ISNUMBER($AO17),ISTEXT(VLOOKUP([1]Trésorerie!$AO17,[1]Base!$A$2:$P$65536,14,FALSE))),VLOOKUP([1]Trésorerie!AO17,[1]Base!$A$2:$P$65536,14,FALSE),"") | AT17: =IF(AND(ISNUMBER($AO17),ISTEXT(VLOOKUP([1]Trésorerie!$AO17,[1]Base!$A$2:$P$65536,5,FALSE))),VLOOKUP([1]Trésorerie!AO17,[1]Base!$A$2:$P$65536,5,FALSE),"") | AU17: =IF(ISNUMBER(AO17),VLOOKUP([1]Trésorerie!AO17,[1]Base!$A$2:$P$65536,15,FALSE),"") | AV17: =IF(ISNUMBER(AO17),VLOOKUP([1]Trésorerie!AO17,[1]Base!$A$2:$P$65536,16,FALSE),"") | AW17: =IF(ISTEXT(AV17),"",AW16+AV17-AU17)
A18: {=INDEX([1]Base!$A$2:$A$65536,SMALL(IF(MONTH([1]Base!$B$2:$B$65536)=1,ROW([1]Base!$A$2:$A$65536)-MIN(ROW([1]Base!$A$2:$A$65536))+1),ROWS([1]Base!$A$2:$A17)))} -> 0 | B18: =IF(VLOOKUP([1]Trésorerie!$A18,[1]Base!$A$2:$P$65536,2,FALSE)="","",VLOOKUP([1]Trésorerie!$A18,[1]Base!$A$2:$P$65536,2,FALSE)) -> #N/A | C18: =IF(VLOOKUP([1]Trésorerie!$A18,[1]Base!$A$2:$P$65536,2,FALSE)="","",VLOOKUP([1]Trésorerie!$A18,[1]Base!$A$2:$P$65536,3,FALSE)) -> #N/A | D18: =IF(VLOOKUP([1]Trésorerie!$A18,[1]Base!$A$2:$P$65536,2,FALSE)="","",VLOOKUP([1]Trésorerie!$A18,[1]Base!$A$2:$P$65536,8,FALSE)) -> #N/A | E18: =IF(VLOOKUP([1]Trésorerie!$A18,[1]Base!$A$2:$P$65536,2,FALSE)="","",VLOOKUP([1]Trésorerie!$A18,[1]Base!$A$2:$P$65536,14,FALSE)) -> #N/A | F18: =IF(VLOOKUP([1]Trésorerie!$A18,[1]Base!$A$2:$P$65536,2,FALSE)="","",VLOOKUP([1]Trésorerie!$A18,[1]Base!$A$2:$P$65536,5,FALSE)) -> #N/A | G18: =IF(VLOOKUP([1]Trésorerie!$A18,[1]Base!$A$2:$P$65536,2,FALSE)="","",VLOOKUP([1]Trésorerie!$A18,[1]Base!$A$2:$P$65536,15,FALSE)) -> #N/A | H18: =IF(VLOOKUP([1]Trésorerie!$A18,[1]Base!$A$2:$P$65536,2,FALSE)="","",VLOOKUP([1]Trésorerie!$A18,[1]Base!$A$2:$P$65536,16,FALSE)) -> #N/A | I18: =IF(ISNUMBER(OR(G18>0,H18>0)),I17+H18-G18,"") | K18: {=INDEX([1]Base!$A$2:$A$65536,SMALL(IF(MONTH([1]Base!$B$2:$B$65536)=2,ROW([1]Base!$A$2:$A$65536)-MIN(ROW([1]Base!$A$2:$A$65536))+1),ROWS([1]Base!$A$2:$A16)))} -> #NUM! | L18: =IF(ISNUMBER($K18),VLOOKUP([1]Trésorerie!$K18,[1]Base!$A$2:$P$65536,2,FALSE),"") | M18: =IF(ISNUMBER($K18),VLOOKUP([1]Trésorerie!$K18,[1]Base!$A$2:$P$65536,3,FALSE),"") | N18: =IF(ISNUMBER($K18),VLOOKUP([1]Trésorerie!$K18,[1]Base!$A$2:$P$65536,8,FALSE),"") | O18: =IF(ISNUMBER($K18),VLOOKUP([1]Trésorerie!$K18,[1]Base!$A$2:$P$65536,14,FALSE),"") | P18: =IF(ISNUMBER($K18),VLOOKUP([1]Trésorerie!$K18,[1]Base!$A$2:$P$65536,5,FALSE),"") | Q18: =IF(ISNUMBER($K18),VLOOKUP([1]Trésorerie!$K18,[1]Base!$A$2:$P$65536,15,FALSE),"") | R18: =IF(ISNUMBER($K18),VLOOKUP([1]Trésorerie!$K18,[1]Base!$A$2:$P$65536,16,FALSE),"") | S18: =IF(ISNUMBER(OR(Q18>0,R18>0)),S17+R18-Q18,"") | U18: {=INDEX([1]Base!$A$2:$A$65536,SMALL(IF(MONTH([1]Base!$B$2:$B$65536)=3,ROW([1]Base!$A$2:$A$65536)-MIN(ROW([1]Base!$A$2:$A$65536))+1),ROWS([1]Base!$A$2:$A16)))} -> #NUM! | V18: =IF(ISNUMBER($U18),VLOOKUP([1]Trésorerie!$U18,[1]Base!$A$2:$P$65536,2,FALSE),"") | W18: =IF(AND(ISNUMBER($U18),ISTEXT(VLOOKUP([1]Trésorerie!$U18,[1]Base!$A$2:$P$65536,3,FALSE))),VLOOKUP([1]Trésorerie!$U18,[1]Base!$A$2:$P$65536,3,FALSE)," ") | X18: =IF(AND(ISNUMBER($U18),ISTEXT(VLOOKUP([1]Trésorerie!$U18,[1]Base!$A$2:$P$65536,8,FALSE))),VLOOKUP([1]Trésorerie!$U18,[1]Base!$A$2:$P$65536,8,FALSE),"") | Y18: =IF(AND(ISNUMBER($U18),ISTEXT(VLOOKUP([1]Trésorerie!$U18,[1]Base!$A$2:$P$65536,14,FALSE))),VLOOKUP([1]Trésorerie!$U18,[1]Base!$A$2:$P$65536,14,FALSE),"") | Z18: =IF(AND(ISNUMBER($U18),ISTEXT(VLOOKUP([1]Trésorerie!$U18,[1]Base!$A$2:$P$65536,5,FALSE))),VLOOKUP([1]Trésorerie!$U18,[1]Base!$A$2:$P$65536,5,FALSE),"") | AA18: =IF(ISNUMBER($U18),VLOOKUP([1]Trésorerie!$U18,[1]Base!$A$2:$P$65536,15,FALSE),"") | AB18: =IF(ISNUMBER($U18),VLOOKUP([1]Trésorerie!$U18,[1]Base!$A$2:$P$65536,16,FALSE),"") | AC18: =IF(ISTEXT(AB18),"",AC17+AB18-AA18) | AE18: {=INDEX([1]Base!$A$2:$A$65536,SMALL(IF(MONTH([1]Base!$B$2:$B$65536)=4,ROW([1]Base!$A$2:$A$65536)-MIN(ROW([1]Base!$A$2:$A$65536))+1),ROWS([1]Base!$A$2:$A16)))} -> #NUM! | AF18: =IF(ISNUMBER($AE18),VLOOKUP([1]Trésorerie!$AE18,[1]Base!$A$2:$P$65536,2,FALSE),"") | AG18: =IF(AND(ISNUMBER($AE18),ISTEXT(VLOOKUP([1]Trésorerie!$AE18,[1]Base!$A$2:$P$65536,3,FALSE))),VLOOKUP([1]Trésorerie!$AE18,[1]Base!$A$2:$P$65536,3,FALSE),"") | AH18: =IF(AND(ISNUMBER($AE18),ISTEXT(VLOOKUP([1]Trésorerie!$AE18,[1]Base!$A$2:$P$65536,8,FALSE))),VLOOKUP([1]Trésorerie!$AE18,[1]Base!$A$2:$P$65536,8,FALSE),"") | AI18: =IF(AND(ISNUMBER($AE18),ISTEXT(VLOOKUP([1]Trésorerie!$AE18,[1]Base!$A$2:$P$65536,14,FALSE))),VLOOKUP([1]Trésorerie!$AE18,[1]Base!$A$2:$P$65536,14,FALSE),"") | AJ18: =IF(AND(ISNUMBER($AE18),ISTEXT(VLOOKUP([1]Trésorerie!$AE18,[1]Base!$A$2:$P$65536,5,FALSE))),VLOOKUP([1]Trésorerie!$AE18,[1]Base!$A$2:$P$65536,5,FALSE),"") | AK18: =IF(ISNUMBER($AE18),VLOOKUP([1]Trésorerie!$AE18,[1]Base!$A$2:$P$65536,15,FALSE),"") | AL18: =IF(ISNUMBER($AE18),VLOOKUP([1]Trésorerie!$AE18,[1]Base!$A$2:$P$65536,16,FALSE),"") | AM18: =IF(ISTEXT(AL18),"",AM17+AL18-AK18) | AO18: {=INDEX([1]Base!$A$2:$A$65536,SMALL(IF(MONTH([1]Base!$B$2:$B$65536)=5,ROW([1]Base!$A$2:$A$65536)-MIN(ROW([1]Base!$A$2:$A$65536))+1),ROWS([1]Base!$A$2:$A16)))} -> #NUM! | AP18: =IF(ISNUMBER(AO18),VLOOKUP([1]Trésorerie!AO18,[1]Base!$A$2:$P$65536,2,FALSE),"") | AQ18: =IF(AND(ISNUMBER($AO18),ISTEXT(VLOOKUP([1]Trésorerie!$AO18,[1]Base!$A$2:$P$65536,3,FALSE))),VLOOKUP([1]Trésorerie!AO18,[1]Base!$A$2:$P$65536,3,FALSE),"") | AR18: =IF(AND(ISNUMBER($AO18),ISTEXT(VLOOKUP([1]Trésorerie!$AO18,[1]Base!$A$2:$P$65536,8,FALSE))),VLOOKUP([1]Trésorerie!AO18,[1]Base!$A$2:$P$65536,8,FALSE),"") | AS18: =IF(AND(ISNUMBER($AO18),ISTEXT(VLOOKUP([1]Trésorerie!$AO18,[1]Base!$A$2:$P$65536,14,FALSE))),VLOOKUP([1]Trésorerie!AO18,[1]Base!$A$2:$P$65536,14,FALSE),"") | AT18: =IF(AND(ISNUMBER($AO18),ISTEXT(VLOOKUP([1]Trésorerie!$AO18,[1]Base!$A$2:$P$65536,5,FALSE))),VLOOKUP([1]Trésorerie!AO18,[1]Base!$A$2:$P$65536,5,FALSE),"") | AU18: =IF(ISNUMBER(AO18),VLOOKUP([1]Trésorerie!AO18,[1]Base!$A$2:$P$65536,15,FALSE),"") | AV18: =IF(ISNUMBER(AO18),VLOOKUP([1]Trésorerie!AO18,[1]Base!$A$2:$P$65536,16,FALSE),"") | AW18: =IF(ISTEXT(AV18),"",AW17+AV18-AU18)
... A34: {=INDEX([1]Base!$A$2:$A$65536,SMALL(IF(MONTH([1]Base!$B$2:$B$65536)=1,ROW([1]Base!$A$2:$A$65536)-MIN(ROW([1]Base!$A$2:$A$65536))+1),ROWS([1]Base!$A$2:$A33)))} -> 0 | B34: =IF(VLOOKUP([1]Trésorerie!$A34,[1]Base!$A$2:$P$65536,2,FALSE)="","",VLOOKUP([1]Trésorerie!$A34,[1]Base!$A$2:$P$65536,2,FALSE)) -> #N/A | C34: =IF(VLOOKUP([1]Trésorerie!$A34,[1]Base!$A$2:$P$65536,2,FALSE)="","",VLOOKUP([1]Trésorerie!$A34,[1]Base!$A$2:$P$65536,3,FALSE)) -> #N/A | D34: =IF(VLOOKUP([1]Trésorerie!$A34,[1]Base!$A$2:$P$65536,2,FALSE)="","",VLOOKUP([1]Trésorerie!$A34,[1]Base!$A$2:$P$65536,8,FALSE)) -> #N/A | E34: =IF(VLOOKUP([1]Trésorerie!$A34,[1]Base!$A$2:$P$65536,2,FALSE)="","",VLOOKUP([1]Trésorerie!$A34,[1]Base!$A$2:$P$65536,14,FALSE)) -> #N/A | F34: =IF(VLOOKUP([1]Trésorerie!$A34,[1]Base!$A$2:$P$65536,2,FALSE)="","",VLOOKUP([1]Trésorerie!$A34,[1]Base!$A$2:$P$65536,5,FALSE)) -> #N/A | G34: =IF(VLOOKUP([1]Trésorerie!$A34,[1]Base!$A$2:$P$65536,2,FALSE)="","",VLOOKUP([1]Trésorerie!$A34,[1]Base!$A$2:$P$65536,15,FALSE)) -> #N/A | H34: =IF(VLOOKUP([1]Trésorerie!$A34,[1]Base!$A$2:$P$65536,2,FALSE)="","",VLOOKUP([1]Trésorerie!$A34,[1]Base!$A$2:$P$65536,16,FALSE)) -> #N/A | I34: =IF(ISNUMBER(OR(G34>0,H34>0)),I33+H34-G34,"") | K34: {=INDEX([1]Base!$A$2:$A$65536,SMALL(IF(MONTH([1]Base!$B$2:$B$65536)=2,ROW([1]Base!$A$2:$A$65536)-MIN(ROW([1]Base!$A$2:$A$65536))+1),ROWS([1]Base!$A$2:$A32)))} -> #NUM! | L34: =IF(ISNUMBER($K34),VLOOKUP([1]Trésorerie!$K34,[1]Base!$A$2:$P$65536,2,FALSE),"") | M34: =IF(ISNUMBER($K34),VLOOKUP([1]Trésorerie!$K34,[1]Base!$A$2:$P$65536,3,FALSE),"") | N34: =IF(ISNUMBER($K34),VLOOKUP([1]Trésorerie!$K34,[1]Base!$A$2:$P$65536,8,FALSE),"") | O34: =IF(ISNUMBER($K34),VLOOKUP([1]Trésorerie!$K34,[1]Base!$A$2:$P$65536,14,FALSE),"") | P34: =IF(ISNUMBER($K34),VLOOKUP([1]Trésorerie!$K34,[1]Base!$A$2:$P$65536,5,FALSE),"") | Q34: =IF(ISNUMBER($K34),VLOOKUP([1]Trésorerie!$K34,[1]Base!$A$2:$P$65536,15,FALSE),"") | R34: =IF(ISNUMBER($K34),VLOOKUP([1]Trésorerie!$K34,[1]Base!$A$2:$P$65536,16,FALSE),"") | S34: =IF(ISNUMBER(OR(Q34>0,R34>0)),S33+R34-Q34,"") | U34: {=INDEX([1]Base!$A$2:$A$65536,SMALL(IF(MONTH([1]Base!$B$2:$B$65536)=3,ROW([1]Base!$A$2:$A$65536)-MIN(ROW([1]Base!$A$2:$A$65536))+1),ROWS([1]Base!$A$2:$A32)))} -> #NUM! | V34: =IF(ISNUMBER($U34),VLOOKUP([1]Trésorerie!$U34,[1]Base!$A$2:$P$65536,2,FALSE),"") | W34: =IF(AND(ISNUMBER($U34),ISTEXT(VLOOKUP([1]Trésorerie!$U34,[1]Base!$A$2:$P$65536,3,FALSE))),VLOOKUP([1]Trésorerie!$U34,[1]Base!$A$2:$P$65536,3,FALSE)," ") | X34: =IF(AND(ISNUMBER($U34),ISTEXT(VLOOKUP([1]Trésorerie!$U34,[1]Base!$A$2:$P$65536,8,FALSE))),VLOOKUP([1]Trésorerie!$U34,[1]Base!$A$2:$P$65536,8,FALSE),"") | Y34: =IF(AND(ISNUMBER($U34),ISTEXT(VLOOKUP([1]Trésorerie!$U34,[1]Base!$A$2:$P$65536,14,FALSE))),VLOOKUP([1]Trésorerie!$U34,[1]Base!$A$2:$P$65536,14,FALSE),"") | Z34: =IF(AND(ISNUMBER($U34),ISTEXT(VLOOKUP([1]Trésorerie!$U34,[1]Base!$A$2:$P$65536,5,FALSE))),VLOOKUP([1]Trésorerie!$U34,[1]Base!$A$2:$P$65536,5,FALSE),"") | AA34: =IF(ISNUMBER($U34),VLOOKUP([1]Trésorerie!$U34,[1]Base!$A$2:$P$65536,15,FALSE),"") | AB34: =IF(ISNUMBER($U34),VLOOKUP([1]Trésorerie!$U34,[1]Base!$A$2:$P$65536,16,FALSE),"") | AC34: =IF(ISTEXT(AB34),"",AC33+AB34-AA34) | AE34: {=INDEX([1]Base!$A$2:$A$65536,SMALL(IF(MONTH([1]Base!$B$2:$B$65536)=4,ROW([1]Base!$A$2:$A$65536)-MIN(ROW([1]Base!$A$2:$A$65536))+1),ROWS([1]Base!$A$2:$A32)))} -> #NUM! | AF34: =IF(ISNUMBER($AE34),VLOOKUP([1]Trésorerie!$AE34,[1]Base!$A$2:$P$65536,2,FALSE),"") | AG34: =IF(AND(ISNUMBER($AE34),ISTEXT(VLOOKUP([1]Trésorerie!$AE34,[1]Base!$A$2:$P$65536,3,FALSE))),VLOOKUP([1]Trésorerie!$AE34,[1]Base!$A$2:$P$65536,3,FALSE),"") | AH34: =IF(AND(ISNUMBER($AE34),ISTEXT(VLOOKUP([1]Trésorerie!$AE34,[1]Base!$A$2:$P$65536,8,FALSE))),VLOOKUP([1]Trésorerie!$AE34,[1]Base!$A$2:$P$65536,8,FALSE),"") | AI34: =IF(AND(ISNUMBER($AE34),ISTEXT(VLOOKUP([1]Trésorerie!$AE34,[1]Base!$A$2:$P$65536,14,FALSE))),VLOOKUP([1]Trésorerie!$AE34,[1]Base!$A$2:$P$65536,14,FALSE),"") | AJ34: =IF(AND(ISNUMBER($AE34),ISTEXT(VLOOKUP([1]Trésorerie!$AE34,[1]Base!$A$2:$P$65536,5,FALSE))),VLOOKUP([1]Trésorerie!$AE34,[1]Base!$A$2:$P$65536,5,FALSE),"") | AK34: =IF(ISNUMBER($AE34),VLOOKUP([1]Trésorerie!$AE34,[1]Base!$A$2:$P$65536,15,FALSE),"") | AL34: =IF(ISNUMBER($AE34),VLOOKUP([1]Trésorerie!$AE34,[1]Base!$A$2:$P$65536,16,FALSE),"") | AM34: =IF(ISTEXT(AL34),"",AM33+AL34-AK34) | AO34: {=INDEX([1]Base!$A$2:$A$65536,SMALL(IF(MONTH([1]Base!$B$2:$B$65536)=5,ROW([1]Base!$A$2:$A$65536)-MIN(ROW([1]Base!$A$2:$A$65536))+1),ROWS([1]Base!$A$2:$A32)))} -> #NUM! | AP34: =IF(ISNUMBER(AO34),VLOOKUP([1]Trésorerie!AO34,[1]Base!$A$2:$P$65536,2,FALSE),"") | AQ34: =IF(AND(ISNUMBER($AO34),ISTEXT(VLOOKUP([1]Trésorerie!$AO34,[1]Base!$A$2:$P$65536,3,FALSE))),VLOOKUP([1]Trésorerie!AO34,[1]Base!$A$2:$P$65536,3,FALSE),"") | AR34: =IF(AND(ISNUMBER($AO34),ISTEXT(VLOOKUP([1]Trésorerie!$AO34,[1]Base!$A$2:$P$65536,8,FALSE))),VLOOKUP([1]Trésorerie!AO34,[1]Base!$A$2:$P$65536,8,FALSE),"") | AS34: =IF(AND(ISNUMBER($AO34),ISTEXT(VLOOKUP([1]Trésorerie!$AO34,[1]Base!$A$2:$P$65536,14,FALSE))),VLOOKUP([1]Trésorerie!AO34,[1]Base!$A$2:$P$65536,14,FALSE),"") | AT34: =IF(AND(ISNUMBER($AO34),ISTEXT(VLOOKUP([1]Trésorerie!$AO34,[1]Base!$A$2:$P$65536,5,FALSE))),VLOOKUP([1]Trésorerie!AO34,[1]Base!$A$2:$P$65536,5,FALSE),"") | AU34: =IF(ISNUMBER(AO34),VLOOKUP([1]Trésorerie!AO34,[1]Base!$A$2:$P$65536,15,FALSE),"") | AV34: =IF(ISNUMBER(AO34),VLOOKUP([1]Trésorerie!AO34,[1]Base!$A$2:$P$65536,16,FALSE),"") | AW34: =IF(ISTEXT(AV34),"",AW33+AV34-AU34)
